Workbook
Name CLIENTES: OFFSET(CLIENTES!$B$1,0,0,COUNTA(CLIENTES!$B:$B),1)
Name DADOS_COMPOSICAO: CPU!$A:$M
Name DADOS_COTACAO: COT!$A:$L
Name DADOS_SETOP: SETOP!$A:$D
Name DADOS_SICRO: SICRO!$A:$D
Name DADOS_SINAPI: SINAPI!$A:$D
Name DADOS_SUDECAP: SUDECAP!$A:$D
Name logo_ABC: INDIRECT("CLIENTES!C"&DADOS!$E$4)
Name LOGOS: INDIRECT("CLIENTES!C"&DADOS!$E$4)

Sheet CAPA

Sheet CLIENTES
B1: PREFEITURA MUNICIPAL DE POUSO ALEGRE
B2: PREFEITURA MUNICIPAL DE CACHOEIRA DE MINAS
B3: PREFEITURA MUNICIPAL DE ITAJUBÁ
B4: PREFEITURA MUNICIPAL DE SANTA RITA DO SAPUCAÍ
B5: RYZA
B6: FAPEPE
B7: PREFEITURA MUNICIPAL DE DELFIM MOREIRA
B8: PREFEITURA MUNICIPAL DE PIRANGUINHO
B9: -

Sheet DADOS
B2: DATA | D2: =TODAY() -> 46170
B4: CLIENTE | E4: 1
B6: REVISÃO | D6: R03
B8: PROJETO | D8: REFORMA DO MURO DE FECHAMENTO DO CEMITÉRIO MUNICIPAL
B10: BDI TIPO 1 | D10: 0.2652
B12: BDI TIPO 2 | D12: -
B14: BANCOS DE DADOS | D14: SINAPI: 12/2025 Minas Gerais SETOP: 10/2025 Minas Gerais SICRO : 10/2025 Minas Gerais SUDECAP: 09/2025 Minas Gerais
B16: RESPONSÁVEL | D16: ALOISIO CAETANO FERREIRA
B18: CREA | D18: CREA - MG 97.132/D
B20: TIPO | D20: PROJETO EXECUTIVO

Sheet ORC
A3: 1000 | D3: A | E3: ADMINISTRAÇÃO DE OBRA | M3: =SUMIF(A:A,D3,M:M) -> 0 | N3: =SUMIF(A:A,D3,N:N) -> 0
D4: A.B | M4: =IFERROR(SUMIFS(M:M,A:A,LEFT(D4,SEARCH(".",D4)-1),B:B,RIGHT(D4,LEN(D4)-SEARCH(".",D4))),"") -> 0 | N4: =IFERROR(SUMIFS(N:N,A:A,LEFT(D4,SEARCH(".",D4)-1),B:B,RIGHT(D4,LEN(D4)-SEARCH(".",D4))),"") -> 0
D5: A.B.C | M5: =IFERROR(SUMIFS(M:M,A:A,LEFT(D5,SEARCH(".",D5)-1),B:B,LEFT(RIGHT(D5,LEN(D5)-SEARCH(".",D5)),SEARCH(".",RIGHT(D5,LEN(D5)-SEARCH(".",D5)))-1),C:C,RIGHT(D5,LEN(D5)-SEARCH(".",D5,SEARCH(".",D5)+1))),"") -> 0 | N5: =IFERROR(SUMIFS(N:N,A:A,LEFT(D5,SEARCH(".",D5)-1),B:B,LEFT(RIGHT(D5,LEN(D5)-SEARCH(".",D5)),SEARCH(".",RIGHT(D5,LEN(D5)-SEARCH(".",D5)))-1),C:C,RIGHT(D5,LEN(D5)-SEARCH(".",D5,SEARCH(".",D5)+1))),"") -> 0
A6: =IFERROR(LEFT(D6,SEARCH(".",D6)-1),"") -> a | B6: =IFERROR(LEFT(RIGHT(D6,LEN(D6)-SEARCH(".",D6)),SEARCH(".",RIGHT(D6,LEN(D6)-SEARCH(".",D6)))-1),"") -> a/a | C6: =IFERROR(IF(LEN(D6)-LEN(SUBSTITUTE(D6,".",""))<>3,"",MID(D6,SEARCH(".",D6,SEARCH(".",D6)+1)+1,LEN(D6)-SEARCH(".",D6,SEARCH(".",D6)+1)-(LEN(D6)-(SEARCH(".",D6,SEARCH(".",D6,SEARCH(".",D6)+1)+1)-1)))),"") | D6: a.a/a.a.a/a.a.a.a | E6: =IF($G6="SINAPI",VLOOKUP($F6,DADOS_SINAPI,2,0),IF(G6="SETOP",VLOOKUP($F6,DADOS_SETOP,2,0),IF(G6="CPU",VLOOKUP($F6,DADOS_COMPOSICAO,2,0),IF(G6="SICRO",VLOOKUP($F6,DADOS_SICRO,2,0),IF(G6="SUDECAP",VLOOKUP(F6,DADOS_SUDECAP,2,0),IF(G6="COTAÇÃO",VLOOKUP($F6,DADOS_COTACAO,2,0),"")))))) | H6: =IF(G6="SINAPI",VLOOKUP($F6,DADOS_SINAPI,3,0),IF(G6="SETOP",VLOOKUP($F6,DADOS_SETOP,3,0),IF(G6="CPU",VLOOKUP($F6,DADOS_COMPOSICAO,10,0),IF(G6="SICRO",VLOOKUP($F6,DADOS_SICRO,3,0),IF(G6="SUDECAP",VLOOKUP(F6,DADOS_SUDECAP,3,0),IF(G6="COTAÇÃO",VLOOKUP($F6,DADOS_COTACAO,9,0),"")))))) | J6: =ROUND(IF(G6="SINAPI",VLOOKUP($F6,DADOS_SINAPI,4,0),IF(G6="SETOP",VLOOKUP($F6,DADOS_SETOP,4,0),IF(G6="CPU",VLOOKUP($F6,DADOS_COMPOSICAO,13,0),IF(G6="SICRO",VLOOKUP($F6,DADOS_SICRO,4,0),IF(G6="SUDECAP",VLOOKUP(F6,DADOS_SUDECAP,4,0),IF(G6="COTAÇÃO",VLOOKUP(F6,DADOS_COTACAO,12,0),"")))))),2) -> #VALUE! | K6: BDI 1 | L6: =ROUND(J6*(1+$N$17),2) -> #VALUE! | M6: =IFERROR(ROUND(I6*J6,2),"") | N6: =IFERROR(ROUND(L6*I6,2),"")
A7: =IFERROR(LEFT(D7,SEARCH(".",D7)-1),"") -> a | B7: =IFERROR(LEFT(RIGHT(D7,LEN(D7)-SEARCH(".",D7)),SEARCH(".",RIGHT(D7,LEN(D7)-SEARCH(".",D7)))-1),"") -> a/a | C7: =IFERROR(IF(LEN(D7)-LEN(SUBSTITUTE(D7,".",""))<>3,"",MID(D7,SEARCH(".",D7,SEARCH(".",D7)+1)+1,LEN(D7)-SEARCH(".",D7,SEARCH(".",D7)+1)-(LEN(D7)-(SEARCH(".",D7,SEARCH(".",D7,SEARCH(".",D7)+1)+1)-1)))),"") | D7: a.a/a.a.a/a.a.a.a | E7: =VLOOKUP($F7,DADOS_COTACAO,2,0) -> #N/A | G7: COTAÇÃO | H7: =VLOOKUP($F7,DADOS_COTACAO,9,0) -> #N/A | J7: =ROUND(VLOOKUP($F7,DADOS_COTACAO,12,0),4) -> #N/A | K7: BDI 2 | L7: =ROUND(J7*(1+$N$18),4) -> #N/A | M7: =IFERROR(ROUND(I7*J7,2),"") | N7: =IFERROR(ROUND(L7*I7,2),"")
A8: 2000
E11: PLANILHA ORÇAMENTÁRIA | M11: Revisão: | N11: =DADOS!D6 -> R03 | O11: a
M12: Data: | N12: =DADOS!D2 -> 46170
D13: Projeto: | E13: =DADOS!D8 -> REFORMA DO MURO DE FECHAMENTO DO CEMITÉRIO MUNICIPAL | M13: Bancos:
D14: Responsável: | F14: Cliente: | M14: =DADOS!D14 -> SINAPI: 12/2025 Minas Gerais SETOP: 10/2025 Minas Gerais SICRO : 10/2025 Minas Gerais SUDECAP: 09/2025 Minas Gerais
M17: BDI 1: | N17: =DADOS!D10 -> 0.2652
M18: BDI 2: | N18: =DADOS!D12 -> -
D20: =E11&" DE "&DADOS!D20&" - "&E13 -> PLANILHA ORÇAMENTÁRIA DE PROJETO EXECUTIVO - REFORMA DO MURO DE FECHAMENTO DO CEMITÉRIO MUNICIPAL
D22: Item | E22: Descrição | F22: Código | G22: Banco | H22: Unidade | I22: Quantidade | J22: Valor Unitário | K22: BDI | L22: Valor Unit. com BDI | M22: Total | N22: Total com BDI
M23: =ROUND(I23*J23,2) -> 0 | N23: =ROUND(L23*I23,2) -> 0
A24: 1000 | D24: 1 | E24: ADMINISTRAÇÃO DE OBRA | M24: =SUMIF(A:A,D24,M:M) -> 31616.64 | N24: =SUMIF(A:A,D24,N:N) -> 40001.28
A25: =IFERROR(LEFT(D25,SEARCH(".",D25)-1),"") -> 1 | B25: =IFERROR(LEFT(RIGHT(D25,LEN(D25)-SEARCH(".",D25)),SEARCH(".",RIGHT(D25,LEN(D25)-SEARCH(".",D25)))-1),"") | C25: =IFERROR(IF(LEN(D25)-LEN(SUBSTITUTE(D25,".",""))<>3,"",MID(D25,SEARCH(".",D25,SEARCH(".",D25)+1)+1,LEN(D25)-SEARCH(".",D25,SEARCH(".",D25)+1)-(LEN(D25)-(SEARCH(".",D25,SEARCH(".",D25,SEARCH(".",D25)+1)+1)-1)))),"") | D25: 1.1 | E25: =IF($G25="SINAPI",VLOOKUP($F25,DADOS_SINAPI,2,0),IF(G25="SETOP",VLOOKUP($F25,DADOS_SETOP,2,0),IF(G25="CPU",VLOOKUP($F25,DADOS_COMPOSICAO,2,0),IF(G25="SICRO",VLOOKUP($F25,DADOS_SICRO,2,0),IF(G25="SUDECAP",VLOOKUP(F25,DADOS_SUDECAP,2,0),IF(G25="COTAÇÃO",VLOOKUP($F25,DADOS_COTACAO,2,0),"")))))) -> ENGENHEIRO CIVIL DE OBRA JUNIOR COM ENCARGOS COMPLEMENTARES | F25: 90777 | G25: SINAPI | H25: =IF(G25="SINAPI",VLOOKUP($F25,DADOS_SINAPI,3,0),IF(G25="SETOP",VLOOKUP($F25,DADOS_SETOP,3,0),IF(G25="CPU",VLOOKUP($F25,DADOS_COMPOSICAO,10,0),IF(G25="SICRO",VLOOKUP($F25,DADOS_SICRO,3,0),IF(G25="SUDECAP",VLOOKUP(F25,DADOS_SUDECAP,3,0),IF(G25="COTAÇÃO",VLOOKUP($F25,DADOS_COTACAO,9,0),"")))))) -> H | I25: =ROUND(F30,2) -> 264 | J25: =ROUND(IF(G25="SINAPI",VLOOKUP($F25,DADOS_SINAPI,4,0),IF(G25="SETOP",VLOOKUP($F25,DADOS_SETOP,4,0),IF(G25="CPU",VLOOKUP($F25,DADOS_COMPOSICAO,13,0),IF(G25="SICRO",VLOOKUP($F25,DADOS_SICRO,4,0),IF(G25="SUDECAP",VLOOKUP(F25,DADOS_SUDECAP,4,0),IF(G25="COTAÇÃO",VLOOKUP(F25,DADOS_COTACAO,12,0),"")))))),2) -> 119.76 | K25: BDI 1 | L25: =ROUND(J25*(1+$N$17),2) -> 151.52 | M25: =IFERROR(ROUND(I25*J25,2),"") -> 31616.64 | N25: =IFERROR(ROUND(L25*I25,2),"") -> 40001.28
A26: 2000
A27: 2000 | E27: Horas | F27: 2 | G27: h
A28: 2000 | E28: Dias | F28: 22 | G28: dia
A29: 2000 | E29: Meses | F29: 6 | G29: mês
A30: 2000 | E30: Total | F30: =F27*F28*F29 -> 264 | G30: h
A31: 2000
A32: 1000 | D32: 2 | E32: CANTEIRO DE OBRAS | M32: =SUMIF(A:A,D32,M:M) -> 40250.93 | N32: =SUMIF(A:A,D32,N:N) -> 50923.28
D33: 2.1 | E33: CONTAINER | M33: =IFERROR(SUMIFS(M:M,A:A,LEFT(D33,SEARCH(".",D33)-1),B:B,RIGHT(D33,LEN(D33)-SEARCH(".",D33))),"") -> 6783.3 | N33: =IFERROR(SUMIFS(N:N,A:A,LEFT(D33,SEARCH(".",D33)-1),B:B,RIGHT(D33,LEN(D33)-SEARCH(".",D33))),"") -> 8582.22
A34: =IFERROR(LEFT(D34,SEARCH(".",D34)-1),"") -> 2 | B34: =IFERROR(LEFT(RIGHT(D34,LEN(D34)-SEARCH(".",D34)),SEARCH(".",RIGHT(D34,LEN(D34)-SEARCH(".",D34)))-1),"") -> 1 | C34: =IFERROR(IF(LEN(D34)-LEN(SUBSTITUTE(D34,".",""))<>3,"",MID(D34,SEARCH(".",D34,SEARCH(".",D34)+1)+1,LEN(D34)-SEARCH(".",D34,SEARCH(".",D34)+1)-(LEN(D34)-(SEARCH(".",D34,SEARCH(".",D34,SEARCH(".",D34)+1)+1)-1)))),"") | D34: 2.1.1 | E34: =IF($G34="SINAPI",VLOOKUP($F34,DADOS_SINAPI,2,0),IF(G34="SETOP",VLOOKUP($F34,DADOS_SETOP,2,0),IF(G34="CPU",VLOOKUP($F34,DADOS_COMPOSICAO,2,0),IF(G34="SICRO",VLOOKUP($F34,DADOS_SICRO,2,0),IF(G34="SUDECAP",VLOOKUP(F34,DADOS_SUDECAP,2,0),IF(G34="COTAÇÃO",VLOOKUP($F34,DADOS_COTACAO,2,0),"")))))) -> LOCAÇÃO DE CONTAINER COM ISOLAMENTO TÉRMICO, TIPO 3, PARA DEPÓSITO/FERRAMENTARIA DE OBRA, COM MEDIDAS REFERENCIAIS DE (6) METROS COMPRIMENTO, (2,3) METROS LARGURA E (2,5) METROS ALTURA ÚTIL INTERNA, INCLUSIVE LIGAÇÕES ELÉTRICAS INTERNAS, EXCLUSIVE MOBILIZAÇÃO/DESMOBILIZAÇÃO E LIGAÇÕES PROVISÓRIAS EXTERNAS | F34: ED-16350 | G34: SETOP | H34: =IF(G34="SINAPI",VLOOKUP($F34,DADOS_SINAPI,3,0),IF(G34="SETOP",VLOOKUP($F34,DADOS_SETOP,3,0),IF(G34="CPU",VLOOKUP($F34,DADOS_COMPOSICAO,10,0),IF(G34="SICRO",VLOOKUP($F34,DADOS_SICRO,3,0),IF(G34="SUDECAP",VLOOKUP(F34,DADOS_SUDECAP,3,0),IF(G34="COTAÇÃO",VLOOKUP($F34,DADOS_COTACAO,9,0),"")))))) -> mês | I34: =ROUND(F36,2) -> 6 | J34: =ROUND(IF(G34="SINAPI",VLOOKUP($F34,DADOS_SINAPI,4,0),IF(G34="SETOP",VLOOKUP($F34,DADOS_SETOP,4,0),IF(G34="CPU",VLOOKUP($F34,DADOS_COMPOSICAO,13,0),IF(G34="SICRO",VLOOKUP($F34,DADOS_SICRO,4,0),IF(G34="SUDECAP",VLOOKUP(F34,DADOS_SUDECAP,4,0),IF(G34="COTAÇÃO",VLOOKUP(F34,DADOS_COTACAO,12,0),"")))))),2) -> 858.68 | K34: BDI 1 | L34: =ROUND(J34*(1+$N$17),2) -> 1086.4 | M34: =IFERROR(ROUND(I34*J34,2),"") -> 5152.08 | N34: =IFERROR(ROUND(L34*I34,2),"") -> 6518.4
A35: 2000
A36: 2000 | E36: Duração da obra | F36: 6 | G36: meses
A37: 2000
A38: =IFERROR(LEFT(D38,SEARCH(".",D38)-1),"") -> 2 | B38: =IFERROR(LEFT(RIGHT(D38,LEN(D38)-SEARCH(".",D38)),SEARCH(".",RIGHT(D38,LEN(D38)-SEARCH(".",D38)))-1),"") -> 1 | C38: =IFERROR(IF(LEN(D38)-LEN(SUBSTITUTE(D38,".",""))<>3,"",MID(D38,SEARCH(".",D38,SEARCH(".",D38)+1)+1,LEN(D38)-SEARCH(".",D38,SEARCH(".",D38)+1)-(LEN(D38)-(SEARCH(".",D38,SEARCH(".",D38,SEARCH(".",D38)+1)+1)-1)))),"") | D38: 2.1.2 | E38: =IF($G38="SINAPI",VLOOKUP($F38,DADOS_SINAPI,2,0),IF(G38="SETOP",VLOOKUP($F38,DADOS_SETOP,2,0),IF(G38="CPU",VLOOKUP($F38,DADOS_COMPOSICAO,2,0),IF(G38="SICRO",VLOOKUP($F38,DADOS_SICRO,2,0),IF(G38="SUDECAP",VLOOKUP(F38,DADOS_SUDECAP,2,0),IF(G38="COTAÇÃO",VLOOKUP($F38,DADOS_COTACAO,2,0),"")))))) -> MOBILIZAÇÃO E DESMOBILIZAÇÃO DE CONTAINER, INCLUSIVE CARGA, DESCARGA E TRANSPORTE EM CAMINHÃO CARROCERIA COM GUINDAUTO (MUNCK), EXCLUSIVE LOCAÇÃO DO CONTAINER | F38: ED-50137 | G38: SETOP | H38: =IF(G38="SINAPI",VLOOKUP($F38,DADOS_SINAPI,3,0),IF(G38="SETOP",VLOOKUP($F38,DADOS_SETOP,3,0),IF(G38="CPU",VLOOKUP($F38,DADOS_COMPOSICAO,10,0),IF(G38="SICRO",VLOOKUP($F38,DADOS_SICRO,3,0),IF(G38="SUDECAP",VLOOKUP(F38,DADOS_SUDECAP,3,0),IF(G38="COTAÇÃO",VLOOKUP($F38,DADOS_COTACAO,9,0),"")))))) -> un | I38: =ROUND(F40,2) -> 1 | J38: =ROUND(IF(G38="SINAPI",VLOOKUP($F38,DADOS_SINAPI,4,0),IF(G38="SETOP",VLOOKUP($F38,DADOS_SETOP,4,0),IF(G38="CPU",VLOOKUP($F38,DADOS_COMPOSICAO,13,0),IF(G38="SICRO",VLOOKUP($F38,DADOS_SICRO,4,0),IF(G38="SUDECAP",VLOOKUP(F38,DADOS_SUDECAP,4,0),IF(G38="COTAÇÃO",VLOOKUP(F38,DADOS_COTACAO,12,0),"")))))),2) -> 1631.22 | K38: BDI 1 | L38: =ROUND(J38*(1+$N$17),2) -> 2063.82 | M38: =IFERROR(ROUND(I38*J38,2),"") -> 1631.22 | N38: =IFERROR(ROUND(L38*I38,2),"") -> 2063.82
A39: 2000
A40: 2000 | E40: Quantidade | F40: 1 | G40: un
A41: 2000
D42: 2.2 | E42: INSTALAÇÕES PROVISÓRIAS | M42: =IFERROR(SUMIFS(M:M,A:A,LEFT(D42,SEARCH(".",D42)-1),B:B,RIGHT(D42,LEN(D42)-SEARCH(".",D42))),"") -> 6634.67 | N42: =IFERROR(SUMIFS(N:N,A:A,LEFT(D42,SEARCH(".",D42)-1),B:B,RIGHT(D42,LEN(D42)-SEARCH(".",D42))),"") -> 8394.18
A43: =IFERROR(LEFT(D43,SEARCH(".",D43)-1),"") -> 2 | B43: =IFERROR(LEFT(RIGHT(D43,LEN(D43)-SEARCH(".",D43)),SEARCH(".",RIGHT(D43,LEN(D43)-SEARCH(".",D43)))-1),"") -> 2 | C43: =IFERROR(IF(LEN(D43)-LEN(SUBSTITUTE(D43,".",""))<>3,"",MID(D43,SEARCH(".",D43,SEARCH(".",D43)+1)+1,LEN(D43)-SEARCH(".",D43,SEARCH(".",D43)+1)-(LEN(D43)-(SEARCH(".",D43,SEARCH(".",D43,SEARCH(".",D43)+1)+1)-1)))),"") | D43: 2.2.1 | E43: =IF($G43="SINAPI",VLOOKUP($F43,DADOS_SINAPI,2,0),IF(G43="SETOP",VLOOKUP($F43,DADOS_SETOP,2,0),IF(G43="CPU",VLOOKUP($F43,DADOS_COMPOSICAO,2,0),IF(G43="SICRO",VLOOKUP($F43,DADOS_SICRO,2,0),IF(G43="SUDECAP",VLOOKUP(F43,DADOS_SUDECAP,2,0),IF(G43="COTAÇÃO",VLOOKUP($F43,DADOS_COTACAO,2,0),"")))))) -> LIGAÇÕES PROVISÓRIAS PARA CONTAINER TIPO 3 (CORRESPONDENTE AO CÓDIGO ED-16350) | F43: ED-16358 | G43: SETOP | H43: =IF(G43="SINAPI",VLOOKUP($F43,DADOS_SINAPI,3,0),IF(G43="SETOP",VLOOKUP($F43,DADOS_SETOP,3,0),IF(G43="CPU",VLOOKUP($F43,DADOS_COMPOSICAO,10,0),IF(G43="SICRO",VLOOKUP($F43,DADOS_SICRO,3,0),IF(G43="SUDECAP",VLOOKUP(F43,DADOS_SUDECAP,3,0),IF(G43="COTAÇÃO",VLOOKUP($F43,DADOS_COTACAO,9,0),"")))))) -> un | I43: =ROUND(F45,2) -> 1 | J43: =ROUND(IF(G43="SINAPI",VLOOKUP($F43,DADOS_SINAPI,4,0),IF(G43="SETOP",VLOOKUP($F43,DADOS_SETOP,4,0),IF(G43="CPU",VLOOKUP($F43,DADOS_COMPOSICAO,13,0),IF(G43="SICRO",VLOOKUP($F43,DADOS_SICRO,4,0),IF(G43="SUDECAP",VLOOKUP(F43,DADOS_SUDECAP,4,0),IF(G43="COTAÇÃO",VLOOKUP(F43,DADOS_COTACAO,12,0),"")))))),2) -> 334.67 | K43: BDI 1 | L43: =ROUND(J43*(1+$N$17),2) -> 423.42 | M43: =IFERROR(ROUND(I43*J43,2),"") -> 334.67 | N43: =IFERROR(ROUND(L43*I43,2),"") -> 423.42
A44: 2000
A45: 2000 | E45: Quantidade | F45: 1 | G45: un
A46: 2000
A47: =IFERROR(LEFT(D47,SEARCH(".",D47)-1),"") -> 2 | B47: =IFERROR(LEFT(RIGHT(D47,LEN(D47)-SEARCH(".",D47)),SEARCH(".",RIGHT(D47,LEN(D47)-SEARCH(".",D47)))-1),"") -> 2 | C47: =IFERROR(IF(LEN(D47)-LEN(SUBSTITUTE(D47,".",""))<>3,"",MID(D47,SEARCH(".",D47,SEARCH(".",D47)+1)+1,LEN(D47)-SEARCH(".",D47,SEARCH(".",D47)+1)-(LEN(D47)-(SEARCH(".",D47,SEARCH(".",D47,SEARCH(".",D47)+1)+1)-1)))),"") | D47: 2.2.2 | E47: =IF($G47="SINAPI",VLOOKUP($F47,DADOS_SINAPI,2,0),IF(G47="SETOP",VLOOKUP($F47,DADOS_SETOP,2,0),IF(G47="CPU",VLOOKUP($F47,DADOS_COMPOSICAO,2,0),IF(G47="SICRO",VLOOKUP($F47,DADOS_SICRO,2,0),IF(G47="SUDECAP",VLOOKUP(F47,DADOS_SUDECAP,2,0),IF(G47="COTAÇÃO",VLOOKUP($F47,DADOS_COTACAO,2,0),"")))))) -> LOCAÇÃO DE BANHEIRO QUÍMICO, DIMENSÃO (110X120X230)CM, LINHA PADRÃO, CONTENDO UMA (1) PIA/HIGIENIZADOR DE MÃOS, INCLUSIVE MANUTENÇÃO E MOBILIZAÇÃO/DESMOBILIZAÇÃO | F47: ED-50155 | G47: SETOP | H47: =IF(G47="SINAPI",VLOOKUP($F47,DADOS_SINAPI,3,0),IF(G47="SETOP",VLOOKUP($F47,DADOS_SETOP,3,0),IF(G47="CPU",VLOOKUP($F47,DADOS_COMPOSICAO,10,0),IF(G47="SICRO",VLOOKUP($F47,DADOS_SICRO,3,0),IF(G47="SUDECAP",VLOOKUP(F47,DADOS_SUDECAP,3,0),IF(G47="COTAÇÃO",VLOOKUP($F47,DADOS_COTACAO,9,0),"")))))) -> mês | I47: =ROUND(F49,2) -> 6 | J47: =ROUND(IF(G47="SINAPI",VLOOKUP($F47,DADOS_SINAPI,4,0),IF(G47="SETOP",VLOOKUP($F47,DADOS_SETOP,4,0),IF(G47="CPU",VLOOKUP($F47,DADOS_COMPOSICAO,13,0),IF(G47="SICRO",VLOOKUP($F47,DADOS_SICRO,4,0),IF(G47="SUDECAP",VLOOKUP(F47,DADOS_SUDECAP,4,0),IF(G47="COTAÇÃO",VLOOKUP(F47,DADOS_COTACAO,12,0),"")))))),2) -> 1050 | K47: BDI 1 | L47: =ROUND(J47*(1+$N$17),2) -> 1328.46 | M47: =IFERROR(ROUND(I47*J47,2),"") -> 6300 | N47: =IFERROR(ROUND(L47*I47,2),"") -> 7970.76
A48: 2000
A49: 2000 | E49: Duração da obra | F49: 6 | G49: meses
A50: 2000
D51: 2.3 | E51: TAPUME | M51: =IFERROR(SUMIFS(M:M,A:A,LEFT(D51,SEARCH(".",D51)-1),B:B,RIGHT(D51,LEN(D51)-SEARCH(".",D51))),"") -> 26832.96 | N51: =IFERROR(SUMIFS(N:N,A:A,LEFT(D51,SEARCH(".",D51)-1),B:B,RIGHT(D51,LEN(D51)-SEARCH(".",D51))),"") -> 33946.88
A52: =IFERROR(LEFT(D52,SEARCH(".",D52)-1),"") -> 2 | B52: =IFERROR(LEFT(RIGHT(D52,LEN(D52)-SEARCH(".",D52)),SEARCH(".",RIGHT(D52,LEN(D52)-SEARCH(".",D52)))-1),"") -> 3 | C52: =IFERROR(IF(LEN(D52)-LEN(SUBSTITUTE(D52,".",""))<>3,"",MID(D52,SEARCH(".",D52,SEARCH(".",D52)+1)+1,LEN(D52)-SEARCH(".",D52,SEARCH(".",D52)+1)-(LEN(D52)-(SEARCH(".",D52,SEARCH(".",D52,SEARCH(".",D52)+1)+1)-1)))),"") | D52: 2.3.1 | E52: =IF($G52="SINAPI",VLOOKUP($F52,DADOS_SINAPI,2,0),IF(G52="SETOP",VLOOKUP($F52,DADOS_SETOP,2,0),IF(G52="CPU",VLOOKUP($F52,DADOS_COMPOSICAO,2,0),IF(G52="SICRO",VLOOKUP($F52,DADOS_SICRO,2,0),IF(G52="SUDECAP",VLOOKUP(F52,DADOS_SUDECAP,2,0),IF(G52="COTAÇÃO",VLOOKUP($F52,DADOS_COTACAO,2,0),"")))))) -> TAPUME FIXO DE PROTEÇÃO PARA FECHAMENTO DE OBRA EM TELHA METÁLICA GALVANIZADA, TIPO TRAPEZOIDAL, ESP. 0,5MM, COM MÓDULO NA DIMENSÃO DE (300X220)CM, COM REAPROVEITAMENTO, EXCLUSIVE PINTURA ESMALTE, INCLUSIVE PONTALETE E FIXAÇÃO | F52: ED-29823 | G52: SETOP | H52: =IF(G52="SINAPI",VLOOKUP($F52,DADOS_SINAPI,3,0),IF(G52="SETOP",VLOOKUP($F52,DADOS_SETOP,3,0),IF(G52="CPU",VLOOKUP($F52,DADOS_COMPOSICAO,10,0),IF(G52="SICRO",VLOOKUP($F52,DADOS_SICRO,3,0),IF(G52="SUDECAP",VLOOKUP(F52,DADOS_SUDECAP,3,0),IF(G52="COTAÇÃO",VLOOKUP($F52,DADOS_COTACAO,9,0),"")))))) -> m2 | I52: =ROUND(F56,2) -> 352 | J52: =ROUND(IF(G52="SINAPI",VLOOKUP($F52,DADOS_SINAPI,4,0),IF(G52="SETOP",VLOOKUP($F52,DADOS_SETOP,4,0),IF(G52="CPU",VLOOKUP($F52,DADOS_COMPOSICAO,13,0),IF(G52="SICRO",VLOOKUP($F52,DADOS_SICRO,4,0),IF(G52="SUDECAP",VLOOKUP(F52,DADOS_SUDECAP,4,0),IF(G52="COTAÇÃO",VLOOKUP(F52,DADOS_COTACAO,12,0),"")))))),2) -> 65.25 | K52: BDI 1 | L52: =ROUND(J52*(1+$N$17),2) -> 82.55 | M52: =IFERROR(ROUND(I52*J52,2),"") -> 22968 | N52: =IFERROR(ROUND(L52*I52,2),"") -> 29057.6
A53: 2000
A54: 2000 | E54: Comprimento | F54: 160 | G54: m
A55: 2000 | E55: Altura | F55: 2.2 | G55: m
A56: 2000 | E56: Total | F56: =F54*F55 -> 352 | G56: m²
A57: 2000
A58: =IFERROR(LEFT(D58,SEARCH(".",D58)-1),"") -> 2 | B58: =IFERROR(LEFT(RIGHT(D58,LEN(D58)-SEARCH(".",D58)),SEARCH(".",RIGHT(D58,LEN(D58)-SEARCH(".",D58)))-1),"") -> 3 | C58: =IFERROR(IF(LEN(D58)-LEN(SUBSTITUTE(D58,".",""))<>3,"",MID(D58,SEARCH(".",D58,SEARCH(".",D58)+1)+1,LEN(D58)-SEARCH(".",D58,SEARCH(".",D58)+1)-(LEN(D58)-(SEARCH(".",D58,SEARCH(".",D58,SEARCH(".",D58)+1)+1)-1)))),"") | D58: 2.3.2 | E58: =IF($G58="SINAPI",VLOOKUP($F58,DADOS_SINAPI,2,0),IF(G58="SETOP",VLOOKUP($F58,DADOS_SETOP,2,0),IF(G58="CPU",VLOOKUP($F58,DADOS_COMPOSICAO,2,0),IF(G58="SICRO",VLOOKUP($F58,DADOS_SICRO,2,0),IF(G58="SUDECAP",VLOOKUP(F58,DADOS_SUDECAP,2,0),IF(G58="COTAÇÃO",VLOOKUP($F58,DADOS_COTACAO,2,0),"")))))) -> REMANEJAMENTO DE TAPUME FIXO DE PROTEÇÃO PARA FECHAMENTO DE OBRA, INCLUSIVE ESCAVAÇÃO MANUAL E REATERRO COMPACTADO | F58: ED-50166 | G58: SETOP | H58: =IF(G58="SINAPI",VLOOKUP($F58,DADOS_SINAPI,3,0),IF(G58="SETOP",VLOOKUP($F58,DADOS_SETOP,3,0),IF(G58="CPU",VLOOKUP($F58,DADOS_COMPOSICAO,10,0),IF(G58="SICRO",VLOOKUP($F58,DADOS_SICRO,3,0),IF(G58="SUDECAP",VLOOKUP(F58,DADOS_SUDECAP,3,0),IF(G58="COTAÇÃO",VLOOKUP($F58,DADOS_COTACAO,9,0),"")))))) -> m2 | I58: =ROUND(F60,2) -> 352 | J58: =ROUND(IF(G58="SINAPI",VLOOKUP($F58,DADOS_SINAPI,4,0),IF(G58="SETOP",VLOOKUP($F58,DADOS_SETOP,4,0),IF(G58="CPU",VLOOKUP($F58,DADOS_COMPOSICAO,13,0),IF(G58="SICRO",VLOOKUP($F58,DADOS_SICRO,4,0),IF(G58="SUDECAP",VLOOKUP(F58,DADOS_SUDECAP,4,0),IF(G58="COTAÇÃO",VLOOKUP(F58,DADOS_COTACAO,12,0),"")))))),2) -> 10.98 | K58: BDI 1 | L58: =ROUND(J58*(1+$N$17),2) -> 13.89 | M58: =IFERROR(ROUND(I58*J58,2),"") -> 3864.96 | N58: =IFERROR(ROUND(L58*I58,2),"") -> 4889.28
A59: 2000
A60: 2000 | E60: Área | F60: =F56 -> 352 | G60: m²
A61: 2000
A62: 1000 | D62: 3 | E62: SERVIÇOS PRELIMINARES | M62: =SUMIF(A:A,D62,M:M) -> 21848.32 | N62: =SUMIF(A:A,D62,N:N) -> 27642.8
D63: 3.1 | E63: PLACA DE OBRA | M63: =IFERROR(SUMIFS(M:M,A:A,LEFT(D63,SEARCH(".",D63)-1),B:B,RIGHT(D63,LEN(D63)-SEARCH(".",D63))),"") -> 4002.48 | N63: =IFERROR(SUMIFS(N:N,A:A,LEFT(D63,SEARCH(".",D63)-1),B:B,RIGHT(D63,LEN(D63)-SEARCH(".",D63))),"") -> 5063.92
A64: =IFERROR(LEFT(D64,SEARCH(".",D64)-1),"") -> 3 | B64: =IFERROR(LEFT(RIGHT(D64,LEN(D64)-SEARCH(".",D64)),SEARCH(".",RIGHT(D64,LEN(D64)-SEARCH(".",D64)))-1),"") -> 1 | C64: =IFERROR(IF(LEN(D64)-LEN(SUBSTITUTE(D64,".",""))<>3,"",MID(D64,SEARCH(".",D64,SEARCH(".",D64)+1)+1,LEN(D64)-SEARCH(".",D64,SEARCH(".",D64)+1)-(LEN(D64)-(SEARCH(".",D64,SEARCH(".",D64,SEARCH(".",D64)+1)+1)-1)))),"") | D64: 3.1.1 | E64: =IF($G64="SINAPI",VLOOKUP($F64,DADOS_SINAPI,2,0),IF(G64="SETOP",VLOOKUP($F64,DADOS_SETOP,2,0),IF(G64="CPU",VLOOKUP($F64,DADOS_COMPOSICAO,2,0),IF(G64="SICRO",VLOOKUP($F64,DADOS_SICRO,2,0),IF(G64="SUDECAP",VLOOKUP(F64,DADOS_SUDECAP,2,0),IF(G64="COTAÇÃO",VLOOKUP($F64,DADOS_COTACAO,2,0),"")))))) -> FORNECIMENTO E INSTALAÇÃO DE PLACA DE OBRA COM CHAPA GALVANIZADA E ESTRUTURA DE MADEIRA. AF_03/2022_PS | F64: 103689 | G64: SINAPI | H64: =IF(G64="SINAPI",VLOOKUP($F64,DADOS_SINAPI,3,0),IF(G64="SETOP",VLOOKUP($F64,DADOS_SETOP,3,0),IF(G64="CPU",VLOOKUP($F64,DADOS_COMPOSICAO,10,0),IF(G64="SICRO",VLOOKUP($F64,DADOS_SICRO,3,0),IF(G64="SUDECAP",VLOOKUP(F64,DADOS_SUDECAP,3,0),IF(G64="COTAÇÃO",VLOOKUP($F64,DADOS_COTACAO,9,0),"")))))) -> M2 | I64: =ROUND(F68,2) -> 8 | J64: =ROUND(IF(G64="SINAPI",VLOOKUP($F64,DADOS_SINAPI,4,0),IF(G64="SETOP",VLOOKUP($F64,DADOS_SETOP,4,0),IF(G64="CPU",VLOOKUP($F64,DADOS_COMPOSICAO,13,0),IF(G64="SICRO",VLOOKUP($F64,DADOS_SICRO,4,0),IF(G64="SUDECAP",VLOOKUP(F64,DADOS_SUDECAP,4,0),IF(G64="COTAÇÃO",VLOOKUP(F64,DADOS_COTACAO,12,0),"")))))),2) -> 500.31 | K64: BDI 1 | L64: =ROUND(J64*(1+$N$17),2) -> 632.99 | M64: =IFERROR(ROUND(I64*J64,2),"") -> 4002.48 | N64: =IFERROR(ROUND(L64*I64,2),"") -> 5063.92
A65: 2000
A66: 2000 | E66: Largura | F66: 4 | G66: m
A67: 2000 | E67: Altura | F67: 2 | G67: m
A68: 2000 | E68: Total | F68: =F66*F67 -> 8 | G68: m²
A69: 2000
D70: 3.2 | E70: LOCAÇÃO DA OBRA | M70: =IFERROR(SUMIFS(M:M,A:A,LEFT(D70,SEARCH(".",D70)-1),B:B,RIGHT(D70,LEN(D70)-SEARCH(".",D70))),"") -> 17845.84 | N70: =IFERROR(SUMIFS(N:N,A:A,LEFT(D70,SEARCH(".",D70)-1),B:B,RIGHT(D70,LEN(D70)-SEARCH(".",D70))),"") -> 22578.88
A71: =IFERROR(LEFT(D71,SEARCH(".",D71)-1),"") -> 3 | B71: =IFERROR(LEFT(RIGHT(D71,LEN(D71)-SEARCH(".",D71)),SEARCH(".",RIGHT(D71,LEN(D71)-SEARCH(".",D71)))-1),"") -> 2 | C71: =IFERROR(IF(LEN(D71)-LEN(SUBSTITUTE(D71,".",""))<>3,"",MID(D71,SEARCH(".",D71,SEARCH(".",D71)+1)+1,LEN(D71)-SEARCH(".",D71,SEARCH(".",D71)+1)-(LEN(D71)-(SEARCH(".",D71,SEARCH(".",D71,SEARCH(".",D71)+1)+1)-1)))),"") | D71: 3.2.1 | E71: =IF($G71="SINAPI",VLOOKUP($F71,DADOS_SINAPI,2,0),IF(G71="SETOP",VLOOKUP($F71,DADOS_SETOP,2,0),IF(G71="CPU",VLOOKUP($F71,DADOS_COMPOSICAO,2,0),IF(G71="SICRO",VLOOKUP($F71,DADOS_SICRO,2,0),IF(G71="SUDECAP",VLOOKUP(F71,DADOS_SUDECAP,2,0),IF(G71="COTAÇÃO",VLOOKUP($F71,DADOS_COTACAO,2,0),"")))))) -> LOCAÇÃO DE OBRA COM GABARITO DE TÁBUAS CORRIDAS PONTALETADAS A CADA 2,00M, REAPROVEITAMENTO (2X), INCLUSIVE ACOMPANHAMENTO DE EQUIPE TOPOGRÁFICA PARA MARCAÇÃO DE PONTO TOPOGRÁFICO | F71: ED-17989 | G71: SETOP | H71: =IF(G71="SINAPI",VLOOKUP($F71,DADOS_SINAPI,3,0),IF(G71="SETOP",VLOOKUP($F71,DADOS_SETOP,3,0),IF(G71="CPU",VLOOKUP($F71,DADOS_COMPOSICAO,10,0),IF(G71="SICRO",VLOOKUP($F71,DADOS_SICRO,3,0),IF(G71="SUDECAP",VLOOKUP(F71,DADOS_SUDECAP,3,0),IF(G71="COTAÇÃO",VLOOKUP($F71,DADOS_COTACAO,9,0),"")))))) -> m | I71: =ROUND(F73,2) -> 296 | J71: =ROUND(IF(G71="SINAPI",VLOOKUP($F71,DADOS_SINAPI,4,0),IF(G71="SETOP",VLOOKUP($F71,DADOS_SETOP,4,0),IF(G71="CPU",VLOOKUP($F71,DADOS_COMPOSICAO,13,0),IF(G71="SICRO",VLOOKUP($F71,DADOS_SICRO,4,0),IF(G71="SUDECAP",VLOOKUP(F71,DADOS_SUDECAP,4,0),IF(G71="COTAÇÃO",VLOOKUP(F71,DADOS_COTACAO,12,0),"")))))),2) -> 60.29 | K71: BDI 1 | L71: =ROUND(J71*(1+$N$17),2) -> 76.28 | M71: =IFERROR(ROUND(I71*J71,2),"") -> 17845.84 | N71: =IFERROR(ROUND(L71*I71,2),"") -> 22578.88
A72: 2000
A73: 2000 | E73: Extensão do muro | F73: 296 | G73: m
A74: 2000
A75: 1000 | D75: 4 | E75: LIMPEZAS E DEMOLIÇÕES | M75: =SUMIF(A:A,D75,M:M) -> 45542.29 | N75: =SUMIF(A:A,D75,N:N) -> 57630.33
D76: 4.1 | E76: DEMOLIÇÃO | M76: =IFERROR(SUMIFS(M:M,A:A,LEFT(D76,SEARCH(".",D76)-1),B:B,RIGHT(D76,LEN(D76)-SEARCH(".",D76))),"") -> 20442.28 | N76: =IFERROR(SUMIFS(N:N,A:A,LEFT(D76,SEARCH(".",D76)-1),B:B,RIGHT(D76,LEN(D76)-SEARCH(".",D76))),"") -> 25868.76
A77: =IFERROR(LEFT(D77,SEARCH(".",D77)-1),"") -> 4 | B77: =IFERROR(LEFT(RIGHT(D77,LEN(D77)-SEARCH(".",D77)),SEARCH(".",RIGHT(D77,LEN(D77)-SEARCH(".",D77)))-1),"") -> 1 | C77: =IFERROR(IF(LEN(D77)-LEN(SUBSTITUTE(D77,".",""))<>3,"",MID(D77,SEARCH(".",D77,SEARCH(".",D77)+1)+1,LEN(D77)-SEARCH(".",D77,SEARCH(".",D77)+1)-(LEN(D77)-(SEARCH(".",D77,SEARCH(".",D77,SEARCH(".",D77)+1)+1)-1)))),"") | D77: 4.1.1 | E77: =IF($G77="SINAPI",VLOOKUP($F77,DADOS_SINAPI,2,0),IF(G77="SETOP",VLOOKUP($F77,DADOS_SETOP,2,0),IF(G77="CPU",VLOOKUP($F77,DADOS_COMPOSICAO,2,0),IF(G77="SICRO",VLOOKUP($F77,DADOS_SICRO,2,0),IF(G77="SUDECAP",VLOOKUP(F77,DADOS_SUDECAP,2,0),IF(G77="COTAÇÃO",VLOOKUP($F77,DADOS_COTACAO,2,0),"")))))) -> PONTALETE ROLICO SEM TRATAMENTO, D = 8 A 11 CM, H = 3 M, EM EUCALIPTO OU EQUIVALENTE DA REGIAO - BRUTA (PARA ESCORAMENTO) | F77: 2745 | G77: SINAPI | H77: =IF(G77="SINAPI",VLOOKUP($F77,DADOS_SINAPI,3,0),IF(G77="SETOP",VLOOKUP($F77,DADOS_SETOP,3,0),IF(G77="CPU",VLOOKUP($F77,DADOS_COMPOSICAO,10,0),IF(G77="SICRO",VLOOKUP($F77,DADOS_SICRO,3,0),IF(G77="SUDECAP",VLOOKUP(F77,DADOS_SUDECAP,3,0),IF(G77="COTAÇÃO",VLOOKUP($F77,DADOS_COTACAO,9,0),"")))))) -> M | I77: =ROUND(F81,2) -> 1080 | J77: =ROUND(IF(G77="SINAPI",VLOOKUP($F77,DADOS_SINAPI,4,0),IF(G77="SETOP",VLOOKUP($F77,DADOS_SETOP,4,0),IF(G77="CPU",VLOOKUP($F77,DADOS_COMPOSICAO,13,0),IF(G77="SICRO",VLOOKUP($F77,DADOS_SICRO,4,0),IF(G77="SUDECAP",VLOOKUP(F77,DADOS_SUDECAP,4,0),IF(G77="COTAÇÃO",VLOOKUP(F77,DADOS_COTACAO,12,0),"")))))),2) -> 3.23 | K77: BDI 1 | L77: =ROUND(J77*(1+$N$17),2) -> 4.09 | M77: =IFERROR(ROUND(I77*J77,2),"") -> 3488.4 | N77: =IFERROR(ROUND(L77*I77,2),"") -> 4417.2
A78: 2000
A79: 2000 | E79: Extensão do muro a ser demolido | F79: 180 | G79: m
A80: 2000 | E80: Quantidade de pontaletes (2 por metro) | F80: =F79*2 -> 360 | G80: un
A81: 2000 | E81: Total | F81: =F80*3 -> 1080 | G81: m
A82: 2000
A83: =IFERROR(LEFT(D83,SEARCH(".",D83)-1),"") -> 4 | B83: =IFERROR(LEFT(RIGHT(D83,LEN(D83)-SEARCH(".",D83)),SEARCH(".",RIGHT(D83,LEN(D83)-SEARCH(".",D83)))-1),"") -> 1 | C83: =IFERROR(IF(LEN(D83)-LEN(SUBSTITUTE(D83,".",""))<>3,"",MID(D83,SEARCH(".",D83,SEARCH(".",D83)+1)+1,LEN(D83)-SEARCH(".",D83,SEARCH(".",D83)+1)-(LEN(D83)-(SEARCH(".",D83,SEARCH(".",D83,SEARCH(".",D83)+1)+1)-1)))),"") | D83: 4.1.2 | E83: =IF($G83="SINAPI",VLOOKUP($F83,DADOS_SINAPI,2,0),IF(G83="SETOP",VLOOKUP($F83,DADOS_SETOP,2,0),IF(G83="CPU",VLOOKUP($F83,DADOS_COMPOSICAO,2,0),IF(G83="SICRO",VLOOKUP($F83,DADOS_SICRO,2,0),IF(G83="SUDECAP",VLOOKUP(F83,DADOS_SUDECAP,2,0),IF(G83="COTAÇÃO",VLOOKUP($F83,DADOS_COTACAO,2,0),"")))))) -> DEMOLIÇÃO DE ALVENARIA DE TIJOLO MACIÇO, DE FORMA MANUAL, SEM REAPROVEITAMENTO. AF_09/2023 | F83: 97624 | G83: SINAPI | H83: =IF(G83="SINAPI",VLOOKUP($F83,DADOS_SINAPI,3,0),IF(G83="SETOP",VLOOKUP($F83,DADOS_SETOP,3,0),IF(G83="CPU",VLOOKUP($F83,DADOS_COMPOSICAO,10,0),IF(G83="SICRO",VLOOKUP($F83,DADOS_SICRO,3,0),IF(G83="SUDECAP",VLOOKUP(F83,DADOS_SUDECAP,3,0),IF(G83="COTAÇÃO",VLOOKUP($F83,DADOS_COTACAO,9,0),"")))))) -> M3 | I83: =ROUND(F86,2) -> 90 | J83: =ROUND(IF(G83="SINAPI",VLOOKUP($F83,DADOS_SINAPI,4,0),IF(G83="SETOP",VLOOKUP($F83,DADOS_SETOP,4,0),IF(G83="CPU",VLOOKUP($F83,DADOS_COMPOSICAO,13,0),IF(G83="SICRO",VLOOKUP($F83,DADOS_SICRO,4,0),IF(G83="SUDECAP",VLOOKUP(F83,DADOS_SUDECAP,4,0),IF(G83="COTAÇÃO",VLOOKUP(F83,DADOS_COTACAO,12,0),"")))))),2) -> 112.47 | K83: BDI 1 | L83: =ROUND(J83*(1+$N$17),2) -> 142.3 | M83: =IFERROR(ROUND(I83*J83,2),"") -> 10122.3 | N83: =IFERROR(ROUND(L83*I83,2),"") -> 12807
A84: 2000
A85: 2000 | E85: Extensão do muro a ser demolido (h=2,5 m; e=0,2 m) | F85: 180 | G85: m
A86: 2000 | E86: Total | F86: =F85*2.5*0.2 -> 90 | G86: m³
A87: 2000
A88: =IFERROR(LEFT(D88,SEARCH(".",D88)-1),"") -> 4 | B88: =IFERROR(LEFT(RIGHT(D88,LEN(D88)-SEARCH(".",D88)),SEARCH(".",RIGHT(D88,LEN(D88)-SEARCH(".",D88)))-1),"") -> 1 | C88: =IFERROR(IF(LEN(D88)-LEN(SUBSTITUTE(D88,".",""))<>3,"",MID(D88,SEARCH(".",D88,SEARCH(".",D88)+1)+1,LEN(D88)-SEARCH(".",D88,SEARCH(".",D88)+1)-(LEN(D88)-(SEARCH(".",D88,SEARCH(".",D88,SEARCH(".",D88)+1)+1)-1)))),"") | D88: 4.1.3 | E88: =IF($G88="SINAPI",VLOOKUP($F88,DADOS_SINAPI,2,0),IF(G88="SETOP",VLOOKUP($F88,DADOS_SETOP,2,0),IF(G88="CPU",VLOOKUP($F88,DADOS_COMPOSICAO,2,0),IF(G88="SICRO",VLOOKUP($F88,DADOS_SICRO,2,0),IF(G88="SUDECAP",VLOOKUP(F88,DADOS_SUDECAP,2,0),IF(G88="COTAÇÃO",VLOOKUP($F88,DADOS_COTACAO,2,0),"")))))) -> DEMOLIÇÃO DE PISO DE CONCRETO SIMPLES, DE FORMA MECANIZADA COM MARTELETE, SEM REAPROVEITAMENTO. AF_09/2023 | F88: 104790 | G88: SINAPI | H88: =IF(G88="SINAPI",VLOOKUP($F88,DADOS_SINAPI,3,0),IF(G88="SETOP",VLOOKUP($F88,DADOS_SETOP,3,0),IF(G88="CPU",VLOOKUP($F88,DADOS_COMPOSICAO,10,0),IF(G88="SICRO",VLOOKUP($F88,DADOS_SICRO,3,0),IF(G88="SUDECAP",VLOOKUP(F88,DADOS_SUDECAP,3,0),IF(G88="COTAÇÃO",VLOOKUP($F88,DADOS_COTACAO,9,0),"")))))) -> M3 | I88: =ROUND(F92,2) -> 22 | J88: =ROUND(IF(G88="SINAPI",VLOOKUP($F88,DADOS_SINAPI,4,0),IF(G88="SETOP",VLOOKUP($F88,DADOS_SETOP,4,0),IF(G88="CPU",VLOOKUP($F88,DADOS_COMPOSICAO,13,0),IF(G88="SICRO",VLOOKUP($F88,DADOS_SICRO,4,0),IF(G88="SUDECAP",VLOOKUP(F88,DADOS_SUDECAP,4,0),IF(G88="COTAÇÃO",VLOOKUP(F88,DADOS_COTACAO,12,0),"")))))),2) -> 109.61 | K88: BDI 1 | L88: =ROUND(J88*(1+$N$17),2) -> 138.68 | M88: =IFERROR(ROUND(I88*J88,2),"") -> 2411.42 | N88: =IFERROR(ROUND(L88*I88,2),"") -> 3050.96
A89: 2000
A90: 2000 | E90: Área de passeio a ser demolida (e=0,05 m) | F90: 440 | G90: m²
A91: 2000 | E91: Espessura | F91: 0.05 | G91: m
A92: 2000 | E92: Total | F92: =F90*F91 -> 22 | G92: m³
A93: 2000
A94: =IFERROR(LEFT(D94,SEARCH(".",D94)-1),"") -> 4 | B94: =IFERROR(LEFT(RIGHT(D94,LEN(D94)-SEARCH(".",D94)),SEARCH(".",RIGHT(D94,LEN(D94)-SEARCH(".",D94)))-1),"") -> 1 | C94: =IFERROR(IF(LEN(D94)-LEN(SUBSTITUTE(D94,".",""))<>3,"",MID(D94,SEARCH(".",D94,SEARCH(".",D94)+1)+1,LEN(D94)-SEARCH(".",D94,SEARCH(".",D94)+1)-(LEN(D94)-(SEARCH(".",D94,SEARCH(".",D94,SEARCH(".",D94)+1)+1)-1)))),"") | D94: 4.1.4 | E94: =IF($G94="SINAPI",VLOOKUP($F94,DADOS_SINAPI,2,0),IF(G94="SETOP",VLOOKUP($F94,DADOS_SETOP,2,0),IF(G94="CPU",VLOOKUP($F94,DADOS_COMPOSICAO,2,0),IF(G94="SICRO",VLOOKUP($F94,DADOS_SICRO,2,0),IF(G94="SUDECAP",VLOOKUP(F94,DADOS_SUDECAP,2,0),IF(G94="COTAÇÃO",VLOOKUP($F94,DADOS_COTACAO,2,0),"")))))) -> DEMOLIÇÃO DE GUIAS, SARJETAS OU SARJETÕES, DE FORMA MECANIZADA, SEM REAPROVEITAMENTO. AF_09/2023 | F94: 104796 | G94: SINAPI | H94: =IF(G94="SINAPI",VLOOKUP($F94,DADOS_SINAPI,3,0),IF(G94="SETOP",VLOOKUP($F94,DADOS_SETOP,3,0),IF(G94="CPU",VLOOKUP($F94,DADOS_COMPOSICAO,10,0),IF(G94="SICRO",VLOOKUP($F94,DADOS_SICRO,3,0),IF(G94="SUDECAP",VLOOKUP(F94,DADOS_SUDECAP,3,0),IF(G94="COTAÇÃO",VLOOKUP($F94,DADOS_COTACAO,9,0),"")))))) -> M | I94: =ROUND(F97,2) -> 304 | J94: =ROUND(IF(G94="SINAPI",VLOOKUP($F94,DADOS_SINAPI,4,0),IF(G94="SETOP",VLOOKUP($F94,DADOS_SETOP,4,0),IF(G94="CPU",VLOOKUP($F94,DADOS_COMPOSICAO,13,0),IF(G94="SICRO",VLOOKUP($F94,DADOS_SICRO,4,0),IF(G94="SUDECAP",VLOOKUP(F94,DADOS_SUDECAP,4,0),IF(G94="COTAÇÃO",VLOOKUP(F94,DADOS_COTACAO,12,0),"")))))),2) -> 14.54 | K94: BDI 1 | L94: =ROUND(J94*(1+$N$17),2) -> 18.4 | M94: =IFERROR(ROUND(I94*J94,2),"") -> 4420.16 | N94: =IFERROR(ROUND(L94*I94,2),"") -> 5593.6
A95: 2000
A96: 2000 | E96: Extensão da guia e sargeta | F96: 304 | G96: m
A97: 2000 | E97: Total | F97: =F96 -> 304 | G97: m
A98: 2000
D99: 4.2 | E99: REMOÇÃO DAS ÁRVORES | M99: =IFERROR(SUMIFS(M:M,A:A,LEFT(D99,SEARCH(".",D99)-1),B:B,RIGHT(D99,LEN(D99)-SEARCH(".",D99))),"") -> 3716.93 | N99: =IFERROR(SUMIFS(N:N,A:A,LEFT(D99,SEARCH(".",D99)-1),B:B,RIGHT(D99,LEN(D99)-SEARCH(".",D99))),"") -> 4702.64
A100: =IFERROR(LEFT(D100,SEARCH(".",D100)-1),"") -> 4 | B100: =IFERROR(LEFT(RIGHT(D100,LEN(D100)-SEARCH(".",D100)),SEARCH(".",RIGHT(D100,LEN(D100)-SEARCH(".",D100)))-1),"") -> 2 | C100: =IFERROR(IF(LEN(D100)-LEN(SUBSTITUTE(D100,".",""))<>3,"",MID(D100,SEARCH(".",D100,SEARCH(".",D100)+1)+1,LEN(D100)-SEARCH(".",D100,SEARCH(".",D100)+1)-(LEN(D100)-(SEARCH(".",D100,SEARCH(".",D100,SEARCH(".",D100)+1)+1)-1)))),"") | D100: 4.2.1 | E100: =IF($G100="SINAPI",VLOOKUP($F100,DADOS_SINAPI,2,0),IF(G100="SETOP",VLOOKUP($F100,DADOS_SETOP,2,0),IF(G100="CPU",VLOOKUP($F100,DADOS_COMPOSICAO,2,0),IF(G100="SICRO",VLOOKUP($F100,DADOS_SICRO,2,0),IF(G100="SUDECAP",VLOOKUP(F100,DADOS_SUDECAP,2,0),IF(G100="COTAÇÃO",VLOOKUP($F100,DADOS_COTACAO,2,0),"")))))) -> REMOÇÃO DE RAÍZES REMANESCENTES DE TRONCO DE ÁRVORE COM DIÂMETRO MAIOR OU IGUAL A 0,20 M E MENOR QUE 0,40 M. AF_03/2024 | F100: 98526 | G100: SINAPI | H100: =IF(G100="SINAPI",VLOOKUP($F100,DADOS_SINAPI,3,0),IF(G100="SETOP",VLOOKUP($F100,DADOS_SETOP,3,0),IF(G100="CPU",VLOOKUP($F100,DADOS_COMPOSICAO,10,0),IF(G100="SICRO",VLOOKUP($F100,DADOS_SICRO,3,0),IF(G100="SUDECAP",VLOOKUP(F100,DADOS_SUDECAP,3,0),IF(G100="COTAÇÃO",VLOOKUP($F100,DADOS_COTACAO,9,0),"")))))) -> UN | I100: =ROUND(F102,2) -> 13 | J100: =ROUND(IF(G100="SINAPI",VLOOKUP($F100,DADOS_SINAPI,4,0),IF(G100="SETOP",VLOOKUP($F100,DADOS_SETOP,4,0),IF(G100="CPU",VLOOKUP($F100,DADOS_COMPOSICAO,13,0),IF(G100="SICRO",VLOOKUP($F100,DADOS_SICRO,4,0),IF(G100="SUDECAP",VLOOKUP(F100,DADOS_SUDECAP,4,0),IF(G100="COTAÇÃO",VLOOKUP(F100,DADOS_COTACAO,12,0),"")))))),2) -> 141.45 | K100: BDI 1 | L100: =ROUND(J100*(1+$N$17),2) -> 178.96 | M100: =IFERROR(ROUND(I100*J100,2),"") -> 1838.85 | N100: =IFERROR(ROUND(L100*I100,2),"") -> 2326.48
A101: 2000
A102: 2000 | E102: Quantidade | F102: 13 | G102: un
A103: 2000
A104: =IFERROR(LEFT(D104,SEARCH(".",D104)-1),"") -> 4 | B104: =IFERROR(LEFT(RIGHT(D104,LEN(D104)-SEARCH(".",D104)),SEARCH(".",RIGHT(D104,LEN(D104)-SEARCH(".",D104)))-1),"") -> 2 | C104: =IFERROR(IF(LEN(D104)-LEN(SUBSTITUTE(D104,".",""))<>3,"",MID(D104,SEARCH(".",D104,SEARCH(".",D104)+1)+1,LEN(D104)-SEARCH(".",D104,SEARCH(".",D104)+1)-(LEN(D104)-(SEARCH(".",D104,SEARCH(".",D104,SEARCH(".",D104)+1)+1)-1)))),"") | D104: 4.2.2 | E104: =IF($G104="SINAPI",VLOOKUP($F104,DADOS_SINAPI,2,0),IF(G104="SETOP",VLOOKUP($F104,DADOS_SETOP,2,0),IF(G104="CPU",VLOOKUP($F104,DADOS_COMPOSICAO,2,0),IF(G104="SICRO",VLOOKUP($F104,DADOS_SICRO,2,0),IF(G104="SUDECAP",VLOOKUP(F104,DADOS_SUDECAP,2,0),IF(G104="COTAÇÃO",VLOOKUP($F104,DADOS_COTACAO,2,0),"")))))) -> REMOÇÃO DE RAÍZES REMANESCENTES DE TRONCO DE ÁRVORE COM DIÂMETRO MAIOR OU IGUAL A 0,40 M E MENOR QUE 0,60 M. AF_03/2024 | F104: 98527 | G104: SINAPI | H104: =IF(G104="SINAPI",VLOOKUP($F104,DADOS_SINAPI,3,0),IF(G104="SETOP",VLOOKUP($F104,DADOS_SETOP,3,0),IF(G104="CPU",VLOOKUP($F104,DADOS_COMPOSICAO,10,0),IF(G104="SICRO",VLOOKUP($F104,DADOS_SICRO,3,0),IF(G104="SUDECAP",VLOOKUP(F104,DADOS_SUDECAP,3,0),IF(G104="COTAÇÃO",VLOOKUP($F104,DADOS_COTACAO,9,0),"")))))) -> UN | I104: =ROUND(F106,2) -> 8 | J104: =ROUND(IF(G104="SINAPI",VLOOKUP($F104,DADOS_SINAPI,4,0),IF(G104="SETOP",VLOOKUP($F104,DADOS_SETOP,4,0),IF(G104="CPU",VLOOKUP($F104,DADOS_COMPOSICAO,13,0),IF(G104="SICRO",VLOOKUP($F104,DADOS_SICRO,4,0),IF(G104="SUDECAP",VLOOKUP(F104,DADOS_SUDECAP,4,0),IF(G104="COTAÇÃO",VLOOKUP(F104,DADOS_COTACAO,12,0),"")))))),2) -> 234.76 | K104: BDI 1 | L104: =ROUND(J104*(1+$N$17),2) -> 297.02 | M104: =IFERROR(ROUND(I104*J104,2),"") -> 1878.08 | N104: =IFERROR(ROUND(L104*I104,2),"") -> 2376.16
A105: 2000
A106: 2000 | E106: Quantidade | F106: 8 | G106: un
A107: 2000
D108: 4.3 | E108: TRANSPORTE DE DEMOLIÇÃO | M108: =IFERROR(SUMIFS(M:M,A:A,LEFT(D108,SEARCH(".",D108)-1),B:B,RIGHT(D108,LEN(D108)-SEARCH(".",D108))),"") -> 21134.26 | N108: =IFERROR(SUMIFS(N:N,A:A,LEFT(D108,SEARCH(".",D108)-1),B:B,RIGHT(D108,LEN(D108)-SEARCH(".",D108))),"") -> 26744.9
...

Sheet ABC
A2: CURVA ABC DE SERVIÇOS | H2: Revisão: | I2: =DADOS!D6 -> R03
H3: Data: | I3: =DADOS!D2 -> 46170
A4: Projeto: | C4: Responsável: | D4: Cliente: | H4: Bancos:
A5: =DADOS!D8 -> REFORMA DO MURO DE FECHAMENTO DO CEMITÉRIO MUNICIPAL | H5: =DADOS!D14 -> SINAPI: 12/2025 Minas Gerais SETOP: 10/2025 Minas Gerais SICRO : 10/2025 Minas Gerais SUDECAP: 09/2025 Minas Gerais
H8: BDI 1: | I8: =DADOS!D10 -> 0.2652
H9: BDI 2: | I9: =DADOS!D12 -> -
A11: =A2&" DE "&DADOS!D20&" - "&A5 -> CURVA ABC DE SERVIÇOS DE PROJETO EXECUTIVO - REFORMA DO MURO DE FECHAMENTO DO CEMITÉRIO MUNICIPAL
A13: Código | B13: Banco | C13: Descrição | D13: Unidade | E13: Quantidade | F13: Valor Unitário | G13: Total | H13: Peso (%) | I13: Peso Acumulado (%)
A15: ED-48196 | B15: SETOP | C15: ALVENARIA DE VEDAÇÃO COM BLOCO DE CONCRETO, ESP. 19CM, INCLUSIVE ARGAMASSA PARA ASSENTAMENTO | D15: m2 | E15: 751.92 | F15: 112.51 | G15: 84598.52 | H15: 0.08348049 | I15: 0.08348049
A16: 87529 | B16: SINAPI | C16: MASSA ÚNICA, EM ARGAMASSA TRAÇO 1:2:8, PREPARO MECÂNICO, APLICADA MANUALMENTE EM PAREDES INTERNAS DE AMBIENTES COM ÁREA ENTRE 5M² E 10M², E = 17,5MM, COM TALISCAS. AF_03/2024 | D16: M2 | E16: 1563.6 | F16: 50.95 | G16: 79665.42 | H16: 0.078612584 | I16: 0.16209307
A17: ED-48298 | B17: SETOP | C17: CORTE, DOBRA E MONTAGEM DE AÇO CA-50/60, INCLUSIVE ESPAÇADOR | D17: Kg | E17: 3902.02 | F17: 16.9 | G17: 65944.14 | H17: 0.065072641 | I17: 0.22716572
A18: DAC-7.2 | B18: CPU | C18: INSTALAÇÃO DE MOLDURAS EM EPS | D18: M | E18: 2005.7 | F18: 32.24 | G18: 64663.77 | H18: 0.063809192 | I18: 0.29097491
A19: 101174 | B19: SINAPI | C19: ESTACA BROCA DE CONCRETO, DIÂMETRO DE 25CM, ESCAVAÇÃO MANUAL COM TRADO CONCHA, COM ARMADURA DE ARRANQUE. AF_05/2020 | D19: M | E19: 488 | F19: 115.89 | G19: 56554.32 | H19: 0.055806914 | I19: 0.34678182
A20: DAC-7.1 | B20: CPU | C20: LIGAÇÃO ENTRE ALVENARIA E PILAR COM TELA METÁLICA EM AÇO GALVANIZADO | D20: M2 | E20: 273 | F20: 157.42 | G20: 42975.66 | H20: 0.042407706 | I20: 0.38918953
A21: 96130 | B21: SINAPI | C21: APLICAÇÃO MANUAL DE MASSA ACRÍLICA EM PAREDES EXTERNAS DE CASAS, UMA DEMÃO. AF_03/2024 | D21: M2 | E21: 1563.6 | F21: 25.92 | G21: 40528.51 | H21: 0.039992897 | I21: 0.42918242
A22: 90777 | B22: SINAPI | C22: ENGENHEIRO CIVIL DE OBRA JUNIOR COM ENCARGOS COMPLEMENTARES | D22: H | E22: 264 | F22: 151.52 | G22: 40001.28 | H22: 0.039472634 | I22: 0.46865506
A23: 94993 | B23: SINAPI | C23: EXECUÇÃO DE PASSEIO (CALÇADA) OU PISO DE CONCRETO COM CONCRETO MOLDADO IN LOCO, USINADO, ACABAMENTO CONVENCIONAL, ESPESSURA 6 CM, ARMADO. AF_08/2022 | D23: M2 | E23: 400 | F23: 96.5 | G23: 38600 | H23: 0.038089873 | I23: 0.50674493
A24: 95626 | B24: SINAPI | C24: APLICAÇÃO MANUAL DE TINTA LÁTEX ACRÍLICA EM PAREDE EXTERNAS DE CASAS, DUAS DEMÃOS. AF_03/2024 | D24: M2 | E24: 1563.6 | F24: 21.63 | G24: 33820.67 | H24: 0.033373706 | I24: 0.54011864
A25: ED-51139 | B25: SETOP | C25: GUIA DE MEIO-FIO, EM CONCRETO COM FCK 20MPA, PRÉ-MOLDADA, MFC-01 PADRÃO DER-MG, DIMENSÕES (12X16,7X35)CM, EXCLUSIVE SARJETA, INCLUSIVE ESCAVAÇÃO, APILOAMENTO E TRANSPORTE COM RETIRADA DO MATERIAL ESCAVADO (EM CAÇAMBA) | D25: m | E25: 304 | F25: 96.81 | G25: 29430.24 | H25: 0.029041298 | I25: 0.56915994
A26: ED-29823 | B26: SETOP | C26: TAPUME FIXO DE PROTEÇÃO PARA FECHAMENTO DE OBRA EM TELHA METÁLICA GALVANIZADA, TIPO TRAPEZOIDAL, ESP. 0,5MM, COM MÓDULO NA DIMENSÃO DE (300X220)CM, COM REAPROVEITAMENTO, EXCLUSIVE PINTURA ESMALTE, INCLUSIVE PONTALETE E FIXAÇÃO | D26: m2 | E26: 352 | F26: 82.55 | G26: 29057.6 | H26: 0.028673583 | I26: 0.59783352
A27: ED-49810 | B27: SETOP | C27: FÔRMA E DESFORMA PARA VIGA-CINTA/BLOCO COM TÁBUA E SARRAFO, REAPROVEITAMENTO (3X) (FUNDAÇÃO) | D27: m2 | E27: 275.8 | F27: 96.94 | G27: 26736.05 | H27: 0.026382714 | I27: 0.62421623
A28: 92443 | B28: SINAPI | C28: MONTAGEM E DESMONTAGEM DE FÔRMA DE PILARES RETANGULARES E ESTRUTURAS SIMILARES, PÉ-DIREITO SIMPLES, EM CHAPA DE MADEIRA COMPENSADA PLASTIFICADA, 18 UTILIZAÇÕES. AF_09/2020 | D28: M2 | E28: 387.7 | F28: 64.35 | G28: 24948.5 | H28: 0.024618788 | I28: 0.64883502
A29: ED-17989 | B29: SETOP | C29: LOCAÇÃO DE OBRA COM GABARITO DE TÁBUAS CORRIDAS PONTALETADAS A CADA 2,00M, REAPROVEITAMENTO (2X), INCLUSIVE ACOMPANHAMENTO DE EQUIPE TOPOGRÁFICA PARA MARCAÇÃO DE PONTO TOPOGRÁFICO | D29: m | E29: 296 | F29: 76.28 | G29: 22578.88 | H29: 0.022280484 | I29: 0.6711155
A30: ED-49638 | B30: SETOP | C30: FORNECIMENTO DE CONCRETO ESTRUTURAL, USINADO BOMBEADO, COM FCK 25MPA, INCLUSIVE LANÇAMENTO, ADENSAMENTO E ACABAMENTO | D30: m3 | E30: 25.6 | F30: 877.44 | G30: 22462.47 | H30: 0.022165612 | I30: 0.69328112
A31: 98554 | B31: SINAPI | C31: IMPERMEABILIZAÇÃO DE SUPERFÍCIE COM MEMBRANA À BASE DE RESINA ACRÍLICA, 3 DEMÃOS. AF_09/2023 | D31: M2 | E31: 347.04 | F31: 57.55 | G31: 19972.15 | H31: 0.019708204 | I31: 0.71298932
A32: ED-48392 | B32: SETOP | C32: CINTA DE AMARRAÇÃO DE ALVENARIA COM BLOCO DE CONCRETO ESTRUTURAL, CANALETA TIPO "U", ESP. 19CM, (FBK 4,5MPA), INCLUSIVE ARGAMASSA PARA ASSENTAMENTO, EXCLUSIVE GRAUTE E ARMAÇÃO | D32: m | E32: 578.4 | F32: 32.07 | G32: 18549.29 | H32: 0.018304148 | I32: 0.73129347
A33: ED-50270 | B33: SETOP | C33: LIMPEZA PERMANENTE DA OBRA - 01 SERVENTE X 4 HORAS DIÁRIAS | D33: mês | E33: 6 | F33: 2914.26 | G33: 17485.56 | H33: 0.017254476 | I33: 0.74854794
A34: ED-50667 | B34: SETOP | C34: CHAPIM EM CHAPA GALVANIZADA, COM PINGADEIRA, ESP. 0,65MM (GSG-24), COM DESENVOLVIMENTO DE 35CM, INCLUSIVE IÇAMENTO MANUAL VERTICAL | D34: m | E34: 296 | F34: 58.87 | G34: 17425.52 | H34: 0.017195229 | I34: 0.76574317
A35: 87885 | B35: SINAPI | C35: CHAPISCO APLICADO NO TETO OU EM ALVENARIA E ESTRUTURA, COM ROLO PARA TEXTURA ACRÍLICA. ARGAMASSA INDUSTRIALIZADA COM PREPARO EM MISTURADOR 300 KG. AF_10/2022 | D35: M2 | E35: 1563.6 | F35: 10.51 | G35: 16433.44 | H35: 0.01621626 | I35: 0.78195943
A36: ED-14762 | B36: SETOP | C36: SARJETA DE CONCRETO URBANO (SCU), TIPO 1, COM FCK 15 MPA, LARGURA DE 50CM COM INCLINAÇÃO DE 3%, ESP. 7CM, PADRÃO DER-MG, EXCLUSIVE MEIO-FIO, INCLUSIVE ESCAVAÇÃO, APILAOMENTO E TRANSPORTE COM RETIRADA DO MATERIAL ESCAVADO (EM CAÇAMBA) | D36: m | E36: 304 | F36: 53.68 | G36: 16318.72 | H36: 0.016103056 | I36: 0.79806249
A37: ED-49805 | B37: SETOP | C37: FORNECIMENTO DE CONCRETO ESTRUTURAL, USINADO BOMBEADO, COM FCK 25MPA, INCLUSIVE LANÇAMENTO, ADENSAMENTO E ACABAMENTO (FUNDAÇÃO) | D37: m3 | E37: 16.5 | F37: 858.83 | G37: 14170.7 | H37: 0.013983424 | I37: 0.81204591
A38: ED-49806 | B38: SETOP | C38: FORNECIMENTO DE CONCRETO ESTRUTURAL, USINADO BOMBEADO, COM FCK 30MPA, INCLUSIVE LANÇAMENTO, ADENSAMENTO E ACABAMENTO (FUNDAÇÃO) | D38: m3 | E38: 15.6 | F38: 883.97 | G38: 13789.93 | H38: 0.013607686 | I38: 0.8256536
A39: ED-50680 | B39: SETOP | C39: RUFO E CONTRARRUFO EM CHAPA GALVANIZADA, ESP. 0,65MM (GSG-24), COM DESENVOLVIMENTO DE 60CM, INCLUSIVE IÇAMENTO MANUAL VERTICAL | D39: m | E39: 138 | F39: 96.89 | G39: 13370.82 | H39: 0.013194115 | I39: 0.83884772
A40: ED-51125 | B40: SETOP | C40: TRANSPORTE DE MATERIAL DEMOLIDO EM CAÇAMBA, EXCLUSIVE CARGA MANUAL OU MECÂNICA | D40: m3 | E40: 171.6 | F40: 75.91 | G40: 13026.16 | H40: 0.01285401 | I40: 0.85170173
A41: 97624 | B41: SINAPI | C41: DEMOLIÇÃO DE ALVENARIA DE TIJOLO MACIÇO, DE FORMA MANUAL, SEM REAPROVEITAMENTO. AF_09/2023 | D41: M3 | E41: 90 | F41: 142.3 | G41: 12807 | H41: 0.012637746 | I41: 0.86433947
A42: 105127 | B42: SINAPI | C42: INSTALAÇÃO DE CONCERTINA DUPLA CLIPADA, ESPIRAL DE 300 MM. AF_03/2024 | D42: M | E42: 296 | F42: 34.44 | G42: 10194.24 | H42: 0.010059516 | I42: 0.87439899
A43: 88485 | B43: SINAPI | C43: FUNDO SELADOR ACRÍLICO, APLICAÇÃO MANUAL EM PAREDE, UMA DEMÃO. AF_04/2023 | D43: M2 | E43: 1563.6 | F43: 6 | G43: 9381.6 | H43: 0.0092576154 | I43: 0.8836566
A44: ED-51134 | B44: SETOP | C44: TRANSPORTE DE MATERIAL DE QUALQUER NATUREZA COM CARRINHO DE MÃO, COM DISTÂNCIAS MAIORES QUE 50M E MENORES OU IGUAIS A 100M, INCLUSIVE CARGA/DESGARGA | D44: m3 | E44: 171.6 | F44: 52.51 | G44: 9010.72 | H44: 0.0088916369 | I44: 0.89254824
A45: ED-50155 | B45: SETOP | C45: LOCAÇÃO DE BANHEIRO QUÍMICO, DIMENSÃO (110X120X230)CM, LINHA PADRÃO, CONTENDO UMA (1) PIA/HIGIENIZADOR DE MÃOS, INCLUSIVE MANUTENÇÃO E MOBILIZAÇÃO/DESMOBILIZAÇÃO | D45: mês | E45: 6 | F45: 1328.46 | G45: 7970.76 | H45: 0.0078654207 | I45: 0.90041366
A46: 90278 | B46: SINAPI | C46: GRAUTE FGK=15 MPA; TRAÇO 1:0,04:2,2:2,5 (EM MASSA SECA DE CIMENTO/CAL/AREIA GROSSA/BRITA 0) - PREPARO MECÂNICO COM BETONEIRA 400 L. AF_09/2021 | D46: M3 | E46: 10.4 | F46: 738.03 | G46: 7675.51 | H46: 0.0075740726 | I46: 0.90798773
A47: 98557 | B47: SINAPI | C47: IMPERMEABILIZAÇÃO DE SUPERFÍCIE COM EMULSÃO ASFÁLTICA, 2 DEMÃOS. AF_09/2023 | D47: M2 | E47: 141.7 | F47: 51.27 | G47: 7264.96 | H47: 0.0071689484 | I47: 0.91515668
A48: ED-50982 | B48: SETOP | C48: PORTÃO EM CHAPA DE AÇO GALVANIZADO, TIPO LAMBRIL, ESP. 1,25MM (GSG-18), COM REQUADRO EM TUBO DE AÇO (50X30)MM, ESP. 1,25MM, EXCLUSIVE CADEADO E PINTURA | D48: m2 | E48: 11.4 | F48: 605.8 | G48: 6906.12 | H48: 0.0068148507 | I48: 0.92197153
A49: ED-16350 | B49: SETOP | C49: LOCAÇÃO DE CONTAINER COM ISOLAMENTO TÉRMICO, TIPO 3, PARA DEPÓSITO/FERRAMENTARIA DE OBRA, COM MEDIDAS REFERENCIAIS DE (6) METROS COMPRIMENTO, (2,3) METROS LARGURA E (2,5) METROS ALTURA ÚTIL INTERNA, INCLUSIVE LIGAÇÕES ELÉTRICAS INTERNAS, EXCLUSIVE MOBILIZAÇÃO/DESMOBILIZAÇÃO E LIGAÇÕES PROVISÓRIAS EXTERNAS | D49: mês | E49: 6 | F49: 1086.4 | G49: 6518.4 | H49: 0.0064322547 | I49: 0.92840379
A50: 96527 | B50: SINAPI | C50: ESCAVAÇÃO MANUAL PARA VIGA BALDRAME OU SAPATA CORRIDA (INCLUINDO ESCAVAÇÃO PARA COLOCAÇÃO DE FÔRMAS). AF_01/2024 | D50: M3 | E50: 46.3 | F50: 137.91 | G50: 6385.23 | H50: 0.0063008446 | I50: 0.93470463
A51: ED-49813 | B51: SETOP | C51: LASTRO DE BRITA COM PEDRA BRITADA NÚMERO 2 E 3, INCLUSIVE ADENSAMENTO E APILOAMENTO MANUAL | D51: m3 | E51: 22.7 | F51: 264.19 | G51: 5997.11 | H51: 0.0059178539 | I51: 0.94062249
A52: 104796 | B52: SINAPI | C52: DEMOLIÇÃO DE GUIAS, SARJETAS OU SARJETÕES, DE FORMA MECANIZADA, SEM REAPROVEITAMENTO. AF_09/2023 | D52: M | E52: 304 | F52: 18.4 | G52: 5593.6 | H52: 0.0055196766 | I52: 0.94614216
A53: 103689 | B53: SINAPI | C53: FORNECIMENTO E INSTALAÇÃO DE PLACA DE OBRA COM CHAPA GALVANIZADA E ESTRUTURA DE MADEIRA. AF_03/2022_PS | D53: M2 | E53: 8 | F53: 632.99 | G53: 5063.92 | H53: 0.0049969967 | I53: 0.95113916
A54: ED-50166 | B54: SETOP | C54: REMANEJAMENTO DE TAPUME FIXO DE PROTEÇÃO PARA FECHAMENTO DE OBRA, INCLUSIVE ESCAVAÇÃO MANUAL E REATERRO COMPACTADO | D54: m2 | E54: 352 | F54: 13.89 | G54: 4889.28 | H54: 0.0048246647 | I54: 0.95596382
A55: ED-50983 | B55: SETOP | C55: PORTÃO DE GRADE EM BARRA REDONDA 1/2" E REQUADRO EM BARRA CHATA 1.1/4"X3/16", EXCLUSIVE CADEADO E PINTURA | D55: m2 | E55: 9.3 | F55: 520.77 | G55: 4843.16 | H55: 0.0047791542 | I55: 0.96074298
A56: 100952 | B56: SINAPI | C56: TRANSPORTE COM CAMINHÃO CARROCERIA COM GUINDAUTO (MUNCK), MOMENTO MÁXIMO DE CARGA 11,7 TM, EM VIA URBANA PAVIMENTADA, DMT ATÉ 30KM (UNIDADE: TXKM). AF_07/2020 | D56: TXKM | E56: 1304.16 | F56: 3.61 | G56: 4708.02 | H56: 0.0046458001 | I56: 0.96538878
A57: 2745 | B57: SINAPI | C57: PONTALETE ROLICO SEM TRATAMENTO, D = 8 A 11 CM, H = 3 M, EM EUCALIPTO OU EQUIVALENTE DA REGIAO - BRUTA (PARA ESCORAMENTO) | D57: M | E57: 1080 | F57: 4.09 | G57: 4417.2 | H57: 0.0043588235 | I57: 0.9697476
A58: 96523 | B58: SINAPI | C58: ESCAVAÇÃO MANUAL PARA BLOCO DE COROAMENTO OU SAPATA (INCLUINDO ESCAVAÇÃO PARA COLOCAÇÃO DE FÔRMAS). AF_01/2024 | D58: M3 | E58: 34.3 | F58: 125.43 | G58: 4302.25 | H58: 0.0042453927 | I58: 0.97399299
A59: 104790 | B59: SINAPI | C59: DEMOLIÇÃO DE PISO DE CONCRETO SIMPLES, DE FORMA MECANIZADA COM MARTELETE, SEM REAPROVEITAMENTO. AF_09/2023 | D59: M3 | E59: 22 | F59: 138.68 | G59: 3050.96 | H59: 0.0030106394 | I59: 0.97700363
A60: ED-50579 | B60: SETOP | C60: APLICAÇÃO DE SELANTE, MASTIQUE ELÁSTICO, EM JUNTA DE DILAÇÃO, DIMENSÃO (20X10)MM, FATOR DE FORMA 1:2, EXCLUSIVE DELIMITADOR DE PROFUNDIDADE | D60: m | E60: 54 | F60: 46.57 | G60: 2514.78 | H60: 0.0024815454 | I60: 0.97948518
A61: 95875 | B61: SINAPI | C61: TRANSPORTE COM CAMINHÃO BASCULANTE DE 10 M³, EM VIA URBANA PAVIMENTADA, DMT ATÉ 30 KM (UNIDADE: M3XKM). AF_07/2020 | D61: M3XKM | E61: 759.17 | F61: 3.15 | G61: 2391.39 | H61: 0.0023597861 | I61: 0.98184497
A62: 98527 | B62: SINAPI | C62: REMOÇÃO DE RAÍZES REMANESCENTES DE TRONCO DE ÁRVORE COM DIÂMETRO MAIOR OU IGUAL A 0,40 M E MENOR QUE 0,60 M. AF_03/2024 | D62: UN | E62: 8 | F62: 297.02 | G62: 2376.16 | H62: 0.0023447573 | I62: 0.98418972
A63: 98526 | B63: SINAPI | C63: REMOÇÃO DE RAÍZES REMANESCENTES DE TRONCO DE ÁRVORE COM DIÂMETRO MAIOR OU IGUAL A 0,20 M E MENOR QUE 0,40 M. AF_03/2024 | D63: UN | E63: 13 | F63: 178.96 | G63: 2326.48 | H63: 0.0022957339 | I63: 0.98648546
A64: 93382 | B64: SINAPI | C64: REATERRO MANUAL DE VALAS, COM COMPACTADOR DE SOLOS DE PERCUSSÃO. AF_08/2023 | D64: M3 | E64: 63.05 | F64: 35.01 | G64: 2207.38 | H64: 0.0021782079 | I64: 0.98866366
A65: 92450 | B65: SINAPI | C65: MONTAGEM E DESMONTAGEM DE FÔRMA DE VIGA, ESCORAMENTO METÁLICO, PÉ-DIREITO DUPLO, EM CHAPA DE MADEIRA RESINADA, 2 UTILIZAÇÕES. AF_09/2020 | D65: M2 | E65: 5.5 | F65: 382.63 | G65: 2104.47 | H65: 0.0020766579 | I65: 0.99074032
A66: ED-50137 | B66: SETOP | C66: MOBILIZAÇÃO E DESMOBILIZAÇÃO DE CONTAINER, INCLUSIVE CARGA, DESCARGA E TRANSPORTE EM CAMINHÃO CARROCERIA COM GUINDAUTO (MUNCK), EXCLUSIVE LOCAÇÃO DO CONTAINER | D66: un | E66: 1 | F66: 2063.82 | G66: 2063.82 | H66: 0.0020365451 | I66: 0.99277687
A67: 97113 | B67: SINAPI | C67: APLICAÇÃO DE LONA PLÁSTICA PARA EXECUÇÃO DE PAVIMENTOS DE CONCRETO. AF_04/2022 | D67: M2 | E67: 400 | F67: 4.23 | G67: 1692 | H67: 0.001669639 | I67: 0.99444651
A68: ED-50497 | B68: SETOP | C68: PINTURA ESMALTE BASE SOLVENTE EM ESTRUTURA METÁLICA, DUAS (2) DEMÃOS, COM APLICAÇÃO MANUAL, INCLUSIVE UMA (1) DEMÃO FUNDO GALVANIZADO | D68: m2 | E68: 38.32 | F68: 43.46 | G68: 1665.39 | H68: 0.0016433807 | I68: 0.99608989
A69: ED-49812 | B69: SETOP | C69: LASTRO DE CONCRETO MAGRO, INCLUSIVE TRANSPORTE, LANÇAMENTO E ADENSAMENTO | D69: m3 | E69: 1.9 | F69: 758.79 | G69: 1441.7 | H69: 0.0014226469 | I69: 0.99751253
A70: 100982 | B70: SINAPI | C70: CARGA, MANOBRA E DESCARGA DE ENTULHO EM CAMINHÃO BASCULANTE 10 M³ - CARGA COM ESCAVADEIRA HIDRÁULICA (CAÇAMBA DE 0,80 M³ / 111 HP) E DESCARGA LIVRE (UNIDADE: M3). AF_07/2020 | D70: M3 | E70: 85.8 | F70: 11.49 | G70: 985.84 | H70: 0.00097281142 | I70: 0.99848535
A71: 100574 | B71: SINAPI | C71: ESPALHAMENTO DE MATERIAL COM TRATOR DE ESTEIRAS. AF_09/2024 | D71: M3 | E71: 299.13 | F71: 1.83 | G71: 547.41 | H71: 0.00054017559 | I71: 0.99902552
A72: ED-16358 | B72: SETOP | C72: LIGAÇÕES PROVISÓRIAS PARA CONTAINER TIPO 3 (CORRESPONDENTE AO CÓDIGO ED-16350) | D72: un | E72: 1 | F72: 423.42 | G72: 423.42 | H72: 0.0004178242 | I72: 0.99944335
A73: 100978 | B73: SINAPI | C73: CARGA, MANOBRA E DESCARGA DE SOLOS E MATERIAIS GRANULARES EM CAMINHÃO BASCULANTE 10 M³ - CARGA COM ESCAVADEIRA HIDRÁULICA (CAÇAMBA DE 1,20 M³ / 155 HP) E DESCARGA LIVRE (UNIDADE: M3). AF_07/2020 | D73: M3 | E73: 41.73 | F73: 8.91 | G73: 371.81 | H73: 0.00036689626 | I73: 0.99981024
A74: ED-50235 | B74: SETOP | C74: TRATAMENTO DE JUNTA DE DILATAÇÃO COM ISOPOR, ESP. 20 MM, PROFUNDIDADE DE 10-15CM, EXCLUSIVE SELANTE | D74: m | E74: 54 | F74: 1.73 | G74: 93.42 | H74: 9.2185388e-05 | I74: 0.99990243
A75: 93184 | B75: SINAPI | C75: VERGA PRÉ-MOLDADA COM ATÉ 1,5 M DE VÃO, ESPESSURA DE *20* CM. AF_03/2024 | D75: M | E75: 1.4 | F75: 40.11 | G75: 56.15 | H75: 5.5407938e-05 | I75: 0.99995783
A76: ED-50508 | B76: SETOP | C76: LIXAMENTO MANUAL EM SUPERFÍCIE METÁLICA PARA REMOÇÃO DE TINTA E/OU FUNDO ANTICORROSIVA | D76: m2 | E76: 6.22 | F76: 6.87 | G76: 42.73 | H76: 4.2165292e-05 | I76: 1
A150: TOTAL INCLUINDO ADMINISTRAÇÃO | H150: =ORC!M408 -> 800987.37
A151: BDI | H151: =ORC!M409 -> 212405.34
A152: TOTAL GERAL | H152: =IF(ORC!M410=TRUNC(SUM(G:G),2),ORC!M410,"ERRO") -> 1013392.7
D159: RESPONSÁVEL TÉCNICO: | F159: =DADOS!D16 -> ALOISIO CAETANO FERREIRA
F160: =DADOS!D18 -> CREA - MG 97.132/D

Sheet Auxiliar_ABC
A1: ED-48196 | B1: SETOP | C1: ALVENARIA DE VEDAÇÃO COM BLOCO DE CONCRETO, ESP. 19CM, INCLUSIVE ARGAMASSA PARA ASSENTAMENTO | D1: m2 | E1: 751.92 | F1: 112.51 | G1: 84598.52 | H1: 0.08348049 | I1: 0.08348049 | R1: QUANTIDADE TOTAL | V1: VALOR TOTAL | W1: % | X1: =W1 -> %
A2: 87529 | B2: SINAPI | C2: MASSA ÚNICA, EM ARGAMASSA TRAÇO 1:2:8, PREPARO MECÂNICO, APLICADA MANUALMENTE EM PAREDES INTERNAS DE AMBIENTES COM ÁREA ENTRE 5M² E 10M², E = 17,5MM, COM TALISCAS. AF_03/2024 | D2: M2 | E2: 1563.6 | F2: 50.95 | G2: 79665.42 | H2: 0.078612584 | I2: 0.16209307 | R2: =SUMIF(ORC!$F:$F,O2,ORC!$I:$I) -> 0 | V2: =SUMIF(ORC!$F:$F,O2,ORC!$N:$N) -> 0 | W2: =V2/SUM($I:$I) -> 0 | X2: =W2+X1 -> #VALUE!
A3: ED-48298 | B3: SETOP | C3: CORTE, DOBRA E MONTAGEM DE AÇO CA-50/60, INCLUSIVE ESPAÇADOR | D3: Kg | E3: 3902.02 | F3: 16.9 | G3: 65944.14 | H3: 0.065072641 | I3: 0.22716572
A4: DAC-7.2 | B4: CPU | C4: INSTALAÇÃO DE MOLDURAS EM EPS | D4: M | E4: 2005.7 | F4: 32.24 | G4: 64663.77 | H4: 0.063809192 | I4: 0.29097491
A5: 101174 | B5: SINAPI | C5: ESTACA BROCA DE CONCRETO, DIÂMETRO DE 25CM, ESCAVAÇÃO MANUAL COM TRADO CONCHA, COM ARMADURA DE ARRANQUE. AF_05/2020 | D5: M | E5: 488 | F5: 115.89 | G5: 56554.32 | H5: 0.055806914 | I5: 0.34678182
A6: DAC-7.1 | B6: CPU | C6: LIGAÇÃO ENTRE ALVENARIA E PILAR COM TELA METÁLICA EM AÇO GALVANIZADO | D6: M2 | E6: 273 | F6: 157.42 | G6: 42975.66 | H6: 0.042407706 | I6: 0.38918953
A7: 96130 | B7: SINAPI | C7: APLICAÇÃO MANUAL DE MASSA ACRÍLICA EM PAREDES EXTERNAS DE CASAS, UMA DEMÃO. AF_03/2024 | D7: M2 | E7: 1563.6 | F7: 25.92 | G7: 40528.51 | H7: 0.039992897 | I7: 0.42918242
A8: 90777 | B8: SINAPI | C8: ENGENHEIRO CIVIL DE OBRA JUNIOR COM ENCARGOS COMPLEMENTARES | D8: H | E8: 264 | F8: 151.52 | G8: 40001.28 | H8: 0.039472634 | I8: 0.46865506
A9: 94993 | B9: SINAPI | C9: EXECUÇÃO DE PASSEIO (CALÇADA) OU PISO DE CONCRETO COM CONCRETO MOLDADO IN LOCO, USINADO, ACABAMENTO CONVENCIONAL, ESPESSURA 6 CM, ARMADO. AF_08/2022 | D9: M2 | E9: 400 | F9: 96.5 | G9: 38600 | H9: 0.038089873 | I9: 0.50674493
A10: 95626 | B10: SINAPI | C10: APLICAÇÃO MANUAL DE TINTA LÁTEX ACRÍLICA EM PAREDE EXTERNAS DE CASAS, DUAS DEMÃOS. AF_03/2024 | D10: M2 | E10: 1563.6 | F10: 21.63 | G10: 33820.67 | H10: 0.033373706 | I10: 0.54011864
A11: ED-51139 | B11: SETOP | C11: GUIA DE MEIO-FIO, EM CONCRETO COM FCK 20MPA, PRÉ-MOLDADA, MFC-01 PADRÃO DER-MG, DIMENSÕES (12X16,7X35)CM, EXCLUSIVE SARJETA, INCLUSIVE ESCAVAÇÃO, APILOAMENTO E TRANSPORTE COM RETIRADA DO MATERIAL ESCAVADO (EM CAÇAMBA) | D11: m | E11: 304 | F11: 96.81 | G11: 29430.24 | H11: 0.029041298 | I11: 0.56915994
A12: ED-29823 | B12: SETOP | C12: TAPUME FIXO DE PROTEÇÃO PARA FECHAMENTO DE OBRA EM TELHA METÁLICA GALVANIZADA, TIPO TRAPEZOIDAL, ESP. 0,5MM, COM MÓDULO NA DIMENSÃO DE (300X220)CM, COM REAPROVEITAMENTO, EXCLUSIVE PINTURA ESMALTE, INCLUSIVE PONTALETE E FIXAÇÃO | D12: m2 | E12: 352 | F12: 82.55 | G12: 29057.6 | H12: 0.028673583 | I12: 0.59783352
A13: ED-49810 | B13: SETOP | C13: FÔRMA E DESFORMA PARA VIGA-CINTA/BLOCO COM TÁBUA E SARRAFO, REAPROVEITAMENTO (3X) (FUNDAÇÃO) | D13: m2 | E13: 275.8 | F13: 96.94 | G13: 26736.05 | H13: 0.026382714 | I13: 0.62421623
A14: 92443 | B14: SINAPI | C14: MONTAGEM E DESMONTAGEM DE FÔRMA DE PILARES RETANGULARES E ESTRUTURAS SIMILARES, PÉ-DIREITO SIMPLES, EM CHAPA DE MADEIRA COMPENSADA PLASTIFICADA, 18 UTILIZAÇÕES. AF_09/2020 | D14: M2 | E14: 387.7 | F14: 64.35 | G14: 24948.5 | H14: 0.024618788 | I14: 0.64883502
A15: ED-17989 | B15: SETOP | C15: LOCAÇÃO DE OBRA COM GABARITO DE TÁBUAS CORRIDAS PONTALETADAS A CADA 2,00M, REAPROVEITAMENTO (2X), INCLUSIVE ACOMPANHAMENTO DE EQUIPE TOPOGRÁFICA PARA MARCAÇÃO DE PONTO TOPOGRÁFICO | D15: m | E15: 296 | F15: 76.28 | G15: 22578.88 | H15: 0.022280484 | I15: 0.6711155
A16: ED-49638 | B16: SETOP | C16: FORNECIMENTO DE CONCRETO ESTRUTURAL, USINADO BOMBEADO, COM FCK 25MPA, INCLUSIVE LANÇAMENTO, ADENSAMENTO E ACABAMENTO | D16: m3 | E16: 25.6 | F16: 877.44 | G16: 22462.47 | H16: 0.022165612 | I16: 0.69328112
A17: 98554 | B17: SINAPI | C17: IMPERMEABILIZAÇÃO DE SUPERFÍCIE COM MEMBRANA À BASE DE RESINA ACRÍLICA, 3 DEMÃOS. AF_09/2023 | D17: M2 | E17: 347.04 | F17: 57.55 | G17: 19972.15 | H17: 0.019708204 | I17: 0.71298932
A18: ED-48392 | B18: SETOP | C18: CINTA DE AMARRAÇÃO DE ALVENARIA COM BLOCO DE CONCRETO ESTRUTURAL, CANALETA TIPO "U", ESP. 19CM, (FBK 4,5MPA), INCLUSIVE ARGAMASSA PARA ASSENTAMENTO, EXCLUSIVE GRAUTE E ARMAÇÃO | D18: m | E18: 578.4 | F18: 32.07 | G18: 18549.29 | H18: 0.018304148 | I18: 0.73129347
A19: ED-50270 | B19: SETOP | C19: LIMPEZA PERMANENTE DA OBRA - 01 SERVENTE X 4 HORAS DIÁRIAS | D19: mês | E19: 6 | F19: 2914.26 | G19: 17485.56 | H19: 0.017254476 | I19: 0.74854794
A20: ED-50667 | B20: SETOP | C20: CHAPIM EM CHAPA GALVANIZADA, COM PINGADEIRA, ESP. 0,65MM (GSG-24), COM DESENVOLVIMENTO DE 35CM, INCLUSIVE IÇAMENTO MANUAL VERTICAL | D20: m | E20: 296 | F20: 58.87 | G20: 17425.52 | H20: 0.017195229 | I20: 0.76574317
A21: 87885 | B21: SINAPI | C21: CHAPISCO APLICADO NO TETO OU EM ALVENARIA E ESTRUTURA, COM ROLO PARA TEXTURA ACRÍLICA. ARGAMASSA INDUSTRIALIZADA COM PREPARO EM MISTURADOR 300 KG. AF_10/2022 | D21: M2 | E21: 1563.6 | F21: 10.51 | G21: 16433.44 | H21: 0.01621626 | I21: 0.78195943
A22: ED-14762 | B22: SETOP | C22: SARJETA DE CONCRETO URBANO (SCU), TIPO 1, COM FCK 15 MPA, LARGURA DE 50CM COM INCLINAÇÃO DE 3%, ESP. 7CM, PADRÃO DER-MG, EXCLUSIVE MEIO-FIO, INCLUSIVE ESCAVAÇÃO, APILAOMENTO E TRANSPORTE COM RETIRADA DO MATERIAL ESCAVADO (EM CAÇAMBA) | D22: m | E22: 304 | F22: 53.68 | G22: 16318.72 | H22: 0.016103056 | I22: 0.79806249
A23: ED-49805 | B23: SETOP | C23: FORNECIMENTO DE CONCRETO ESTRUTURAL, USINADO BOMBEADO, COM FCK 25MPA, INCLUSIVE LANÇAMENTO, ADENSAMENTO E ACABAMENTO (FUNDAÇÃO) | D23: m3 | E23: 16.5 | F23: 858.83 | G23: 14170.7 | H23: 0.013983424 | I23: 0.81204591
A24: ED-49806 | B24: SETOP | C24: FORNECIMENTO DE CONCRETO ESTRUTURAL, USINADO BOMBEADO, COM FCK 30MPA, INCLUSIVE LANÇAMENTO, ADENSAMENTO E ACABAMENTO (FUNDAÇÃO) | D24: m3 | E24: 15.6 | F24: 883.97 | G24: 13789.93 | H24: 0.013607686 | I24: 0.8256536
A25: ED-50680 | B25: SETOP | C25: RUFO E CONTRARRUFO EM CHAPA GALVANIZADA, ESP. 0,65MM (GSG-24), COM DESENVOLVIMENTO DE 60CM, INCLUSIVE IÇAMENTO MANUAL VERTICAL | D25: m | E25: 138 | F25: 96.89 | G25: 13370.82 | H25: 0.013194115 | I25: 0.83884772
A26: ED-51125 | B26: SETOP | C26: TRANSPORTE DE MATERIAL DEMOLIDO EM CAÇAMBA, EXCLUSIVE CARGA MANUAL OU MECÂNICA | D26: m3 | E26: 171.6 | F26: 75.91 | G26: 13026.16 | H26: 0.01285401 | I26: 0.85170173
A27: 97624 | B27: SINAPI | C27: DEMOLIÇÃO DE ALVENARIA DE TIJOLO MACIÇO, DE FORMA MANUAL, SEM REAPROVEITAMENTO. AF_09/2023 | D27: M3 | E27: 90 | F27: 142.3 | G27: 12807 | H27: 0.012637746 | I27: 0.86433947
A28: 105127 | B28: SINAPI | C28: INSTALAÇÃO DE CONCERTINA DUPLA CLIPADA, ESPIRAL DE 300 MM. AF_03/2024 | D28: M | E28: 296 | F28: 34.44 | G28: 10194.24 | H28: 0.010059516 | I28: 0.87439899
A29: 88485 | B29: SINAPI | C29: FUNDO SELADOR ACRÍLICO, APLICAÇÃO MANUAL EM PAREDE, UMA DEMÃO. AF_04/2023 | D29: M2 | E29: 1563.6 | F29: 6 | G29: 9381.6 | H29: 0.0092576154 | I29: 0.8836566
A30: ED-51134 | B30: SETOP | C30: TRANSPORTE DE MATERIAL DE QUALQUER NATUREZA COM CARRINHO DE MÃO, COM DISTÂNCIAS MAIORES QUE 50M E MENORES OU IGUAIS A 100M, INCLUSIVE CARGA/DESGARGA | D30: m3 | E30: 171.6 | F30: 52.51 | G30: 9010.72 | H30: 0.0088916369 | I30: 0.89254824
A31: ED-50155 | B31: SETOP | C31: LOCAÇÃO DE BANHEIRO QUÍMICO, DIMENSÃO (110X120X230)CM, LINHA PADRÃO, CONTENDO UMA (1) PIA/HIGIENIZADOR DE MÃOS, INCLUSIVE MANUTENÇÃO E MOBILIZAÇÃO/DESMOBILIZAÇÃO | D31: mês | E31: 6 | F31: 1328.46 | G31: 7970.76 | H31: 0.0078654207 | I31: 0.90041366
A32: 90278 | B32: SINAPI | C32: GRAUTE FGK=15 MPA; TRAÇO 1:0,04:2,2:2,5 (EM MASSA SECA DE CIMENTO/CAL/AREIA GROSSA/BRITA 0) - PREPARO MECÂNICO COM BETONEIRA 400 L. AF_09/2021 | D32: M3 | E32: 10.4 | F32: 738.03 | G32: 7675.51 | H32: 0.0075740726 | I32: 0.90798773
A33: 98557 | B33: SINAPI | C33: IMPERMEABILIZAÇÃO DE SUPERFÍCIE COM EMULSÃO ASFÁLTICA, 2 DEMÃOS. AF_09/2023 | D33: M2 | E33: 141.7 | F33: 51.27 | G33: 7264.96 | H33: 0.0071689484 | I33: 0.91515668
A34: ED-50982 | B34: SETOP | C34: PORTÃO EM CHAPA DE AÇO GALVANIZADO, TIPO LAMBRIL, ESP. 1,25MM (GSG-18), COM REQUADRO EM TUBO DE AÇO (50X30)MM, ESP. 1,25MM, EXCLUSIVE CADEADO E PINTURA | D34: m2 | E34: 11.4 | F34: 605.8 | G34: 6906.12 | H34: 0.0068148507 | I34: 0.92197153
A35: ED-16350 | B35: SETOP | C35: LOCAÇÃO DE CONTAINER COM ISOLAMENTO TÉRMICO, TIPO 3, PARA DEPÓSITO/FERRAMENTARIA DE OBRA, COM MEDIDAS REFERENCIAIS DE (6) METROS COMPRIMENTO, (2,3) METROS LARGURA E (2,5) METROS ALTURA ÚTIL INTERNA, INCLUSIVE LIGAÇÕES ELÉTRICAS INTERNAS, EXCLUSIVE MOBILIZAÇÃO/DESMOBILIZAÇÃO E LIGAÇÕES PROVISÓRIAS EXTERNAS | D35: mês | E35: 6 | F35: 1086.4 | G35: 6518.4 | H35: 0.0064322547 | I35: 0.92840379
A36: 96527 | B36: SINAPI | C36: ESCAVAÇÃO MANUAL PARA VIGA BALDRAME OU SAPATA CORRIDA (INCLUINDO ESCAVAÇÃO PARA COLOCAÇÃO DE FÔRMAS). AF_01/2024 | D36: M3 | E36: 46.3 | F36: 137.91 | G36: 6385.23 | H36: 0.0063008446 | I36: 0.93470463
A37: ED-49813 | B37: SETOP | C37: LASTRO DE BRITA COM PEDRA BRITADA NÚMERO 2 E 3, INCLUSIVE ADENSAMENTO E APILOAMENTO MANUAL | D37: m3 | E37: 22.7 | F37: 264.19 | G37: 5997.11 | H37: 0.0059178539 | I37: 0.94062249
A38: 104796 | B38: SINAPI | C38: DEMOLIÇÃO DE GUIAS, SARJETAS OU SARJETÕES, DE FORMA MECANIZADA, SEM REAPROVEITAMENTO. AF_09/2023 | D38: M | E38: 304 | F38: 18.4 | G38: 5593.6 | H38: 0.0055196766 | I38: 0.94614216
A39: 103689 | B39: SINAPI | C39: FORNECIMENTO E INSTALAÇÃO DE PLACA DE OBRA COM CHAPA GALVANIZADA E ESTRUTURA DE MADEIRA. AF_03/2022_PS | D39: M2 | E39: 8 | F39: 632.99 | G39: 5063.92 | H39: 0.0049969967 | I39: 0.95113916
A40: ED-50166 | B40: SETOP | C40: REMANEJAMENTO DE TAPUME FIXO DE PROTEÇÃO PARA FECHAMENTO DE OBRA, INCLUSIVE ESCAVAÇÃO MANUAL E REATERRO COMPACTADO | D40: m2 | E40: 352 | F40: 13.89 | G40: 4889.28 | H40: 0.0048246647 | I40: 0.95596382
A41: ED-50983 | B41: SETOP | C41: PORTÃO DE GRADE EM BARRA REDONDA 1/2" E REQUADRO EM BARRA CHATA 1.1/4"X3/16", EXCLUSIVE CADEADO E PINTURA | D41: m2 | E41: 9.3 | F41: 520.77 | G41: 4843.16 | H41: 0.0047791542 | I41: 0.96074298
A42: 100952 | B42: SINAPI | C42: TRANSPORTE COM CAMINHÃO CARROCERIA COM GUINDAUTO (MUNCK), MOMENTO MÁXIMO DE CARGA 11,7 TM, EM VIA URBANA PAVIMENTADA, DMT ATÉ 30KM (UNIDADE: TXKM). AF_07/2020 | D42: TXKM | E42: 1304.16 | F42: 3.61 | G42: 4708.02 | H42: 0.0046458001 | I42: 0.96538878
A43: 2745 | B43: SINAPI | C43: PONTALETE ROLICO SEM TRATAMENTO, D = 8 A 11 CM, H = 3 M, EM EUCALIPTO OU EQUIVALENTE DA REGIAO - BRUTA (PARA ESCORAMENTO) | D43: M | E43: 1080 | F43: 4.09 | G43: 4417.2 | H43: 0.0043588235 | I43: 0.9697476
A44: 96523 | B44: SINAPI | C44: ESCAVAÇÃO MANUAL PARA BLOCO DE COROAMENTO OU SAPATA (INCLUINDO ESCAVAÇÃO PARA COLOCAÇÃO DE FÔRMAS). AF_01/2024 | D44: M3 | E44: 34.3 | F44: 125.43 | G44: 4302.25 | H44: 0.0042453927 | I44: 0.97399299
A45: 104790 | B45: SINAPI | C45: DEMOLIÇÃO DE PISO DE CONCRETO SIMPLES, DE FORMA MECANIZADA COM MARTELETE, SEM REAPROVEITAMENTO. AF_09/2023 | D45: M3 | E45: 22 | F45: 138.68 | G45: 3050.96 | H45: 0.0030106394 | I45: 0.97700363
A46: ED-50579 | B46: SETOP | C46: APLICAÇÃO DE SELANTE, MASTIQUE ELÁSTICO, EM JUNTA DE DILAÇÃO, DIMENSÃO (20X10)MM, FATOR DE FORMA 1:2, EXCLUSIVE DELIMITADOR DE PROFUNDIDADE | D46: m | E46: 54 | F46: 46.57 | G46: 2514.78 | H46: 0.0024815454 | I46: 0.97948518
A47: 95875 | B47: SINAPI | C47: TRANSPORTE COM CAMINHÃO BASCULANTE DE 10 M³, EM VIA URBANA PAVIMENTADA, DMT ATÉ 30 KM (UNIDADE: M3XKM). AF_07/2020 | D47: M3XKM | E47: 759.17 | F47: 3.15 | G47: 2391.39 | H47: 0.0023597861 | I47: 0.98184497
A48: 98527 | B48: SINAPI | C48: REMOÇÃO DE RAÍZES REMANESCENTES DE TRONCO DE ÁRVORE COM DIÂMETRO MAIOR OU IGUAL A 0,40 M E MENOR QUE 0,60 M. AF_03/2024 | D48: UN | E48: 8 | F48: 297.02 | G48: 2376.16 | H48: 0.0023447573 | I48: 0.98418972
A49: 98526 | B49: SINAPI | C49: REMOÇÃO DE RAÍZES REMANESCENTES DE TRONCO DE ÁRVORE COM DIÂMETRO MAIOR OU IGUAL A 0,20 M E MENOR QUE 0,40 M. AF_03/2024 | D49: UN | E49: 13 | F49: 178.96 | G49: 2326.48 | H49: 0.0022957339 | I49: 0.98648546
A50: 93382 | B50: SINAPI | C50: REATERRO MANUAL DE VALAS, COM COMPACTADOR DE SOLOS DE PERCUSSÃO. AF_08/2023 | D50: M3 | E50: 63.05 | F50: 35.01 | G50: 2207.38 | H50: 0.0021782079 | I50: 0.98866366
A51: 92450 | B51: SINAPI | C51: MONTAGEM E DESMONTAGEM DE FÔRMA DE VIGA, ESCORAMENTO METÁLICO, PÉ-DIREITO DUPLO, EM CHAPA DE MADEIRA RESINADA, 2 UTILIZAÇÕES. AF_09/2020 | D51: M2 | E51: 5.5 | F51: 382.63 | G51: 2104.47 | H51: 0.0020766579 | I51: 0.99074032
A52: ED-50137 | B52: SETOP | C52: MOBILIZAÇÃO E DESMOBILIZAÇÃO DE CONTAINER, INCLUSIVE CARGA, DESCARGA E TRANSPORTE EM CAMINHÃO CARROCERIA COM GUINDAUTO (MUNCK), EXCLUSIVE LOCAÇÃO DO CONTAINER | D52: un | E52: 1 | F52: 2063.82 | G52: 2063.82 | H52: 0.0020365451 | I52: 0.99277687
A53: 97113 | B53: SINAPI | C53: APLICAÇÃO DE LONA PLÁSTICA PARA EXECUÇÃO DE PAVIMENTOS DE CONCRETO. AF_04/2022 | D53: M2 | E53: 400 | F53: 4.23 | G53: 1692 | H53: 0.001669639 | I53: 0.99444651
A54: ED-50497 | B54: SETOP | C54: PINTURA ESMALTE BASE SOLVENTE EM ESTRUTURA METÁLICA, DUAS (2) DEMÃOS, COM APLICAÇÃO MANUAL, INCLUSIVE UMA (1) DEMÃO FUNDO GALVANIZADO | D54: m2 | E54: 38.32 | F54: 43.46 | G54: 1665.39 | H54: 0.0016433807 | I54: 0.99608989
A55: ED-49812 | B55: SETOP | C55: LASTRO DE CONCRETO MAGRO, INCLUSIVE TRANSPORTE, LANÇAMENTO E ADENSAMENTO | D55: m3 | E55: 1.9 | F55: 758.79 | G55: 1441.7 | H55: 0.0014226469 | I55: 0.99751253
A56: 100982 | B56: SINAPI | C56: CARGA, MANOBRA E DESCARGA DE ENTULHO EM CAMINHÃO BASCULANTE 10 M³ - CARGA COM ESCAVADEIRA HIDRÁULICA (CAÇAMBA DE 0,80 M³ / 111 HP) E DESCARGA LIVRE (UNIDADE: M3). AF_07/2020 | D56: M3 | E56: 85.8 | F56: 11.49 | G56: 985.84 | H56: 0.00097281142 | I56: 0.99848535
A57: 100574 | B57: SINAPI | C57: ESPALHAMENTO DE MATERIAL COM TRATOR DE ESTEIRAS. AF_09/2024 | D57: M3 | E57: 299.13 | F57: 1.83 | G57: 547.41 | H57: 0.00054017559 | I57: 0.99902552
A58: ED-16358 | B58: SETOP | C58: LIGAÇÕES PROVISÓRIAS PARA CONTAINER TIPO 3 (CORRESPONDENTE AO CÓDIGO ED-16350) | D58: un | E58: 1 | F58: 423.42 | G58: 423.42 | H58: 0.0004178242 | I58: 0.99944335
A59: 100978 | B59: SINAPI | C59: CARGA, MANOBRA E DESCARGA DE SOLOS E MATERIAIS GRANULARES EM CAMINHÃO BASCULANTE 10 M³ - CARGA COM ESCAVADEIRA HIDRÁULICA (CAÇAMBA DE 1,20 M³ / 155 HP) E DESCARGA LIVRE (UNIDADE: M3). AF_07/2020 | D59: M3 | E59: 41.73 | F59: 8.91 | G59: 371.81 | H59: 0.00036689626 | I59: 0.99981024
A60: ED-50235 | B60: SETOP | C60: TRATAMENTO DE JUNTA DE DILATAÇÃO COM ISOPOR, ESP. 20 MM, PROFUNDIDADE DE 10-15CM, EXCLUSIVE SELANTE | D60: m | E60: 54 | F60: 1.73 | G60: 93.42 | H60: 9.2185388e-05 | I60: 0.99990243
A61: 93184 | B61: SINAPI | C61: VERGA PRÉ-MOLDADA COM ATÉ 1,5 M DE VÃO, ESPESSURA DE *20* CM. AF_03/2024 | D61: M | E61: 1.4 | F61: 40.11 | G61: 56.15 | H61: 5.5407938e-05 | I61: 0.99995783
A62: ED-50508 | B62: SETOP | C62: LIXAMENTO MANUAL EM SUPERFÍCIE METÁLICA PARA REMOÇÃO DE TINTA E/OU FUNDO ANTICORROSIVA | D62: m2 | E62: 6.22 | F62: 6.87 | G62: 42.73 | H62: 4.2165292e-05 | I62: 1

Sheet Auxiliar_ABC2
A1: 1 | D1: 1.1 | E1: ENGENHEIRO CIVIL DE OBRA JUNIOR COM ENCARGOS COMPLEMENTARES | F1: 90777 | G1: SINAPI | H1: H | I1: 264 | J1: 119.76 | K1: BDI 1 | L1: 151.52 | M1: 31616.64 | N1: 40001.28
A2: 2 | B2: 1 | D2: 2.1.1 | E2: LOCAÇÃO DE CONTAINER COM ISOLAMENTO TÉRMICO, TIPO 3, PARA DEPÓSITO/FERRAMENTARIA DE OBRA, COM MEDIDAS REFERENCIAIS DE (6) METROS COMPRIMENTO, (2,3) METROS LARGURA E (2,5) METROS ALTURA ÚTIL INTERNA, INCLUSIVE LIGAÇÕES ELÉTRICAS INTERNAS, EXCLUSIVE MOBILIZAÇÃO/DESMOBILIZAÇÃO E LIGAÇÕES PROVISÓRIAS EXTERNAS | F2: ED-16350 | G2: SETOP | H2: mês | I2: 6 | J2: 858.68 | K2: BDI 1 | L2: 1086.4 | M2: 5152.08 | N2: 6518.4
A3: 2 | B3: 1 | D3: 2.1.2 | E3: MOBILIZAÇÃO E DESMOBILIZAÇÃO DE CONTAINER, INCLUSIVE CARGA, DESCARGA E TRANSPORTE EM CAMINHÃO CARROCERIA COM GUINDAUTO (MUNCK), EXCLUSIVE LOCAÇÃO DO CONTAINER | F3: ED-50137 | G3: SETOP | H3: un | I3: 1 | J3: 1631.22 | K3: BDI 1 | L3: 2063.82 | M3: 1631.22 | N3: 2063.82
A4: 2 | B4: 2 | D4: 2.2.1 | E4: LIGAÇÕES PROVISÓRIAS PARA CONTAINER TIPO 3 (CORRESPONDENTE AO CÓDIGO ED-16350) | F4: ED-16358 | G4: SETOP | H4: un | I4: 1 | J4: 334.67 | K4: BDI 1 | L4: 423.42 | M4: 334.67 | N4: 423.42
A5: 2 | B5: 2 | D5: 2.2.2 | E5: LOCAÇÃO DE BANHEIRO QUÍMICO, DIMENSÃO (110X120X230)CM, LINHA PADRÃO, CONTENDO UMA (1) PIA/HIGIENIZADOR DE MÃOS, INCLUSIVE MANUTENÇÃO E MOBILIZAÇÃO/DESMOBILIZAÇÃO | F5: ED-50155 | G5: SETOP | H5: mês | I5: 6 | J5: 1050 | K5: BDI 1 | L5: 1328.46 | M5: 6300 | N5: 7970.76
A6: 2 | B6: 3 | D6: 2.3.1 | E6: TAPUME FIXO DE PROTEÇÃO PARA FECHAMENTO DE OBRA EM TELHA METÁLICA GALVANIZADA, TIPO TRAPEZOIDAL, ESP. 0,5MM, COM MÓDULO NA DIMENSÃO DE (300X220)CM, COM REAPROVEITAMENTO, EXCLUSIVE PINTURA ESMALTE, INCLUSIVE PONTALETE E FIXAÇÃO | F6: ED-29823 | G6: SETOP | H6: m2 | I6: 352 | J6: 65.25 | K6: BDI 1 | L6: 82.55 | M6: 22968 | N6: 29057.6
A7: 2 | B7: 3 | D7: 2.3.2 | E7: REMANEJAMENTO DE TAPUME FIXO DE PROTEÇÃO PARA FECHAMENTO DE OBRA, INCLUSIVE ESCAVAÇÃO MANUAL E REATERRO COMPACTADO | F7: ED-50166 | G7: SETOP | H7: m2 | I7: 352 | J7: 10.98 | K7: BDI 1 | L7: 13.89 | M7: 3864.96 | N7: 4889.28
A8: 3 | B8: 1 | D8: 3.1.1 | E8: FORNECIMENTO E INSTALAÇÃO DE PLACA DE OBRA COM CHAPA GALVANIZADA E ESTRUTURA DE MADEIRA. AF_03/2022_PS | F8: 103689 | G8: SINAPI | H8: M2 | I8: 8 | J8: 500.31 | K8: BDI 1 | L8: 632.99 | M8: 4002.48 | N8: 5063.92
A9: 3 | B9: 2 | D9: 3.2.1 | E9: LOCAÇÃO DE OBRA COM GABARITO DE TÁBUAS CORRIDAS PONTALETADAS A CADA 2,00M, REAPROVEITAMENTO (2X), INCLUSIVE ACOMPANHAMENTO DE EQUIPE TOPOGRÁFICA PARA MARCAÇÃO DE PONTO TOPOGRÁFICO | F9: ED-17989 | G9: SETOP | H9: m | I9: 296 | J9: 60.29 | K9: BDI 1 | L9: 76.28 | M9: 17845.84 | N9: 22578.88
A10: 4 | B10: 1 | D10: 4.1.1 | E10: PONTALETE ROLICO SEM TRATAMENTO, D = 8 A 11 CM, H = 3 M, EM EUCALIPTO OU EQUIVALENTE DA REGIAO - BRUTA (PARA ESCORAMENTO) | F10: 2745 | G10: SINAPI | H10: M | I10: 1080 | J10: 3.23 | K10: BDI 1 | L10: 4.09 | M10: 3488.4 | N10: 4417.2
A11: 4 | B11: 1 | D11: 4.1.2 | E11: DEMOLIÇÃO DE ALVENARIA DE TIJOLO MACIÇO, DE FORMA MANUAL, SEM REAPROVEITAMENTO. AF_09/2023 | F11: 97624 | G11: SINAPI | H11: M3 | I11: 90 | J11: 112.47 | K11: BDI 1 | L11: 142.3 | M11: 10122.3 | N11: 12807
A12: 4 | B12: 1 | D12: 4.1.3 | E12: DEMOLIÇÃO DE PISO DE CONCRETO SIMPLES, DE FORMA MECANIZADA COM MARTELETE, SEM REAPROVEITAMENTO. AF_09/2023 | F12: 104790 | G12: SINAPI | H12: M3 | I12: 22 | J12: 109.61 | K12: BDI 1 | L12: 138.68 | M12: 2411.42 | N12: 3050.96
A13: 4 | B13: 1 | D13: 4.1.4 | E13: DEMOLIÇÃO DE GUIAS, SARJETAS OU SARJETÕES, DE FORMA MECANIZADA, SEM REAPROVEITAMENTO. AF_09/2023 | F13: 104796 | G13: SINAPI | H13: M | I13: 304 | J13: 14.54 | K13: BDI 1 | L13: 18.4 | M13: 4420.16 | N13: 5593.6
A14: 4 | B14: 2 | D14: 4.2.1 | E14: REMOÇÃO DE RAÍZES REMANESCENTES DE TRONCO DE ÁRVORE COM DIÂMETRO MAIOR OU IGUAL A 0,20 M E MENOR QUE 0,40 M. AF_03/2024 | F14: 98526 | G14: SINAPI | H14: UN | I14: 13 | J14: 141.45 | K14: BDI 1 | L14: 178.96 | M14: 1838.85 | N14: 2326.48
A15: 4 | B15: 2 | D15: 4.2.2 | E15: REMOÇÃO DE RAÍZES REMANESCENTES DE TRONCO DE ÁRVORE COM DIÂMETRO MAIOR OU IGUAL A 0,40 M E MENOR QUE 0,60 M. AF_03/2024 | F15: 98527 | G15: SINAPI | H15: UN | I15: 8 | J15: 234.76 | K15: BDI 1 | L15: 297.02 | M15: 1878.08 | N15: 2376.16
A16: 4 | B16: 3 | D16: 4.3.1 | E16: TRANSPORTE DE MATERIAL DE QUALQUER NATUREZA COM CARRINHO DE MÃO, COM DISTÂNCIAS MAIORES QUE 50M E MENORES OU IGUAIS A 100M, INCLUSIVE CARGA/DESGARGA | F16: ED-51134 | G16: SETOP | H16: m3 | I16: 171.6 | J16: 41.5 | K16: BDI 1 | L16: 52.51 | M16: 7121.4 | N16: 9010.72
A17: 4 | B17: 3 | D17: 4.3.2 | E17: TRANSPORTE DE MATERIAL DEMOLIDO EM CAÇAMBA, EXCLUSIVE CARGA MANUAL OU MECÂNICA | F17: ED-51125 | G17: SETOP | H17: m3 | I17: 171.6 | J17: 60 | K17: BDI 1 | L17: 75.91 | M17: 10296 | N17: 13026.16
A18: 4 | B18: 3 | D18: 4.3.3 | E18: TRANSPORTE COM CAMINHÃO CARROCERIA COM GUINDAUTO (MUNCK), MOMENTO MÁXIMO DE CARGA 11,7 TM, EM VIA URBANA PAVIMENTADA, DMT ATÉ 30KM (UNIDADE: TXKM). AF_07/2020 | F18: 100952 | G18: SINAPI | H18: TXKM | I18: 1304.16 | J18: 2.85 | K18: BDI 1 | L18: 3.61 | M18: 3716.86 | N18: 4708.02
A19: 4 | B19: 4 | D19: 4.4.1 | E19: ESPALHAMENTO DE MATERIAL COM TRATOR DE ESTEIRAS. AF_09/2024 | F19: 100574 | G19: SINAPI | H19: M3 | I19: 171.6 | J19: 1.45 | K19: BDI 1 | L19: 1.83 | M19: 248.82 | N19: 314.03
A20: 5 | B20: 1 | D20: 5.1.1 | E20: ESCAVAÇÃO MANUAL PARA BLOCO DE COROAMENTO OU SAPATA (INCLUINDO ESCAVAÇÃO PARA COLOCAÇÃO DE FÔRMAS). AF_01/2024 | F20: 96523 | G20: SINAPI | H20: M3 | I20: 34.3 | J20: 99.14 | K20: BDI 1 | L20: 125.43 | M20: 3400.5 | N20: 4302.25
A21: 5 | B21: 1 | D21: 5.1.2 | E21: ESCAVAÇÃO MANUAL PARA VIGA BALDRAME OU SAPATA CORRIDA (INCLUINDO ESCAVAÇÃO PARA COLOCAÇÃO DE FÔRMAS). AF_01/2024 | F21: 96527 | G21: SINAPI | H21: M3 | I21: 46.3 | J21: 109 | K21: BDI 1 | L21: 137.91 | M21: 5046.7 | N21: 6385.23
A22: 5 | B22: 1 | D22: 5.1.3 | E22: REATERRO MANUAL DE VALAS, COM COMPACTADOR DE SOLOS DE PERCUSSÃO. AF_08/2023 | F22: 93382 | G22: SINAPI | H22: M3 | I22: 63.05 | J22: 27.67 | K22: BDI 1 | L22: 35.01 | M22: 1744.59 | N22: 2207.38
A23: 5 | B23: 1 | D23: 5.1.4 | E23: CARGA, MANOBRA E DESCARGA DE SOLOS E MATERIAIS GRANULARES EM CAMINHÃO BASCULANTE 10 M³ - CARGA COM ESCAVADEIRA HIDRÁULICA (CAÇAMBA DE 1,20 M³ / 155 HP) E DESCARGA LIVRE (UNIDADE: M3). AF_07/2020 | F23: 100978 | G23: SINAPI | H23: M3 | I23: 41.73 | J23: 7.04 | K23: BDI 1 | L23: 8.91 | M23: 293.78 | N23: 371.81
A24: 5 | B24: 2 | D24: 5.2.1 | E24: TRANSPORTE COM CAMINHÃO BASCULANTE DE 10 M³, EM VIA URBANA PAVIMENTADA, DMT ATÉ 30 KM (UNIDADE: M3XKM). AF_07/2020 | F24: 95875 | G24: SINAPI | H24: M3XKM | I24: 158.57 | J24: 2.49 | K24: BDI 1 | L24: 3.15 | M24: 394.84 | N24: 499.5
A25: 5 | B25: 3 | D25: 5.3.1 | E25: ESPALHAMENTO DE MATERIAL COM TRATOR DE ESTEIRAS. AF_09/2024 | F25: 100574 | G25: SINAPI | H25: M3 | I25: 41.73 | J25: 1.45 | K25: BDI 1 | L25: 1.83 | M25: 60.51 | N25: 76.37
A26: 6 | B26: 1 | C26: 1 | D26: 6.1.1.1 | E26: ESTACA BROCA DE CONCRETO, DIÂMETRO DE 25CM, ESCAVAÇÃO MANUAL COM TRADO CONCHA, COM ARMADURA DE ARRANQUE. AF_05/2020 | F26: 101174 | G26: SINAPI | H26: M | I26: 488 | J26: 91.6 | K26: BDI 1 | L26: 115.89 | M26: 44700.8 | N26: 56554.32
A27: 6 | B27: 1 | C27: 1 | D27: 6.1.1.2 | E27: CORTE, DOBRA E MONTAGEM DE AÇO CA-50/60, INCLUSIVE ESPAÇADOR | F27: ED-48298 | G27: SETOP | H27: Kg | I27: 181.12 | J27: 13.36 | K27: BDI 1 | L27: 16.9 | M27: 2419.76 | N27: 3060.93
A28: 6 | B28: 1 | C28: 2 | D28: 6.1.2.1 | E28: LASTRO DE CONCRETO MAGRO, INCLUSIVE TRANSPORTE, LANÇAMENTO E ADENSAMENTO | F28: ED-49812 | G28: SETOP | H28: m3 | I28: 1.9 | J28: 599.74 | K28: BDI 1 | L28: 758.79 | M28: 1139.51 | N28: 1441.7
A29: 6 | B29: 1 | C29: 2 | D29: 6.1.2.2 | E29: CORTE, DOBRA E MONTAGEM DE AÇO CA-50/60, INCLUSIVE ESPAÇADOR | F29: ED-48298 | G29: SETOP | H29: Kg | I29: 459.6 | J29: 13.36 | K29: BDI 1 | L29: 16.9 | M29: 6140.26 | N29: 7767.24
A30: 6 | B30: 1 | C30: 2 | D30: 6.1.2.3 | E30: FÔRMA E DESFORMA PARA VIGA-CINTA/BLOCO COM TÁBUA E SARRAFO, REAPROVEITAMENTO (3X) (FUNDAÇÃO) | F30: ED-49810 | G30: SETOP | H30: m2 | I30: 102.3 | J30: 76.62 | K30: BDI 1 | L30: 96.94 | M30: 7838.23 | N30: 9916.96
A31: 6 | B31: 1 | C31: 2 | D31: 6.1.2.4 | E31: FORNECIMENTO DE CONCRETO ESTRUTURAL, USINADO BOMBEADO, COM FCK 30MPA, INCLUSIVE LANÇAMENTO, ADENSAMENTO E ACABAMENTO (FUNDAÇÃO) | F31: ED-49806 | G31: SETOP | H31: m3 | I31: 15.6 | J31: 698.68 | K31: BDI 1 | L31: 883.97 | M31: 10899.41 | N31: 13789.93
A32: 6 | B32: 1 | C32: 3 | D32: 6.1.3.1 | E32: LASTRO DE BRITA COM PEDRA BRITADA NÚMERO 2 E 3, INCLUSIVE ADENSAMENTO E APILOAMENTO MANUAL | F32: ED-49813 | G32: SETOP | H32: m3 | I32: 2.7 | J32: 208.81 | K32: BDI 1 | L32: 264.19 | M32: 563.79 | N32: 713.31
A33: 6 | B33: 1 | C33: 3 | D33: 6.1.3.2 | E33: CORTE, DOBRA E MONTAGEM DE AÇO CA-50/60, INCLUSIVE ESPAÇADOR | F33: ED-48298 | G33: SETOP | H33: Kg | I33: 808.3 | J33: 13.36 | K33: BDI 1 | L33: 16.9 | M33: 10798.89 | N33: 13660.27
A34: 6 | B34: 1 | C34: 3 | D34: 6.1.3.3 | E34: FÔRMA E DESFORMA PARA VIGA-CINTA/BLOCO COM TÁBUA E SARRAFO, REAPROVEITAMENTO (3X) (FUNDAÇÃO) | F34: ED-49810 | G34: SETOP | H34: m2 | I34: 173.5 | J34: 76.62 | K34: BDI 1 | L34: 96.94 | M34: 13293.57 | N34: 16819.09
A35: 6 | B35: 1 | C35: 3 | D35: 6.1.3.4 | E35: FORNECIMENTO DE CONCRETO ESTRUTURAL, USINADO BOMBEADO, COM FCK 25MPA, INCLUSIVE LANÇAMENTO, ADENSAMENTO E ACABAMENTO (FUNDAÇÃO) | F35: ED-49805 | G35: SETOP | H35: m3 | I35: 16.5 | J35: 678.81 | K35: BDI 1 | L35: 858.83 | M35: 11200.37 | N35: 14170.7
A36: 6 | B36: 1 | C36: 3 | D36: 6.1.3.5 | E36: IMPERMEABILIZAÇÃO DE SUPERFÍCIE COM EMULSÃO ASFÁLTICA, 2 DEMÃOS. AF_09/2023 | F36: 98557 | G36: SINAPI | H36: M2 | I36: 141.7 | J36: 40.52 | K36: BDI 1 | L36: 51.27 | M36: 5741.68 | N36: 7264.96
A37: 6 | B37: 2 | C37: 1 | D37: 6.2.1.1 | E37: CORTE, DOBRA E MONTAGEM DE AÇO CA-50/60, INCLUSIVE ESPAÇADOR | F37: ED-48298 | G37: SETOP | H37: Kg | I37: 526.2 | J37: 13.36 | K37: BDI 1 | L37: 16.9 | M37: 7030.03 | N37: 8892.78
A38: 6 | B38: 2 | C38: 1 | D38: 6.2.1.2 | E38: CINTA DE AMARRAÇÃO DE ALVENARIA COM BLOCO DE CONCRETO ESTRUTURAL, CANALETA TIPO "U", ESP. 19CM, (FBK 4,5MPA), INCLUSIVE ARGAMASSA PARA ASSENTAMENTO, EXCLUSIVE GRAUTE E ARMAÇÃO | F38: ED-48392 | G38: SETOP | H38: m | I38: 578.4 | J38: 25.35 | K38: BDI 1 | L38: 32.07 | M38: 14662.44 | N38: 18549.29
A39: 6 | B39: 2 | C39: 1 | D39: 6.2.1.3 | E39: GRAUTE FGK=15 MPA; TRAÇO 1:0,04:2,2:2,5 (EM MASSA SECA DE CIMENTO/CAL/AREIA GROSSA/BRITA 0) - PREPARO MECÂNICO COM BETONEIRA 400 L. AF_09/2021 | F39: 90278 | G39: SINAPI | H39: M3 | I39: 10.4 | J39: 583.33 | K39: BDI 1 | L39: 738.03 | M39: 6066.63 | N39: 7675.51
A40: 6 | B40: 2 | C40: 1 | D40: 6.2.1.4 | E40: VERGA PRÉ-MOLDADA COM ATÉ 1,5 M DE VÃO, ESPESSURA DE *20* CM. AF_03/2024 | F40: 93184 | G40: SINAPI | H40: M | I40: 1.4 | J40: 31.7 | K40: BDI 1 | L40: 40.11 | M40: 44.38 | N40: 56.15
A41: 6 | B41: 2 | C41: 2 | D41: 6.2.2.1 | E41: CORTE, DOBRA E MONTAGEM DE AÇO CA-50/60, INCLUSIVE ESPAÇADOR | F41: ED-48298 | G41: SETOP | H41: Kg | I41: 1900.3 | J41: 13.36 | K41: BDI 1 | L41: 16.9 | M41: 25388.01 | N41: 32115.07
A42: 6 | B42: 2 | C42: 2 | D42: 6.2.2.2 | E42: MONTAGEM E DESMONTAGEM DE FÔRMA DE PILARES RETANGULARES E ESTRUTURAS SIMILARES, PÉ-DIREITO SIMPLES, EM CHAPA DE MADEIRA COMPENSADA PLASTIFICADA, 18 UTILIZAÇÕES. AF_09/2020 | F42: 92443 | G42: SINAPI | H42: M2 | I42: 387.7 | J42: 50.86 | K42: BDI 1 | L42: 64.35 | M42: 19718.42 | N42: 24948.5
A43: 6 | B43: 2 | C43: 2 | D43: 6.2.2.3 | E43: FORNECIMENTO DE CONCRETO ESTRUTURAL, USINADO BOMBEADO, COM FCK 25MPA, INCLUSIVE LANÇAMENTO, ADENSAMENTO E ACABAMENTO | F43: ED-49638 | G43: SETOP | H43: m3 | I43: 25.2 | J43: 693.52 | K43: BDI 1 | L43: 877.44 | M43: 17476.7 | N43: 22111.49
A44: 6 | B44: 2 | C44: 3 | D44: 6.2.3.1 | E44: CORTE, DOBRA E MONTAGEM DE AÇO CA-50/60, INCLUSIVE ESPAÇADOR | F44: ED-48298 | G44: SETOP | H44: Kg | I44: 26.5 | J44: 13.36 | K44: BDI 1 | L44: 16.9 | M44: 354.04 | N44: 447.85
A45: 6 | B45: 2 | C45: 3 | D45: 6.2.3.2 | E45: MONTAGEM E DESMONTAGEM DE FÔRMA DE VIGA, ESCORAMENTO METÁLICO, PÉ-DIREITO DUPLO, EM CHAPA DE MADEIRA RESINADA, 2 UTILIZAÇÕES. AF_09/2020 | F45: 92450 | G45: SINAPI | H45: M2 | I45: 5.5 | J45: 302.43 | K45: BDI 1 | L45: 382.63 | M45: 1663.37 | N45: 2104.47
A46: 6 | B46: 2 | C46: 3 | D46: 6.2.3.3 | E46: FORNECIMENTO DE CONCRETO ESTRUTURAL, USINADO BOMBEADO, COM FCK 25MPA, INCLUSIVE LANÇAMENTO, ADENSAMENTO E ACABAMENTO | F46: ED-49638 | G46: SETOP | H46: m3 | I46: 0.4 | J46: 693.52 | K46: BDI 1 | L46: 877.44 | M46: 277.41 | N46: 350.98
A47: 7 | B47: 1 | D47: 7.1.1 | E47: ALVENARIA DE VEDAÇÃO COM BLOCO DE CONCRETO, ESP. 19CM, INCLUSIVE ARGAMASSA PARA ASSENTAMENTO | F47: ED-48196 | G47: SETOP | H47: m2 | I47: 751.92 | J47: 88.93 | K47: BDI 1 | L47: 112.51 | M47: 66868.25 | N47: 84598.52
A48: 7 | B48: 1 | D48: 7.1.2 | E48: LIGAÇÃO ENTRE ALVENARIA E PILAR COM TELA METÁLICA EM AÇO GALVANIZADO | F48: DAC-7.1 | G48: CPU | H48: M2 | I48: 273 | J48: 124.42 | K48: BDI 1 | L48: 157.42 | M48: 33966.66 | N48: 42975.66
A49: 7 | B49: 2 | D49: 7.2.1 | E49: TRATAMENTO DE JUNTA DE DILATAÇÃO COM ISOPOR, ESP. 20 MM, PROFUNDIDADE DE 10-15CM, EXCLUSIVE SELANTE | F49: ED-50235 | G49: SETOP | H49: m | I49: 54 | J49: 1.37 | K49: BDI 1 | L49: 1.73 | M49: 73.98 | N49: 93.42
A50: 7 | B50: 2 | D50: 7.2.2 | E50: APLICAÇÃO DE SELANTE, MASTIQUE ELÁSTICO, EM JUNTA DE DILAÇÃO, DIMENSÃO (20X10)MM, FATOR DE FORMA 1:2, EXCLUSIVE DELIMITADOR DE PROFUNDIDADE | F50: ED-50579 | G50: SETOP | H50: m | I50: 54 | J50: 36.81 | K50: BDI 1 | L50: 46.57 | M50: 1987.74 | N50: 2514.78
A51: 7 | B51: 3 | D51: 7.3.1 | E51: IMPERMEABILIZAÇÃO DE SUPERFÍCIE COM MEMBRANA À BASE DE RESINA ACRÍLICA, 3 DEMÃOS. AF_09/2023 | F51: 98554 | G51: SINAPI | H51: M2 | I51: 347.04 | J51: 45.49 | K51: BDI 1 | L51: 57.55 | M51: 15786.85 | N51: 19972.15
A52: 7 | B52: 3 | D52: 7.3.2 | E52: CHAPISCO APLICADO NO TETO OU EM ALVENARIA E ESTRUTURA, COM ROLO PARA TEXTURA ACRÍLICA. ARGAMASSA INDUSTRIALIZADA COM PREPARO EM MISTURADOR 300 KG. AF_10/2022 | F52: 87885 | G52: SINAPI | H52: M2 | I52: 1563.6 | J52: 8.31 | K52: BDI 1 | L52: 10.51 | M52: 12993.52 | N52: 16433.44
A53: 7 | B53: 3 | D53: 7.3.3 | E53: MASSA ÚNICA, EM ARGAMASSA TRAÇO 1:2:8, PREPARO MECÂNICO, APLICADA MANUALMENTE EM PAREDES INTERNAS DE AMBIENTES COM ÁREA ENTRE 5M² E 10M², E = 17,5MM, COM TALISCAS. AF_03/2024 | F53: 87529 | G53: SINAPI | H53: M2 | I53: 1563.6 | J53: 40.27 | K53: BDI 1 | L53: 50.95 | M53: 62966.17 | N53: 79665.42
A54: 7 | B54: 3 | D54: 7.3.4 | E54: FUNDO SELADOR ACRÍLICO, APLICAÇÃO MANUAL EM PAREDE, UMA DEMÃO. AF_04/2023 | F54: 88485 | G54: SINAPI | H54: M2 | I54: 1563.6 | J54: 4.74 | K54: BDI 1 | L54: 6 | M54: 7411.46 | N54: 9381.6
A55: 7 | B55: 3 | D55: 7.3.5 | E55: APLICAÇÃO MANUAL DE MASSA ACRÍLICA EM PAREDES EXTERNAS DE CASAS, UMA DEMÃO. AF_03/2024 | F55: 96130 | G55: SINAPI | H55: M2 | I55: 1563.6 | J55: 20.49 | K55: BDI 1 | L55: 25.92 | M55: 32038.16 | N55: 40528.51
A56: 7 | B56: 3 | D56: 7.3.5 | E56: APLICAÇÃO MANUAL DE TINTA LÁTEX ACRÍLICA EM PAREDE EXTERNAS DE CASAS, DUAS DEMÃOS. AF_03/2024 | F56: 95626 | G56: SINAPI | H56: M2 | I56: 1563.6 | J56: 17.1 | K56: BDI 1 | L56: 21.63 | M56: 26737.56 | N56: 33820.67
A57: 7 | B57: 4 | D57: 7.4.1 | E57: INSTALAÇÃO DE MOLDURAS EM EPS | F57: DAC-7.2 | G57: CPU | H57: M | I57: 2005.7 | J57: 25.48 | K57: BDI 1 | L57: 32.24 | M57: 51105.24 | N57: 64663.77
A58: 8 | B58: 1 | D58: 8.1.1 | E58: LASTRO DE BRITA COM PEDRA BRITADA NÚMERO 2 E 3, INCLUSIVE ADENSAMENTO E APILOAMENTO MANUAL | F58: ED-49813 | G58: SETOP | H58: m3 | I58: 20 | J58: 208.81 | K58: BDI 1 | L58: 264.19 | M58: 4176.2 | N58: 5283.8
A59: 8 | B59: 1 | D59: 8.1.2 | E59: APLICAÇÃO DE LONA PLÁSTICA PARA EXECUÇÃO DE PAVIMENTOS DE CONCRETO. AF_04/2022 | F59: 97113 | G59: SINAPI | H59: M2 | I59: 400 | J59: 3.34 | K59: BDI 1 | L59: 4.23 | M59: 1336 | N59: 1692
A60: 8 | B60: 1 | D60: 8.1.3 | E60: EXECUÇÃO DE PASSEIO (CALÇADA) OU PISO DE CONCRETO COM CONCRETO MOLDADO IN LOCO, USINADO, ACABAMENTO CONVENCIONAL, ESPESSURA 6 CM, ARMADO. AF_08/2022 | F60: 94993 | G60: SINAPI | H60: M2 | I60: 400 | J60: 76.27 | K60: BDI 1 | L60: 96.5 | M60: 30508 | N60: 38600
A61: 8 | B61: 1 | D61: 8.1.4 | E61: GUIA DE MEIO-FIO, EM CONCRETO COM FCK 20MPA, PRÉ-MOLDADA, MFC-01 PADRÃO DER-MG, DIMENSÕES (12X16,7X35)CM, EXCLUSIVE SARJETA, INCLUSIVE ESCAVAÇÃO, APILOAMENTO E TRANSPORTE COM RETIRADA DO MATERIAL ESCAVADO (EM CAÇAMBA) | F61: ED-51139 | G61: SETOP | H61: m | I61: 304 | J61: 76.52 | K61: BDI 1 | L61: 96.81 | M61: 23262.08 | N61: 29430.24
A62: 8 | B62: 1 | D62: 8.1.5 | E62: SARJETA DE CONCRETO URBANO (SCU), TIPO 1, COM FCK 15 MPA, LARGURA DE 50CM COM INCLINAÇÃO DE 3%, ESP. 7CM, PADRÃO DER-MG, EXCLUSIVE MEIO-FIO, INCLUSIVE ESCAVAÇÃO, APILAOMENTO E TRANSPORTE COM RETIRADA DO MATERIAL ESCAVADO (EM CAÇAMBA) | F62: ED-14762 | G62: SETOP | H62: m | I62: 304 | J62: 42.43 | K62: BDI 1 | L62: 53.68 | M62: 12898.72 | N62: 16318.72
A63: 8 | B63: 2 | D63: 8.2.1 | E63: INSTALAÇÃO DE CONCERTINA DUPLA CLIPADA, ESPIRAL DE 300 MM. AF_03/2024 | F63: 105127 | G63: SINAPI | H63: M | I63: 296 | J63: 27.22 | K63: BDI 1 | L63: 34.44 | M63: 8057.12 | N63: 10194.24
A64: 8 | B64: 3 | D64: 8.3.1 | E64: PORTÃO EM CHAPA DE AÇO GALVANIZADO, TIPO LAMBRIL, ESP. 1,25MM (GSG-18), COM REQUADRO EM TUBO DE AÇO (50X30)MM, ESP. 1,25MM, EXCLUSIVE CADEADO E PINTURA | F64: ED-50982 | G64: SETOP | H64: m2 | I64: 11.4 | J64: 478.82 | K64: BDI 1 | L64: 605.8 | M64: 5458.55 | N64: 6906.12
A65: 8 | B65: 3 | D65: 8.3.2 | E65: PORTÃO DE GRADE EM BARRA REDONDA 1/2" E REQUADRO EM BARRA CHATA 1.1/4"X3/16", EXCLUSIVE CADEADO E PINTURA | F65: ED-50983 | G65: SETOP | H65: m2 | I65: 9.3 | J65: 411.61 | K65: BDI 1 | L65: 520.77 | M65: 3827.97 | N65: 4843.16
A66: 8 | B66: 3 | D66: 8.3.3 | E66: PINTURA ESMALTE BASE SOLVENTE EM ESTRUTURA METÁLICA, DUAS (2) DEMÃOS, COM APLICAÇÃO MANUAL, INCLUSIVE UMA (1) DEMÃO FUNDO GALVANIZADO | F66: ED-50497 | G66: SETOP | H66: m2 | I66: 38.32 | J66: 34.35 | K66: BDI 1 | L66: 43.46 | M66: 1316.29 | N66: 1665.39
A67: 8 | B67: 3 | D67: 8.3.4 | E67: LIXAMENTO MANUAL EM SUPERFÍCIE METÁLICA PARA REMOÇÃO DE TINTA E/OU FUNDO ANTICORROSIVA | F67: ED-50508 | G67: SETOP | H67: m2 | I67: 6.22 | J67: 5.43 | K67: BDI 1 | L67: 6.87 | M67: 33.77 | N67: 42.73
A68: 8 | B68: 4 | D68: 8.4.1 | E68: RUFO E CONTRARRUFO EM CHAPA GALVANIZADA, ESP. 0,65MM (GSG-24), COM DESENVOLVIMENTO DE 60CM, INCLUSIVE IÇAMENTO MANUAL VERTICAL | F68: ED-50680 | G68: SETOP | H68: m | I68: 138 | J68: 76.58 | K68: BDI 1 | L68: 96.89 | M68: 10568.04 | N68: 13370.82
A69: 8 | B69: 5 | D69: 8.5.1 | E69: CHAPIM EM CHAPA GALVANIZADA, COM PINGADEIRA, ESP. 0,65MM (GSG-24), COM DESENVOLVIMENTO DE 35CM, INCLUSIVE IÇAMENTO MANUAL VERTICAL | F69: ED-50667 | G69: SETOP | H69: m | I69: 296 | J69: 46.53 | K69: BDI 1 | L69: 58.87 | M69: 13772.88 | N69: 17425.52
A70: 9 | D70: 9.1 | E70: LIMPEZA PERMANENTE DA OBRA - 01 SERVENTE X 4 HORAS DIÁRIAS | F70: ED-50270 | G70: SETOP | H70: mês | I70: 6 | J70: 2303.4 | K70: BDI 1 | L70: 2914.26 | M70: 13820.4 | N70: 17485.56
A71: 9 | D71: 9.2 | E71: CARGA, MANOBRA E DESCARGA DE ENTULHO EM CAMINHÃO BASCULANTE 10 M³ - CARGA COM ESCAVADEIRA HIDRÁULICA (CAÇAMBA DE 0,80 M³ / 111 HP) E DESCARGA LIVRE (UNIDADE: M3). AF_07/2020 | F71: 100982 | G71: SINAPI | H71: M3 | I71: 85.8 | J71: 9.08 | K71: BDI 1 | L71: 11.49 | M71: 779.06 | N71: 985.84
A72: 9 | D72: 9.3 | E72: TRANSPORTE COM CAMINHÃO BASCULANTE DE 10 M³, EM VIA URBANA PAVIMENTADA, DMT ATÉ 30 KM (UNIDADE: M3XKM). AF_07/2020 | F72: 95875 | G72: SINAPI | H72: M3XKM | I72: 600.6 | J72: 2.49 | K72: BDI 1 | L72: 3.15 | M72: 1495.49 | N72: 1891.89
A73: 9 | D73: 9.4 | E73: ESPALHAMENTO DE MATERIAL COM TRATOR DE ESTEIRAS. AF_09/2024 | F73: 100574 | G73: SINAPI | H73: M3 | I73: 85.8 | J73: 1.45 | K73: BDI 1 | L73: 1.83 | M73: 124.41 | N73: 157.01

Sheet CPU
A2: COMPOSIÇÕES DE CUSTO | L2: Revisão: | M2: =DADOS!D6 -> R03
L3: Data: | M3: =DADOS!D2 -> 46170
A4: Projeto: | D4: Cliente: | H4: Cliente: | L4: Bancos:
A5: =DADOS!D8 -> REFORMA DO MURO DE FECHAMENTO DO CEMITÉRIO MUNICIPAL | L5: =DADOS!D14 -> SINAPI: 12/2025 Minas Gerais SETOP: 10/2025 Minas Gerais SICRO : 10/2025 Minas Gerais SUDECAP: 09/2025 Minas Gerais
L8: BDI 1: | M8: =DADOS!D10 -> 0.2652
L9: BDI 2: | M9: =DADOS!D12 -> -
A11: =A2&" DE "&DADOS!D20&" - "&A5 -> COMPOSIÇÕES DE CUSTO DE PROJETO EXECUTIVO - REFORMA DO MURO DE FECHAMENTO DO CEMITÉRIO MUNICIPAL
A13: CÓDIGO | B13: DESCRIÇÃO | I13: Banco | J13: Unid. | K13: Coeficiente | L13: Preço Unit. | M13: Total
A15: 7 | B15: =VLOOKUP(A15,ORC!$D$24:$N$410,2,0) -> ALVENARIA E REVESTIMENTO
A16: DAC-7.1 | B16: LIGAÇÃO ENTRE ALVENARIA E PILAR COM TELA METÁLICA EM AÇO GALVANIZADO | I16: CPU | J16: M2 | M16: =SUM(M17:M18) -> 124.42393
B17: 88316 | C17: =IF(I17="SINAPI",VLOOKUP(B17,DADOS_SINAPI,2,0),IF(I17="SETOP",VLOOKUP(B17,DADOS_SETOP,2,0),IF(I17="SICRO",VLOOKUP(B17,DADOS_SICRO,2,0),IF(I17="SUDECAP",VLOOKUP(B17,DADOS_SUDECAP,2,0),IF(I17="COTAÇÃO",VLOOKUP(B17,DADOS_COTACAO,2,0),VLOOKUP(B17,DADOS_COMPOSICAO,2,0)))))) -> SERVENTE COM ENCARGOS COMPLEMENTARES | I17: SINAPI | J17: =IF(I17="SINAPI",VLOOKUP(B17,DADOS_SINAPI,3,0),IF(I17="SETOP",VLOOKUP(B17,DADOS_SETOP,3,0),IF(I17="SICRO",VLOOKUP(B17,DADOS_SICRO,3,0),IF(I17="SUDECAP",VLOOKUP(B17,DADOS_SUDECAP,3,0),IF(I17="COTAÇÃO",VLOOKUP(B17,DADOS_COTACAO,9,0),VLOOKUP(B17,DADOS_COMPOSICAO,10,0)))))) -> H | K17: 0.38596 | L17: =IF(I17="SINAPI",VLOOKUP(B17,DADOS_SINAPI,4,0),IF(I17="SETOP",VLOOKUP(B17,DADOS_SETOP,4,0),IF(I17="SICRO",VLOOKUP(B17,DADOS_SICRO,4,0),IF(I17="SUDECAP",VLOOKUP(B17,DADOS_SUDECAP,4,0),IF(I17="COTAÇÃO",VLOOKUP(B17,DADOS_COTACAO,12,0),VLOOKUP(B17,DADOS_COMPOSICAO,13,0)))))) -> 22.37 | M17: =K17*L17 -> 8.6339252
B18: COT-EST-001 | C18: =IF(I18="SINAPI",VLOOKUP(B18,DADOS_SINAPI,2,0),IF(I18="SETOP",VLOOKUP(B18,DADOS_SETOP,2,0),IF(I18="SICRO",VLOOKUP(B18,DADOS_SICRO,2,0),IF(I18="SUDECAP",VLOOKUP(B18,DADOS_SUDECAP,2,0),IF(I18="COTAÇÃO",VLOOKUP(B18,DADOS_COTACAO,2,0),VLOOKUP(B18,DADOS_COMPOSICAO,2,0)))))) -> TELA METÁLICA DE AÇO GALVANIZADO PARA REFORÇO CONTRA FISSURAÇÃO, MALHA 04 | I18: COTAÇÃO | J18: =IF(I18="SINAPI",VLOOKUP(B18,DADOS_SINAPI,3,0),IF(I18="SETOP",VLOOKUP(B18,DADOS_SETOP,3,0),IF(I18="SICRO",VLOOKUP(B18,DADOS_SICRO,3,0),IF(I18="SUDECAP",VLOOKUP(B18,DADOS_SUDECAP,3,0),IF(I18="COTAÇÃO",VLOOKUP(B18,DADOS_COTACAO,9,0),VLOOKUP(B18,DADOS_COMPOSICAO,10,0)))))) -> M2 | K18: 1 | L18: =IF(I18="SINAPI",VLOOKUP(B18,DADOS_SINAPI,4,0),IF(I18="SETOP",VLOOKUP(B18,DADOS_SETOP,4,0),IF(I18="SICRO",VLOOKUP(B18,DADOS_SICRO,4,0),IF(I18="SUDECAP",VLOOKUP(B18,DADOS_SUDECAP,4,0),IF(I18="COTAÇÃO",VLOOKUP(B18,DADOS_COTACAO,12,0),VLOOKUP(B18,DADOS_COMPOSICAO,13,0)))))) -> 115.79 | M18: =K18*L18 -> 115.79
A20: DAC-7.2 | B20: INSTALAÇÃO DE MOLDURAS EM EPS | I20: CPU | J20: M | M20: =SUM(M21:M22) -> 25.48379
B21: 88309 | C21: =IF(I21="SINAPI",VLOOKUP(B21,DADOS_SINAPI,2,0),IF(I21="SETOP",VLOOKUP(B21,DADOS_SETOP,2,0),IF(I21="SICRO",VLOOKUP(B21,DADOS_SICRO,2,0),IF(I21="SUDECAP",VLOOKUP(B21,DADOS_SUDECAP,2,0),IF(I21="COTAÇÃO",VLOOKUP(B21,DADOS_COTACAO,2,0),VLOOKUP(B21,DADOS_COMPOSICAO,2,0)))))) -> PEDREIRO COM ENCARGOS COMPLEMENTARES | I21: SINAPI | J21: =IF(I21="SINAPI",VLOOKUP(B21,DADOS_SINAPI,3,0),IF(I21="SETOP",VLOOKUP(B21,DADOS_SETOP,3,0),IF(I21="SICRO",VLOOKUP(B21,DADOS_SICRO,3,0),IF(I21="SUDECAP",VLOOKUP(B21,DADOS_SUDECAP,3,0),IF(I21="COTAÇÃO",VLOOKUP(B21,DADOS_COTACAO,9,0),VLOOKUP(B21,DADOS_COMPOSICAO,10,0)))))) -> H | K21: 0.4808 | L21: =IF(I21="SINAPI",VLOOKUP(B21,DADOS_SINAPI,4,0),IF(I21="SETOP",VLOOKUP(B21,DADOS_SETOP,4,0),IF(I21="SICRO",VLOOKUP(B21,DADOS_SICRO,4,0),IF(I21="SUDECAP",VLOOKUP(B21,DADOS_SUDECAP,4,0),IF(I21="COTAÇÃO",VLOOKUP(B21,DADOS_COTACAO,12,0),VLOOKUP(B21,DADOS_COMPOSICAO,13,0)))))) -> 30.25 | M21: =K21*L21 -> 14.5442
B22: COT-EST-002 | C22: =IF(I22="SINAPI",VLOOKUP(B22,DADOS_SINAPI,2,0),IF(I22="SETOP",VLOOKUP(B22,DADOS_SETOP,2,0),IF(I22="SICRO",VLOOKUP(B22,DADOS_SICRO,2,0),IF(I22="SUDECAP",VLOOKUP(B22,DADOS_SUDECAP,2,0),IF(I22="COTAÇÃO",VLOOKUP(B22,DADOS_COTACAO,2,0),VLOOKUP(B22,DADOS_COMPOSICAO,2,0)))))) -> FORNECIMENTO DE MATERIAL PARA INSTALAÇÃO DE MOLDURAS EM EPS | I22: COTAÇÃO | J22: =IF(I22="SINAPI",VLOOKUP(B22,DADOS_SINAPI,3,0),IF(I22="SETOP",VLOOKUP(B22,DADOS_SETOP,3,0),IF(I22="SICRO",VLOOKUP(B22,DADOS_SICRO,3,0),IF(I22="SUDECAP",VLOOKUP(B22,DADOS_SUDECAP,3,0),IF(I22="COTAÇÃO",VLOOKUP(B22,DADOS_COTACAO,9,0),VLOOKUP(B22,DADOS_COMPOSICAO,10,0)))))) -> M | K22: 0.0005 | L22: =IF(I22="SINAPI",VLOOKUP(B22,DADOS_SINAPI,4,0),IF(I22="SETOP",VLOOKUP(B22,DADOS_SETOP,4,0),IF(I22="SICRO",VLOOKUP(B22,DADOS_SICRO,4,0),IF(I22="SUDECAP",VLOOKUP(B22,DADOS_SUDECAP,4,0),IF(I22="COTAÇÃO",VLOOKUP(B22,DADOS_COTACAO,12,0),VLOOKUP(B22,DADOS_COMPOSICAO,13,0)))))) -> 21879.18 | M22: =K22*L22 -> 10.93959
D34: RESPONSÁVEL TÉCNICO: | G34: =DADOS!D16 -> ALOISIO CAETANO FERREIRA
G35: =DADOS!D18 -> CREA - MG 97.132/D

Sheet COT
A2: PLANILHA DE COTAÇÕES | K2: Revisão: | L2: =DADOS!D6 -> R03
K3: Data: | L3: =DADOS!D2 -> 46170
A4: Projeto: | D4: Responsável: | G4: Cliente: | K4: Bancos:
A5: =DADOS!D8 -> REFORMA DO MURO DE FECHAMENTO DO CEMITÉRIO MUNICIPAL | D5: =DADOS!G8 -> 0 | K5: =DADOS!D14 -> SINAPI: 12/2025 Minas Gerais SETOP: 10/2025 Minas Gerais SICRO : 10/2025 Minas Gerais SUDECAP: 09/2025 Minas Gerais
K8: BDI 1: | L8: =DADOS!D10 -> 0.2652
K9: BDI 2: | L9: =DADOS!D12 -> -
A11: =A2&" DE "&DADOS!D20&" - "&A5 -> PLANILHA DE COTAÇÕES DE PROJETO EXECUTIVO - REFORMA DO MURO DE FECHAMENTO DO CEMITÉRIO MUNICIPAL
A13: COT-EST-001 | B13: TELA METÁLICA DE AÇO GALVANIZADO PARA REFORÇO CONTRA FISSURAÇÃO, MALHA 04 | I13: M2 | L13: =MEDIAN(L15:XFD17) -> 115.79
A14: EMPRESA | B14: CIDADE | C14: LOCAL / LINK | G14: CNPJ | H14: CONTATO | I14: UN | J14: VALOR | K14: FRETE | L14: TOTAL
A15: COMERCIAL KLOCK | B15: Venâncio Aires - RS | C15: https://www.comercialklock.com.br/1m-tela-metal-galvanizada-peneira-n4-60cm-altura | G15: 87.269.171/0001-07 | H15: (51)3741-1427 | I15: M2 | J15: 91.35 | K15: 24.44 | L15: =J15+K15 -> 115.79
A16: FERRAMENTAS GERAIS | B16: Porto Alegre -RS | C16: https://www.fg.com.br/tela-peneira-para-cafe-malha-04-fio-22---telas-mm/p | G16: 92.664.028/0001-41 | I16: M2 | J16: =499.99/12.5 -> 39.9992 | K16: 71.62 | L16: =J16+K16 -> 111.6192
A17: ALINOX TELAS | B17: Miraí -MG | C17: https://www.alinoxtelas.com.br/tela-inox-304-malha-40-fio-020mm-10m-x-10m-440-microns | G17: 34.646.551/0001-49 | H17: (32) 99139-9956 | I17: M2 | J17: 189.9 | K17: 50.75 | L17: =J17+K17 -> 240.65
A19: COT-EST-002 | B19: FORNECIMENTO DE MATERIAL PARA INSTALAÇÃO DE MOLDURAS EM EPS | I19: M | L19: =MEDIAN(L21:XFD23) -> 21879.18
A20: EMPRESA | B20: CIDADE | C20: LOCAL / LINK | G20: CNPJ | H20: CONTATO | I20: UN | J20: VALOR | K20: FRETE | L20: TOTAL
A21: BURLAMAQUI MOLDURAS | B21: São Paulo - SP | C21: https://www.burlamaquimolduras.com/ | G21: 30.744.930/0001-10 | H21: (11) 981183952 | I21: M | J21: 20879.18 | K21: 1000 | L21: =J21+K21 -> 21879.18
A22: ART IN EPS ARTEFATOS EM ISOPOR | B22: Ribeirão Preto - SP | C22: https://www.facebook.com/moldurasisopor/ | G22: 40.800.049/0001-43 | H22: (16) 992688424 | I22: M | J22: 19035.7 | K22: 1200 | L22: =J22+K22 -> 20235.7
A23: DIV TERM TECNOMOLDURAS LTDA | B23: São Paulo - SP | C23: https://www.tecnomoldura.com.br/molduras | G23: 66.023.425/0001-24 | H23: (11) 3662-0288 | I23: M | J23: 29581.04 | L23: =J23+K23 -> 29581.04
C32: RESPONSÁVEL TÉCNICO: | F32: =DADOS!D16 -> ALOISIO CAETANO FERREIRA
F33: =DADOS!D18 -> CREA - MG 97.132/D

Sheet SINAPI
B1: SINAPI DEZEMBRO 2025
A2: CÓDIGO | B2: DESCRIÇÃO | C2: UNIDADE | D2: PREÇO
A3: 104658 | B3: PISO PODOTÁTIL DE ALERTA OU DIRECIONAL, DE CONCRETO, ASSENTADO SOBRE ARGAMASSA. AF_03/2024 | C3: M2 | D3: 159.77
A4: 105002 | B4: RAMPA DE ACESSIBILIDADE EM CONCRETO MOLDADO IN LOCO, EM CALÇADA NOVA COM LARGURA MAIOR OU IGUAL À 3,00 M, FCK 25MPA, COM PISO PODOTÁTIL. AF_03/2024 | C4: UN | D4: 757.62
A5: 105004 | B5: RAMPA DE ACESSIBILIDADE EM CONCRETO MOLDADO IN LOCO, EM CALÇADA NOVA COM LARGURA MENOR À 3,00 M, FCK 25MPA, COM PISO PODOTÁTIL. AF_03/2024 | C5: M2 | D5: 129.88
A6: 105003 | B6: RAMPA DE ACESSIBILIDADE EM CONCRETO MOLDADO IN LOCO, EM CALÇADA PRÉ EXISTENTE COM LARGURA MAIOR OU IGUAL À 3,00 M, FCK 25MPA, COM PISO PODOTÁTIL. AF_03/2024 | C6: UN | D6: 1199.43
A7: 105005 | B7: RAMPA DE ACESSIBILIDADE EM CONCRETO MOLDADO IN LOCO, EM CALÇADA PRÉ EXISTENTE COM LARGURA MENOR À 3,00 M, FCK 25MPA, COM PISO PODOTÁTIL. AF_03/2024 | C7: M2 | D7: 211.7
A8: 105006 | B8: RAMPA DE ACESSIBILIDADE EM CONCRETO PRÉ MOLDADO, EM CALÇADA NOVA COM LARGURA MAIOR OU IGUAL À 3,00 M, FCK 25MPA, COM PISO PODOTÁTIL. AF_03/2024 | C8: UN | D8: 0
A9: 104999 | B9: RAMPA DE ACESSIBILIDADE EM CONCRETO PRÉ MOLDADO, EM CALÇADA PRÉ EXISTENTE COM LARGURA MAIOR OU IGUAL À 3,00 M, FCK 25MPA, COM PISO PODOTÁTIL. AF_03/2024 | C9: UN | D9: 0
A10: 105000 | B10: RAMPA DE ACESSIBILIDADE PARA ACESSO A EDIFICAÇÕES COM INCLINAÇÃO DE 8,33% EM CONCRETO MOLDADO IN LOCO, COM LARGURA DE 1,20M, FCK 25MPA, NÃO ARMADA, COM JUNTA A CADA 2M COM CORTE À SECO. AF_03/2024 | C10: M | D10: 1370.87
A11: 105001 | B11: RAMPA DE ACESSIBILIDADE PARA ACESSO A EDIFICAÇÕES COM INCLINAÇÃO DE 8,33% EM CONCRETO MOLDADO IN LOCO, COM LARGURA DE 1,50M, FCK 25MPA, NÃO ARMADA, COM JUNTA A CADA 2M COM CORTE À SECO. AF_03/2024 | C11: M | D11: 1404.15
A12: 89306 | B12: ALVENARIA ESTRUTURAL DE BLOCOS CERÂMICOS 14X19X29, (ESPESSURA DE 14 CM), UTILIZANDO COLHER DE PEDREIRO E ARGAMASSA DE ASSENTAMENTO COM PREPARO EM BETONEIRA. AF_03/2023 | C12: M2 | D12: 100.43
A13: 89307 | B13: ALVENARIA ESTRUTURAL DE BLOCOS CERÂMICOS 14X19X29, (ESPESSURA DE 14 CM), UTILIZANDO COLHER DE PEDREIRO E ARGAMASSA DE ASSENTAMENTO COM PREPARO MANUAL. AF_03/2023 | C13: M2 | D13: 102.52
A14: 89290 | B14: ALVENARIA ESTRUTURAL DE BLOCOS CERÂMICOS 14X19X29, (ESPESSURA DE 14 CM), UTILIZANDO PALHETA E ARGAMASSA DE ASSENTAMENTO COM PREPARO EM BETONEIRA. AF_03/2023 | C14: M2 | D14: 82.99
... A10187: 36246 | B10187: ACABAMENTO SIMPLES/CONVENCIONAL PARA FORRO PVC, TIPO "U" OU "C", COR BRANCA, COMPRIMENTO 6 M | C10187: M | D10187: 3.9
A10188: 37600 | B10188: ACESSORIO DE LIGACAO NAO ELETRICO PARA CARGAS EXPLOSIVAS, TUBO DE 6 M | C10188: UN
A10189: 37599 | B10189: ACESSORIO INICIADOR NAO ELETRICO, TUBO DE 6 M, TEMPO DE RETARDO DE *160* MS | C10189: UN
A10190: 1 | B10190: ACETILENO - RECARGA DE GAS PARA CILINDRO (NAO INCLUI TROCA/MANUTENCAO DO CILINDRO) | C10190: KG | D10190: 80
A10191: 3 | B10191: ACIDO CLORIDRICO / ACIDO MURIATICO, DILUICAO 10% A 12% PARA USO EM LIMPEZA | C10191: L | D10191: 21.47
A10192: 43054 | B10192: ACO CA-25, 10,0 MM, OU 12,5 MM, OU 16,0 MM, OU 20,0 MM, OU 25,0 MM, VERGALHAO | C10192: KG | D10192: 8.25
A10193: 42402 | B10193: ACO CA-25, 16,0 MM, BARRA DE TRANSFERENCIA | C10193: KG | D10193: 7.88
A10194: 42403 | B10194: ACO CA-25, 20,0 MM, BARRA DE TRANSFERENCIA | C10194: KG | D10194: 10.11
A10195: 42404 | B10195: ACO CA-25, 25,0 MM, BARRA DE TRANSFERENCIA | C10195: KG | D10195: 10.05
A10196: 42405 | B10196: ACO CA-25, 32,0 MM, BARRA DE TRANSFERENCIA | C10196: KG | D10196: 10.71
A10197: 34341 | B10197: ACO CA-25, 32,0 MM, VERGALHAO | C10197: KG | D10197: 9.3
A10198: 43053 | B10198: ACO CA-25, 6,3 MM OU 8,0 MM, VERGALHAO | C10198: KG | D10198: 7.37
A10199: 43058 | B10199: ACO CA-50, 10,0 MM, OU 12,5 MM, OU 16,0 MM, OU 20,0 MM, DOBRADO E CORTADO | C10199: KG | D10199: 7.64
A10200: 34 | B10200: ACO CA-50, 10,0 MM, VERGALHAO | C10200: KG | D10200: 7.68
A10201: 43055 | B10201: ACO CA-50, 12,5 MM OU 16,0 MM, VERGALHAO | C10201: KG | D10201: 6.65
... A10210: 43060 | B10210: ACO CA-60, 8,0 MM OU 9,5 MM, VERGALHAO | C10210: KG | D10210: 6.33
A10211: 40410 | B10211: ACOPLAMENTO RIGIDO EM FERRO FUNDIDO PARA SISTEMA DE TUBULACAO RANHURADA, DN 50 MM (2") | C10211: UN
A10212: 40411 | B10212: ACOPLAMENTO RIGIDO EM FERRO FUNDIDO PARA SISTEMA DE TUBULACAO RANHURADA, DN 65 MM (2 1/2") | C10212: UN
A10213: 40412 | B10213: ACOPLAMENTO RIGIDO EM FERRO FUNDIDO PARA SISTEMA DE TUBULACAO RANHURADA, DN 80 MM (3") | C10213: UN
A10214: 44254 | B10214: ADAPTADOR CPVC, ROSCAVEL, COM FLANGES E ANEL DE VEDACAO, 15 MM, CAIXA D'AGUA PARA AGUA QUENTE | C10214: UN | D10214: 30.45
A10215: 44255 | B10215: ADAPTADOR CPVC, ROSCAVEL, COM FLANGES E ANEL DE VEDACAO, 22 MM, CAIXA D'AGUA PARA AGUA QUENTE | C10215: UN | D10215: 33.75
A10216: 44256 | B10216: ADAPTADOR CPVC, ROSCAVEL, COM FLANGES E ANEL DE VEDACAO, 28 MM, CAIXA D'AGUA PARA AGUA QUENTE | C10216: UN | D10216: 38.12
A10217: 44257 | B10217: ADAPTADOR CPVC, ROSCAVEL, COM FLANGES E ANEL DE VEDACAO, 35 MM, CAIXA D'AGUA PARA AGUA QUENTE | C10217: UN | D10217: 60.31
A10218: 44258 | B10218: ADAPTADOR CPVC, ROSCAVEL, COM FLANGES E ANEL DE VEDACAO, 42 MM, CAIXA D'AGUA PARA AGUA QUENTE | C10218: UN | D10218: 68.92
A10219: 44259 | B10219: ADAPTADOR CPVC, ROSCAVEL, COM FLANGES E ANEL DE VEDACAO, 54 MM, CAIXA D'AGUA PARA AGUA QUENTE | C10219: UN | D10219: 94.6
A10220: 37997 | B10220: ADAPTADOR CPVC, SOLDAVEL, 15 MM, PARA AGUA QUENTE | C10220: UN | D10220: 18.14
A10221: 37998 | B10221: ADAPTADOR CPVC, SOLDAVEL, 22 MM, PARA AGUA QUENTE | C10221: UN | D10221: 24.28
A10222: 55 | B10222: ADAPTADOR DE COMPRESSAO EM POLIPROPILENO (PP), PARA TUBO EM PEAD, 20 MM X 1/2", PARA LIGACAO PREDIAL DE AGUA (NTS 179) | C10222: UN | D10222: 6.31
A10223: 61 | B10223: ADAPTADOR DE COMPRESSAO EM POLIPROPILENO (PP), PARA TUBO EM PEAD, 20 MM X 3/4", PARA LIGACAO PREDIAL DE AGUA (NTS 179) | C10223: UN | D10223: 5.97
A10224: 62 | B10224: ADAPTADOR DE COMPRESSAO EM POLIPROPILENO (PP), PARA TUBO EM PEAD, 32 MM X 1", PARA LIGACAO PREDIAL DE AGUA (NTS 179) | C10224: UN | D10224: 12.37
A10225: 10899 | B10225: ADAPTADOR EM LATAO, ENGATE RAPIDO 2 1/2" X ROSCA INTERNA 5 FIOS 2 1/2", PARA INSTALACAO PREDIAL DE COMBATE A INCENDIO | C10225: UN | D10225: 68.99
... A10285: 42409 | B10285: AGENTE DE CURA, PROTETOR DA EVAPORACAO DA AGUA DE HIDRATACAO DO CONCRETO | C10285: KG | D10285: 10.49
A10286: 40553 | B10286: AGREGADO RECICLADO, TIPO RACHAO RECICLADO CINZA, CLASSE A | C10286: M3
A10287: 6114 | B10287: AJUDANTE DE ARMADOR (HORISTA) | C10287: H | D10287: 17.92
A10288: 40912 | B10288: AJUDANTE DE ARMADOR (MENSALISTA) | C10288: MES | D10288: 3165.23
A10289: 247 | B10289: AJUDANTE DE ELETRICISTA (HORISTA) | C10289: H | D10289: 17.92
A10290: 40919 | B10290: AJUDANTE DE ELETRICISTA (MENSALISTA) | C10290: MES | D10290: 3165.23
A10291: 44499 | B10291: AJUDANTE DE ESTRUTURAS METALICAS (HORISTA) | C10291: H | D10291: 17.92
A10292: 40984 | B10292: AJUDANTE DE ESTRUTURAS METALICAS (MENSALISTA) | C10292: MES | D10292: 3165.23
A10293: 248 | B10293: AJUDANTE DE OPERACAO EM GERAL (HORISTA) | C10293: H | D10293: 19.42
A10294: 41086 | B10294: AJUDANTE DE OPERACAO EM GERAL (MENSALISTA) | C10294: MES | D10294: 3430.52
A10295: 34466 | B10295: AJUDANTE DE PINTOR (HORISTA) | C10295: H | D10295: 17.92
A10296: 41083 | B10296: AJUDANTE DE PINTOR (MENSALISTA) | C10296: MES | D10296: 3165.23
A10297: 252 | B10297: AJUDANTE DE SERRALHEIRO (HORISTA) | C10297: H | D10297: 17.92
A10298: 40909 | B10298: AJUDANTE DE SERRALHEIRO (MENSALISTA) | C10298: MES | D10298: 3165.23
... A10300: 41085 | B10300: AJUDANTE ESPECIALIZADO (MENSALISTA) | C10300: MES | D10300: 3430.52
A10301: 427 | B10301: ALCA PREFORMADA DE CONTRA POSTE, EM ACO GALVANIZADO, PARA CABO 3/16", COMPRIMENTO *860* MM | C10301: UN
A10302: 417 | B10302: ALCA PREFORMADA DE DISTRIBUICAO, EM ACO GALVANIZADO, PARA CABO DE ALUMINIO DIAMETRO 16 A 25 MM | C10302: UN
A10303: 11273 | B10303: ALCA PREFORMADA DE DISTRIBUICAO, EM ACO GALVANIZADO, PARA CONDUTORES DE ALUMINIO AWG 1/0 (CAA 6/1 OU CA 7 FIOS) | C10303: UN
A10304: 11272 | B10304: ALCA PREFORMADA DE DISTRIBUICAO, EM ACO GALVANIZADO, PARA CONDUTORES DE ALUMINIO AWG 2 (CAA 6/1 OU CA 7 FIOS) | C10304: UN
A10305: 11275 | B10305: ALCA PREFORMADA DE SERVICO, EM ACO GALVANIZADO, PARA CONDUTORES DE ALUMINIO AWG 4 (CAA 6/1) | C10305: UN
A10306: 11274 | B10306: ALCA PREFORMADA DE SERVICO, EM ACO GALVANIZADO, PARA CONDUTORES DE ALUMINIO AWG 6 (CAA 6/1) | C10306: UN
A10307: 45208 | B10307: ALICATE AMPERIMETRO, TENSAO AC/DC, CAPACIDADE MAXIMA 1000 A | C10307: UN | D10307: 248.92
A10308: 45250 | B10308: ALICATE BICO LONGO (MEIA CANA) 6", COM ISOLAMENTO ATE 1000 V | C10308: UN | D10308: 43.93
A10309: 38470 | B10309: ALICATE DE CORTE DIAGONAL 6" COM ISOLAMENTO | C10309: UN | D10309: 44.97
A10310: 38547 | B10310: ALICATE DE CRIMPAR RJ11, RJ12 E RJ45, COM CATRACA | C10310: UN | D10310: 298.52
A10311: 38467 | B10311: ALICATE DE PRESSAO 11" PARA SOLDA, TIPO C | C10311: UN | D10311: 148.35
A10312: 38468 | B10312: ALICATE DE PRESSAO 11" PARA SOLDA, TIPO U | C10312: UN | D10312: 185.18
A10313: 38469 | B10313: ALICATE DE PRESSAO PARA SOLDA DE CHAPA 18" | C10313: UN | D10313: 285.04
A10314: 45197 | B10314: ALICATE DESENCAPADOR AUTOMATICO 8" | C10314: UN | D10314: 227.33
A10315: 38471 | B10315: ALICATE PARA ANEIS DE PISTAO, CAPACIDADE *50* A 100 MM | C10315: UN | D10315: 304.86
A10316: 45206 | B10316: ALICATE PROFISSIONAL 8", UNIVERSAL, COM ISOLAMENTO ATE 1000 V | C10316: UN | D10316: 60.23
A10317: 37370 | B10317: ALIMENTACAO - HORISTA (COLETADO CAIXA - ENCARGOS COMPLEMENTARES) | C10317: H | D10317: 2.12
A10318: 40862 | B10318: ALIMENTACAO - MENSALISTA (COLETADO CAIXA - ENCARGOS COMPLEMENTARES) | C10318: MES | D10318: 399.66
A10319: 10658 | B10319: ALISADORA DE CONCRETO COM MOTOR A GASOLINA DE 5,5 HP, PESO COM MOTOR DE 78 KG, 4 PAS | C10319: UN
A10320: 253 | B10320: ALMOXARIFE (HORISTA) | C10320: H | D10320: 23.18
A10321: 40809 | B10321: ALMOXARIFE (MENSALISTA) | C10321: MES | D10321: 4091.25
A10322: 42428 | B10322: ALONGADOR COM TRES ALTURAS, EM TUBO DE ACO CARBONO, PINTURA NO PROCESSO ELETROSTATICO - EQUIPAMENTO DE GINASTICA PARA ACADEMIA AO AR LIVRE / ACADEMIA DA TERCEIRA IDADE - ATI | C10322: UN
A10323: 301 | B10323: ANEL BORRACHA PARA TUBO ESGOTO PREDIAL, DN 100 MM (NBR 5688) | C10323: UN | D10323: 3
A10324: 296 | B10324: ANEL BORRACHA PARA TUBO ESGOTO PREDIAL, DN 50 MM (NBR 5688) | C10324: UN | D10324: 1.69
A10325: 297 | B10325: ANEL BORRACHA PARA TUBO ESGOTO PREDIAL, DN 75 MM (NBR 5688) | C10325: UN | D10325: 2.49
A10326: 299 | B10326: ANEL BORRACHA, DN 100 MM, PARA TUBO SERIE REFORCADA ESGOTO PREDIAL | C10326: UN | D10326: 3.52
A10327: 300 | B10327: ANEL BORRACHA, DN 150 MM, PARA TUBO SERIE REFORCADA ESGOTO PREDIAL | C10327: UN | D10327: 12.18
A10328: 20085 | B10328: ANEL BORRACHA, DN 50 MM, PARA TUBO SERIE REFORCADA ESGOTO PREDIAL | C10328: UN | D10328: 2.22
A10329: 298 | B10329: ANEL BORRACHA, DN 75 MM, PARA TUBO SERIE REFORCADA ESGOTO PREDIAL | C10329: UN | D10329: 2.7
A10330: 311 | B10330: ANEL BORRACHA, PARA TUBO PVC DEFOFO, DN 100 MM (NBR 7665) | C10330: UN | D10330: 10.04
A10331: 318 | B10331: ANEL BORRACHA, PARA TUBO PVC DEFOFO, DN 150 MM (NBR 7665) | C10331: UN | D10331: 20.22
A10332: 319 | B10332: ANEL BORRACHA, PARA TUBO PVC DEFOFO, DN 200 MM (NBR 7665) | C10332: UN | D10332: 31.71
A10333: 303 | B10333: ANEL BORRACHA, PARA TUBO PVC, REDE COLETOR ESGOTO, DN 100 MM (NBR 7362) | C10333: UN | D10333: 3.32
A10334: 305 | B10334: ANEL BORRACHA, PARA TUBO PVC, REDE COLETOR ESGOTO, DN 150 MM (NBR 7362) | C10334: UN | D10334: 10.45
... A10354: 41639 | B10354: ANEL DE CONCRETO ARMADO, COM FUROS/DRENO PARA SUMIDOURO, D = 1,50 M, H = 0,50 M | C10354: UN | D10354: 472.96
A10355: 11789 | B10355: ANEL DE DISTRIBUICAO EM ACO GALVANIZADO PARA FIO FE-160 | C10355: UN
A10356: 20975 | B10356: ANEL DE EXPANSAO EM COBRE, ENGATE RAPIDO 1 1/2", PARA EMPATACAO MANGUEIRA DE COMBATE A INCENDIO PREDIAL | C10356: UN | D10356: 10.82
A10357: 20976 | B10357: ANEL DE EXPANSAO EM COBRE, ENGATE RAPIDO 2 1/2", PARA EMPATACAO MANGUEIRA DE COMBATE A INCENDIO PREDIAL | C10357: UN | D10357: 16.34
A10358: 6138 | B10358: ANEL DE VEDACAO, PVC FLEXIVEL, 100 MM, PARA SAIDA DE BACIA / VASO SANITARIO | C10358: UN | D10358: 12.3
A10359: 40340 | B10359: ANEL DE VEDACAO/JUNTA ELASTICA, H = *16* MM, PARA TUBO DE CONCRETO, DN 300 MM | C10359: UN | D10359: 22.07
...

Sheet SETOP
B1: SETOP OUTUBRO 2025
A2: CÓDIGO | B2: DESCRIÇÃO | C2: UNIDADE | D2: PREÇO
A3: 8663 | B3: SERVIÇOS PRELIMINARES
A4: 8702 | B4: LIMPEZA DO TERRENO
A5: ED-50701 | B5: CAPINA MANUAL DO TERRENO, EXCLUSIVE RASTELAMENTO E QUEIMA | C5: m2 | D5: 1.4
A6: ED-28163 | B6: DESTOCAMENTO E AFASTAMENTO DE REMANESCENTE ARBÓREO, INCLUSIVE TRANSPORTE COM RETIRADA DO MATERIAL DESTOCADO (EM CAÇAMBA) | C6: un | D6: 411.23
A7: ED-50703 | B7: LIMPEZA DE TERRENO, INCLUSIVE CAPINA, RASTELAMENTO COM AFASTAMENTO ATÉ VINTE (20) METROS E QUEIMA CONTROLADA | C7: m2 | D7: 2.48
A8: ED-8143 | B8: RASTELAMENTO DE ÁREA COM AFASTAMENTO DE ATÉ VINTE (20) METROS, EXCLUSIVE CAPINA OU ROÇADA MANUAL | C8: m2 | D8: 0.93
A9: ED-28162 | B9: ROÇADA MANUAL DE TERRENO COM ROÇADEIRA COSTAL, EXCLUSIVE RASTELAMENTO E QUEIMA | C9: m2 | D9: 0.28
A10: 8703 | B10: DESMATAMENTO E DESTOCAMENTO
A11: ED-50702 | B11: DESMATAMENTO, DESTOCAMENTO E LIMPEZA, INCLUSIVE TRANSPORTE ATÉ CINQUENTA (50) METROS | C11: m2 | D11: 0.56
A12: 8704 | B12: SUPRESSÃO DE ÁRVORE
A13: ED-50699 | B13: CORTE DE ÁRVORE COM MOTOSSERRA, DIÂMETRO DO TRONCO ACIMA DE TRINTA (30) CENTÍMETROS ATÉ CINQUENTA (50) CENTÍMETROS, EXCLUSIVE DESTOCAMENTO E AFASTAMENTO | C13: un | D13: 97.16
A14: ED-50697 | B14: CORTE DE ÁRVORE COM MOTOSSERRA, DIÂMETRO DO TRONCO DE QUINZE (15) CENTÍMETROS ATÉ TRINTA (30) CENTÍMETROS, EXCLUSIVE DESTOCAMENTO E AFASTAMENTO | C14: un | D14: 58.29
A15: 8706 | B15: REMOÇÃO DE TELHADO
A16: ED-48438 | B16: REMOÇÃO DE CALHA EM CHAPA GALVANIZADA OU EM PVC, COM REAPROVEITAMENTO, INCLUSIVE AFASTAMENTO E EMPILHAMENTO, EXCLUSIVE TRANSPORTE E RETIRADA DO MATERIAL REMOVIDO NÃO REAPROVEITÁVEL | C16: m | D16: 4.84
A17: ED-48446 | B17: REMOÇÃO MANUAL DE CONDUTOR EM PVC OU METÁLICO, COM REAPROVEITAMENTO, INCLUSIVE AFASTAMENTO E EMPILHAMENTO, EXCLUSIVE TRANSPORTE E RETIRADA DO MATERIAL REMOVIDO NÃO REAPROVEITÁVEL | C17: m | D17: 5.82
A18: ED-48455 | B18: REMOÇÃO MANUAL DE ENGRADAMENTO PARA TELHA TIPO CALHA ESTRUTURAL EM FIBROCIMENTO, COM REAPROVEITAMENTO, INCLUSIVE AFASTAMENTO E EMPILHAMENTO, EXCLUSIVE TRANSPORTE E RETIRADA DO MATERIAL REMOVIDO NÃO REAPROVEITÁVEL | C18: m2 | D18: 11.64
A19: ED-48457 | B19: REMOÇÃO MANUAL DE ENGRADAMENTO PARA TELHA TIPO CERÂMICA OU CONCRETO, INCLUSIVE AFASTAMENTO E EMPILHAMENTO, EXCLUSIVE TRANSPORTE E RETIRADA DO MATERIAL REMOVIDO NÃO REAPROVEITÁVEL | C19: m2 | D19: 23.29
A20: ED-48454 | B20: REMOÇÃO MANUAL DE ENGRADAMENTO PARA TELHA TIPO METÁLICA, PVC OU FIBROCIMENTO, COM REAPROVEITAMENTO, INCLUSIVE AFASTAMENTO E EMPILHAMENTO, EXCLUSIVE TRANSPORTE E RETIRADA DO MATERIAL REMOVIDO NÃO REAPROVEITÁVEL | C20: m2 | D20: 15.53
A21: ED-48506 | B21: REMOÇÃO MANUAL DE RUFO METÁLICO, COM REAPROVEITAMENTO, INCLUSIVE AFASTAMENTO E EMPILHAMENTO, EXCLUSIVE TRANSPORTE E RETIRADA DO MATERIAL REMOVIDO NÃO REAPROVEITÁVEL | C21: m | D21: 7.11
A22: ED-48512 | B22: REMOÇÃO MANUAL DE TELHA EM FIBROCIMENTO, TIPO ONDULADA, COM REAPROVEITAMENTO, INCLUSIVE AFASTAMENTO E EMPILHAMENTO, EXCLUSIVE TRANSPORTE E RETIRADA DO MATERIAL REMOVIDO NÃO REAPROVEITÁVEL | C22: m2 | D22: 13.31
A23: ED-48514 | B23: REMOÇÃO MANUAL DE TELHA CERÂMICA, COM REAPROVEITAMENTO, INCLUSIVE AFASTAMENTO E EMPILHAMENTO, EXCLUSIVE TRANSPORTE E RETIRADA DO MATERIAL REMOVIDO NÃO REAPROVEITÁVEL | C23: m2 | D23: 25.12
A24: ED-48510 | B24: REMOÇÃO MANUAL DE TELHA EM FIBROCIMENTO, TIPO CALHA ESTRUTURAL, COM REAPROVEITAMENTO, INCLUSIVE IÇAMENTO, AFASTAMENTO E EMPILHAMENTO, EXCLUSIVE TRANSPORTE E RETIRADA DO MATERIAL REMOVIDO NÃO REAPROVEITÁVEL | C24: m2 | D24: 26.04
A25: ED-48509 | B25: REMOÇÃO MANUAL DE TELHA METÁLICA OU PVC, COM REAPROVEITAMENTO, INCLUSIVE AFASTAMENTO E EMPILHAMENTO, EXCLUSIVE TRANSPORTE E RETIRADA DO MATERIAL REMOVIDO NÃO REAPROVEITÁVEL | C25: m2 | D25: 9.32
A26: 8707 | B26: DEMOLIÇÃO E REMOÇÃO DE INSTALAÇÃO
A27: ED-48500 | B27: DEMOLIÇÃO MANUAL DE TUBULAÇÕES EMBUTIDAS DE REDE (ÁGUA, ELÉTRICA, GASES, ETC.), INCLUSIVE RASGO EM ALVENARIA, REMOÇÃO DE ACESSÓRIOS DE FIXAÇÃO, AFASTAMENTO E EMPILHAMENTO, EXCLUSIVE TRANSPORTE E RETIRADA DO MATERIAL DEMOLIDO | C27: m | D27: 8.73
A28: ED-48466 | B28: REMOÇÃO MANUAL DE INTERFONE, COM REAPROVEITAMENTO, INCLUSIVE AFASTAMENTO E EMPILHAMENTO, EXCLUSIVE TRANSPORTE E RETIRADA DO MATERIAL REMOVIDO NÃO REAPROVEITÁVEL | C28: un | D28: 45.77
A29: ED-48468 | B29: REMOÇÃO MANUAL DE LUMINÁRIA COMERCIAL, EMBUTIDA OU SOBREPOR, COM REAPROVEITAMENTO, INCLUSIVE AFASTAMENTO E EMPILHAMENTO, EXCLUSIVE TRANSPORTE E RETIRADA DO MATERIAL REMOVIDO NÃO REAPROVEITÁVEL | C29: un | D29: 11
A30: ED-48469 | B30: REMOÇÃO MANUAL DE LUMINÁRIA COMPACTA (PLAFON, PAINEL LED, ETC.) EMBUTIDA OU SOBREPOR, COM REAPROVEITAMENTO, INCLUSIVE AFASTAMENTO E EMPILHAMENTO, EXCLUSIVE TRANSPORTE E RETIRADA DO MATERIAL REMOVIDO NÃO REAPROVEITÁVEL | C30: un | D30: 6.42
A31: ED-48499 | B31: REMOÇÃO MANUAL DE REDES DE DUTOS PARA CLIMATIZAÇÃO, INCLUSIVE AFASTAMENTO E EMPILHAMENTO, EXCLUSIVE TRANSPORTE E RETIRADA DO MATERIAL REMOVIDO NÃO REAPROVEITÁVEL | C31: m | D31: 9.7
A32: ED-48515 | B32: REMOÇÃO MANUAL DE TUBULAÇÕES EMBUTIDAS DE REDE (ÁGUA, ELÉTRICA, GASES, ETC.), COM REAPROVEITAMENTO, INCLUSIVE RASGO EM ALVENARIA, REMOÇÃO DE ACESSÓRIOS DE FIXAÇÃO, AFASTAMENTO E EMPILHAMENTO, EXCLUSIVE TRANSPORTE E RETIRADA DO MATERIAL REMOVIDO NÃO REAPROVEITÁVEL | C32: m | D32: 12.58
A33: 8708 | B33: DEMOLIÇÃO DE FORRO
A34: ED-48463 | B34: DEMOLIÇÃO MANUAL DE FORRO DE CHAPA OU PLACA DE GESSO, INCLUSIVE DEMOLIÇÃO DA ESTRUTURA DE SUSTENTAÇÃO, AFASTAMENTO E EMPILHAMENTO, EXCLUSIVE TRANSPORTE E RETIRADA DO MATERIAL DEMOLIDO | C34: m2 | D34: 5.73
A35: 8709 | B35: REMOÇÃO DE FORRO
A36: ED-48460 | B36: REMOÇÃO MANUAL DE FORRO DE PLACAS (GESSO, MINERAL, FIBRA, ISOPOR, COLMEIA, PVC, ETC.), COM REAPROVEITAMENTO, INCLUSIVE AFASTAMENTO E EMPILHAMENTO, EXCLUSIVE DEMOLIÇÃO DA ESTRUTURA DE SUSTENTAÇÃO, TRANSPORTE E RETIRADA DO MATERIAL REMOVIDO NÃO REAPROVEITÁVEL | C36: m2 | D36: 2.18
A37: ED-48459 | B37: REMOÇÃO MANUAL DE FORRO DE PLACAS (GESSO, MINERAL, FIBRA, ISOPOR, COLMEIA, PVC, ETC.), COM REAPROVEITAMENTO, INCLUSIVE DEMOLIÇÃO ESTRUTURA DE SUSTENTAÇÃO, AFASTAMENTO E EMPILHAMENTO, EXCLUSIVE TRANSPORTE E RETIRADA DO MATERIAL REMOVIDO NÃO REAPROVEITÁVEL | C37: m2 | D37: 6.54
A38: ED-48464 | B38: REMOÇÃO MANUAL DE FORRO DE TÁBUAS DE PINHO, COM REAPROVEITAMENTO, INCLUSIVE AFASTAMENTO E EMPILHAMENTO, EXCLUSIVE REMOÇÃO DA ESTRUTURA DE SUSTENTAÇÃO, TRANSPORTE E RETIRADA DO MATERIAL REMOVIDO NÃO REAPROVEITÁVEL | C38: m2 | D38: 10.24
A39: ED-28355 | B39: REMOÇÃO MANUAL ESTRUTURA OU TRAMA DE SUSTENTAÇÃO DE MADEIRA OU METÁLICA PARA FORRO, COM REAPROVEITAMENTO, INCLUSIVE AFASTAMENTO E EMPILHAMENTO, EXCLUSIVE TRANSPORTE E RETIRADA DO MATERIAL REMOVIDO NÃO REAPROVEITÁVEL | C39: m2 | D39: 4.36
A40: 8710 | B40: REMOÇÃO DE ESQUADRIA
A41: ED-48496 | B41: REMOÇÃO MANUAL DE CONJUNTO DE ALIZARES, COM REAPROVEITAMENTO, INCLUSIVE AFASTAMENTO E EMPILHAMENTO, EXCLUSIVE TRANSPORTE E RETIRADA DO MATERIAL REMOVIDO NÃO REAPROVEITÁVEL | C41: cj | D41: 3.63
A42: ED-48458 | B42: REMOÇÃO MANUAL DE CONJUNTO DE FERRAGENS (DOBRADIÇAS, FECHADURA E MAÇANETAS), COM REAPROVEITAMENTO, INCLUSIVE AFASTAMENTO E EMPILHAMENTO, EXCLUSIVE TRANSPORTE E RETIRADA DO MATERIAL REMOVIDO NÃO REAPROVEITÁVEL | C42: un | D42: 22.1
A43: ED-48493 | B43: REMOÇÃO MANUAL DE ESQUADRIA EM MADEIRA, COM REAPROVEITAMENTO, INCLUSIVE REMOÇÃO DE MARCO/ALIZAR/GUARNIÇÕES, AFASTAMENTO E EMPILHAMENTO, EXCLUSIVE TRANSPORTE E RETIRADA DO MATERIAL REMOVIDO NÃO REAPROVEITÁVEL | C43: m2 | D43: 13.96
A44: ED-48497 | B44: REMOÇÃO MANUAL DE ESQUADRIA METÁLICA, COM REAPROVEITAMENTO, INCLUSIVE MARCO/ALIZAR/GUARNIÇÕES, AFASTAMENTO E EMPILHAMENTO, EXCLUSIVE TRANSPORTE E RETIRADA DO MATERIAL REMOVIDO NÃO REAPROVEITÁVEL | C44: m2 | D44: 19.39
A45: ED-48494 | B45: REMOÇÃO MANUAL DE FOLHA DE PORTA OU JANELA DE MADEIRA OU METÁLICA, COM REAPROVEITAMENTO, INCLUSIVE AFASTAMENTO E EMPILHAMENTO, EXCLUSIVE TRANSPORTE E RETIRADA DO MATERIAL REMOVIDO NÃO REAPROVEITÁVEL | C45: m2 | D45: 9.43
A46: ED-48495 | B46: REMOÇÃO MANUAL DE MARCO EM MADEIRA OU METÁLICO, COM REAPROVEITAMENTO, INCLUSIVE AFASTAMENTO E EMPILHAMENTO, EXCLUSIVE TRANSPORTE E RETIRADA DO MATERIAL REMOVIDO NÃO REAPROVEITÁVEL | C46: un | D46: 18.76
A47: 8711 | B47: DEMOLIÇÃO DE IMPERMEABILIZAÇÃO
A48: ED-48465 | B48: DEMOLIÇÃO MANUAL DE IMPERMEABILIZAÇÃO E PROTEÇÃO MECÂNICA, INCLUSIVE AFASTAMENTO E EMPILHAMENTO, EXCLUSIVE TRANSPORTE E RETIRADA DO MATERIAL DEMOLIDO | C48: m2 | D48: 28.72
A49: 8712 | B49: REMOÇÃO DE LOUÇA E ACESSÓRIOS
A50: ED-48467 | B50: REMOÇÃO DE LOUÇAS (LAVATÓRIO, BANHEIRA, PIA, VASO SANITÁRIO, TANQUE), COM REAPROVEITAMENTO, INCLUSIVE AFASTAMENTO E EMPILHAMENTO, EXCLUSIVE TRANSPORTE E RETIRADA DO MATERIAL REMOVIDO NÃO REAPROVEITÁVEL | C50: un | D50: 44.76
A51: ED-48470 | B51: REMOÇÃO MANUAL DE METAIS COMUNS E ACABAMENTOS (TORNEIRA, ACABAMENTO PARA REGISTRO, SIFÃO, ENGATE FLEXÍVEL, ETC.), COM REAPROVEITAMENTO, INCLUSIVE AFASTAMENTO E EMPILHAMENTO, EXCLUSIVE TRANSPORTE E RETIRADA DO MATERIAL REMOVIDO NÃO REAPROVEITÁVEL | C51: un | D51: 6.69
A52: ED-48471 | B52: REMOÇÃO MANUAL DE METAIS EMBUTIDOS (BASE DE REGISTRO, VÁLVULA DE DESCARGA, TORNEIRA ANTIVANDALISMO, ETC.), COM REAPROVEITAMENTO, INCLUSIVE AFASTAMENTO E EMPILHAMENTO, EXCLUSIVE TRANSPORTE E RETIRADA DO MATERIAL REMOVIDO NÃO REAPROVEITÁVEL | C52: un | D52: 21.32
A53: 8713 | B53: DEMOLIÇÃO E REMOÇÃO DE DIVISÓRIA E BANCADA
A54: ED-48452 | B54: DEMOLIÇÃO MANUAL DE ALVENARIA/DIVISÓRIA DE ELEMENTOS VAZADOS (COBOGÓ, ETC. ), INCLUSIVE AFASTAMENTO E EMPILHAMENTO, EXCLUSIVE TRANSPORTE E RETIRADA DO MATERIAL DEMOLIDO | C54: m2 | D54: 18.37
A55: ED-48453 | B55: DEMOLIÇÃO MANUAL DE DIVISÓRIA COMERCIAL EM LAMINADO, INCLUSIVE AFASTAMENTO E EMPILHAMENTO, EXCLUSIVE TRANSPORTE E RETIRADA DO MATERIAL DEMOLIDO | C55: m2 | D55: 7.38
A56: ED-8024 | B56: DEMOLIÇÃO MANUAL DE DIVISÓRIA DE MADEIRA, INCLUSIVE AFASTAMENTO E EMPILHAMENTO, EXCLUSIVE TRANSPORTE E RETIRADA DO MATERIAL DEMOLIDO | C56: m2 | D56: 11.25
A57: ED-48437 | B57: REMOÇÃO MANUAL DE BANCADA DE PEDRA (MÁRMORE, GRANITO, ARDÓSIA, MARMORITE, ETC.), COM REAPROVEITAMENTO, INCLUSIVE RASGO EM ALVENARIA, REMOÇÃO DE ACESSÓRIOS DE FIXAÇÃO, AFASTAMENTO E EMPILHAMENTO, EXCLUSIVE TRANSPORTE E RETIRADA DO MATERIAL REMOVIDO NÃO REAPROVEITÁVEL | C57: m2 | D57: 55.7
A58: ED-28348 | B58: REMOÇÃO MANUAL DE DIVISÓRIA EM PEDRA (MÁRMORE, GRANITO, ARDÓSIA, MARMORITE, ETC.), COM REAPROVEITAMENTO, INCLUSIVE RASGO EM ALVENARIA, REMOÇÃO DE ACESSÓRIOS DE FIXAÇÃO, AFASTAMENTO E EMPILHAMENTO, EXCLUSIVE TRANSPORTE E RETIRADA DO MATERIAL REMOVIDO NÃO REAPROVEITÁVEL | C58: m2 | D58: 46.48
A59: 8714 | B59: DEMOLIÇÃO DE ALVENARIA
A60: ED-48436 | B60: DEMOLIÇÃO MANUAL DE ALVENARIA DE TIJOLO CERÂMICO MACIÇO, INCLUSIVE AFASTAMENTO E EMPILHAMENTO, EXCLUSIVE TRANSPORTE E RETIRADA DO MATERIAL DEMOLIDO | C60: m3 | D60: 158.67
A61: ED-48435 | B61: DEMOLIÇÃO MANUAL DE ALVENARIA DE TIJOLO CERÂMICO OU BLOCO DE CONCRETO, INCLUSIVE AFASTAMENTO E EMPILHAMENTO, EXCLUSIVE TRANSPORTE E RETIRADA DO MATERIAL DEMOLIDO | C61: m3 | D61: 109.09
A62: ED-28338 | B62: DEMOLIÇÃO MANUAL DE CONSTRUÇÃO EM ALVENARIAS DE VEDAÇÃO, COM ESPESSURA MÁXIMA DE 15CM, INCLUSIVE REMOÇÃO COM REAPROVEITAMENTO DE ESQUADRIAS, AFASTAMENTO E EMPILHAMENTO, EXCLUSIVE TRANSPORTE E RETIRADA DO MATERIAL DEMOLIDO/REMOVIDO NÃO REAPROVEITÁVEL | C62: m2 | D62: 17.33
A63: 8715 | B63: DEMOLIÇÃO DE CONCRETO
A64: ED-48441 | B64: DEMOLIÇÃO MANUAL DE CONCRETO ARMADO, INCLUSIVE AFASTAMENTO E EMPILHAMENTO, EXCLUSIVE TRANSPORTE E RETIRADA DO MATERIAL DEMOLIDO | C64: m3 | D64: 498.69
A65: ED-48440 | B65: DEMOLIÇÃO MANUAL DE CONCRETO, SEM ARMAÇÃO, INCLUSIVE AFASTAMENTO E EMPILHAMENTO, EXCLUSIVE TRANSPORTE E RETIRADA DO MATERIAL DEMOLIDO | C65: m3 | D65: 302.24
A66: ED-48443 | B66: DEMOLIÇÃO MECANIZADA DE CONCRETO ARMADO, COM EQUIPAMENTO ELÉTRICO, INCLUSIVE AFASTAMENTO E EMPILHAMENTO, EXCLUSIVE TRANSPORTE E RETIRADA DO MATERIAL DEMOLIDO | C66: m3 | D66: 261.68
A67: ED-48445 | B67: DEMOLIÇÃO MECANIZADA DE CONCRETO ARMADO, COM EQUIPAMENTO PNEUMÁTICO, INCLUSIVE AFASTAMENTO E EMPILHAMENTO, EXCLUSIVE TRANSPORTE E RETIRADA DO MATERIAL DEMOLIDO | C67: m3 | D67: 347.08
A68: ED-48442 | B68: DEMOLIÇÃO MECANIZADA DE CONCRETO, SEM ARMAÇÃO, COM EQUIPAMENTO ELÉTRICO, INCLUSIVE AFASTAMENTO E EMPILHAMENTO, EXCLUSIVE TRANSPORTE E RETIRADA DO MATERIAL DEMOLIDO | C68: m3 | D68: 159.82
A69: ED-48444 | B69: DEMOLIÇÃO MECANIZADA DE CONCRETO, SEM ARMAÇÃO, COM EQUIPAMENTO PNEUMÁTICO, INCLUSIVE AFASTAMENTO E EMPILHAMENTO, EXCLUSIVE TRANSPORTE E RETIRADA DO MATERIAL DEMOLIDO | C69: m3 | D69: 211.57
A70: 8716 | B70: REMOÇÃO DE PADRÃO CONCESSIONÁRIA
A71: ED-48475 | B71: REMOÇÃO MANUAL DE PADRÃO DE ENTRADA DE ÁGUA, COM REAPROVEITAMENTO, INCLUSIVE AFASTAMENTO E EMPILHAMENTO, EXCLUSIVE TRANSPORTE E RETIRADA DO MATERIAL REMOVIDO NÃO REAPROVEITÁVEL | C71: un | D71: 102.31
A72: ED-48474 | B72: REMOÇÃO MANUAL DE PADRÃO DE ENTRADA DE ENERGIA, COM REAPROVEITAMENTO, INCLUSIVE AFASTAMENTO E EMPILHAMENTO, EXCLUSIVE TRANSPORTE E RETIRADA DO MATERIAL REMOVIDO NÃO REAPROVEITÁVEL | C72: un | D72: 256.72
A73: 8717 | B73: DEMOLIÇÃO E REMOÇÃO DE PAVIMENTAÇÃO
A74: ED-48487 | B74: DEMOLIÇÃO MANUAL DE LAJE DE CONCRETO ARMADO, COM ESPESSURA DE ATÉ 15CM, INCLUSIVE AFASTAMENTO E EMPILHAMENTO, EXCLUSIVE TRANSPORTE E RETIRADA DO MATERIAL DEMOLIDO | C74: m2 | D74: 43.64
A75: ED-48507 | B75: DEMOLIÇÃO MANUAL DE SARJETA OU SARJETÃO DE CONCRETO, INCLUSIVE AFASTAMENTO E EMPILHAMENTO, EXCLUSIVE TRANSPORTE E RETIRADA DO MATERIAL DEMOLIDO | C75: m2 | D75: 10.91
A76: ED-48489 | B76: DEMOLIÇÃO MECANIZADA DE LAJE DE CONCRETO ARMADO, COM ESPESSURA DE ATÉ 15CM, , COM EQUIPAMENTO ELÉTRICO, INCLUSIVE AFASTAMENTO E EMPILHAMENTO, EXCLUSIVE TRANSPORTE E RETIRADA DO MATERIAL DEMOLIDO | C76: m2 | D76: 23.55
A77: ED-48486 | B77: DEMOLIÇÃO MECANIZADA DE LAJE DE CONCRETO ARMADO, COM ESPESSURA DE ATÉ 15CM, , COM EQUIPAMENTO PNEUMÁTICO, INCLUSIVE AFASTAMENTO E EMPILHAMENTO, EXCLUSIVE TRANSPORTE E RETIRADA DO MATERIAL DEMOLIDO | C77: m2 | D77: 30.74
A78: ED-48492 | B78: DEMOLIÇÃO MECANIZADA DE REVESTIMENTO ASFÁLTICO, COM EQUIPAMENTO PNEUMÁTICO, INCLUSIVE AFASTAMENTO E EMPILHAMENTO, EXCLUSIVE TRANSPORTE E RETIRADA DO MATERIAL DEMOLIDO | C78: m2 | D78: 10.24
A79: ED-48490 | B79: REMOÇÃO MANUAL DE ALVENARIA POLIÉDRICA, COM REAPROVEITAMENTO, INCLUSIVE AFASTAMENTO E EMPILHAMENTO, EXCLUSIVE TRANSPORTE E RETIRADA DO MATERIAL REMOVIDO NÃO REAPROVEITÁVEL | C79: m2 | D79: 14.95
A80: ED-48488 | B80: REMOÇÃO MANUAL DE CALÇADA PORTUGUESA, COM REAPROVEITAMENTO, INCLUSIVE AFASTAMENTO E EMPILHAMENTO, EXCLUSIVE TRANSPORTE E RETIRADA DO MATERIAL REMOVIDO NÃO REAPROVEITÁVEL | C80: m2 | D80: 9.03
A81: ED-48473 | B81: REMOÇÃO MANUAL DE GUIA DE MEIO-FIO EM PEDRA (GNAISSE, BASALTO, ETC.), COM REAPROVEITAMENTO, INCLUSIVE AFASTAMENTO E EMPILHAMENTO, EXCLUSIVE TRANSPORTE E RETIRADA DO MATERIAL REMOVIDO NÃO REAPROVEITÁVEL | C81: m | D81: 21.82
A82: ED-48472 | B82: REMOÇÃO MANUAL DE GUIA DE MEIO-FIO PRÉ-MOLDADA EM CONCRETO, COM REAPROVEITAMENTO, INCLUSIVE AFASTAMENTO E EMPILHAMENTO, EXCLUSIVE TRANSPORTE E RETIRADA DO MATERIAL REMOVIDO NÃO REAPROVEITÁVEL | C82: m | D82: 11.64
A83: ED-48476 | B83: REMOÇÃO MANUAL DE PAVIMENTAÇÃO INTERTRAVADA OU SEXTAVADO EM PRÉ-MOLDADO DE CONCRETO, COM REAPROVEITAMENTO, INCLUSIVE AFASTAMENTO E EMPILHAMENTO, EXCLUSIVE TRANSPORTE E RETIRADA DO MATERIAL REMOVIDO NÃO REAPROVEITÁVEL | C83: m2 | D83: 14.95
A84: ED-48491 | B84: REMOÇÃO MANUAL DE PAVIMENTO PARALELEPÍPEDO, COM REAPROVEITAMENTO, INCLUSIVE AFASTAMENTO E EMPILHAMENTO, EXCLUSIVE TRANSPORTE E RETIRADA DO MATERIAL REMOVIDO NÃO REAPROVEITÁVEL | C84: m2 | D84: 16.66
A85: 8718 | B85: DEMOLIÇÃO E REMOÇÃO DE REVESTIMENTO
A86: ED-48504 | B86: DEMOLIÇÃO MANUAL DE LAMINADO MELAMÍNICO EM SUPERFÍCIE DE MADEIRA OU PAREDE, INCLUSIVE AFASTAMENTO E EMPILHAMENTO, EXCLUSIVE TRANSPORTE E RETIRADA DO MATERIAL DEMOLIDO | C86: m2 | D86: 10.91
A87: ED-48501 | B87: DEMOLIÇÃO MANUAL DE REBOCO OU EMBOÇO, COM ESPESSURA DE ATÉ 55MM, INCLUSIVE AFASTAMENTO E EMPILHAMENTO, EXCLUSIVE TRANSPORTE E RETIRADA DO MATERIAL DEMOLIDO | C87: m2 | D87: 10.34
A88: ED-48502 | B88: DEMOLIÇÃO MANUAL DE REVESTIMENTO CERÂMICO, AZULEJO OU LADRILHO HIDRÁULICO, INCLUSIVE AFASTAMENTO E EMPILHAMENTO, EXCLUSIVE DEMOLIÇÃO DO REBOCO OU EMBOÇO, TRANSPORTE E RETIRADA DO MATERIAL DEMOLIDO | C88: m2 | D88: 21.54
A89: ED-48503 | B89: DEMOLIÇÃO MANUAL DE REVESTIMENTO DE PEDRA (MÁRMORE, GRANITO, ARDÓSIA, ETC.), INCLUSIVE AFASTAMENTO E EMPILHAMENTO, EXCLUSIVE DEMOLIÇÃO DO REBOCO OU EMBOÇO, TRANSPORTE E RETIRADA DO MATERIAL DEMOLIDO | C89: m2 | D89: 25.85
A90: ED-48478 | B90: REMOÇÃO MANUAL DE PEITORIL DE MÁRMORE OU GRANITO, COM REAPROVEITAMENTO, INCLUSIVE AFASTAMENTO E EMPILHAMENTO, EXCLUSIVE TRANSPORTE E RETIRADA DO MATERIAL REMOVIDO NÃO REAPROVEITÁVEL | C90: m | D90: 8.47
A91: 8719 | B91: DEMOLIÇÃO E REMOÇÃO DE PISO
A92: ED-48480 | B92: DEMOLIÇÃO MANUAL DE PISO CERÂMICO OU LADRILHO HIDRÁULICO, INCLUSIVE AFASTAMENTO E EMPILHAMENTO, EXCLUSIVE DEMOLIÇÃO DE CONTRAPISO, TRANSPORTE E RETIRADA DO MATERIAL DEMOLIDO | C92: m2 | D92: 17.23
A93: ED-48479 | B93: DEMOLIÇÃO MANUAL DE PISO CIMENTADO OU CONTRAPISO DE ARGAMASSA, COM ESPESSURA MÁXIMA DE 10CM, INCLUSIVE AFASTAMENTO E EMPILHAMENTO, EXCLUSIVE TRANSPORTE E RETIRADA DO MATERIAL DEMOLIDO | C93: m2 | D93: 18.46
A94: ED-48481 | B94: DEMOLIÇÃO MANUAL DE PISO DE PEDRAS (MÁRMORE, GRANITO, ARDÓSIA, ETC.), INCLUSIVE AFASTAMENTO E EMPILHAMENTO, EXCLUSIVE DEMOLIÇÃO DE CONTRAPISO, TRANSPORTE E RETIRADA DO MATERIAL DEMOLIDO | C94: m2 | D94: 21.54
A95: ED-48483 | B95: DEMOLIÇÃO MANUAL DE PISO EM GRANILITE/MARMORITE, INCLUSIVE AFASTAMENTO E EMPILHAMENTO, EXCLUSIVE TRANSPORTE E RETIRADA DO MATERIAL DEMOLIDO | C95: m2 | D95: 23.5
A96: ED-48482 | B96: DEMOLIÇÃO MANUAL DE PISO VINÍLICO, INCLUSIVE AFASTAMENTO E EMPILHAMENTO, EXCLUSIVE TRANSPORTE E RETIRADA DO MATERIAL DEMOLIDO | C96: m2 | D96: 9.19
A97: ED-48505 | B97: DEMOLIÇÃO MANUAL DE RODAPÉ, INCLUSIVE ARGAMASSA DE ASSENTAMENTO E AFASTAMENTO, EXCLUSIVE TRANSPORTE E RETIRADA DO MATERIAL DEMOLIDO | C97: m | D97: 2.86
A98: ED-48485 | B98: REMOÇÃO MANUAL DE PISO DE TÁBUAS, COM REAPROVEITAMENTO, INCLUSIVE AFASTAMENTO E EMPILHAMENTO, EXCLUSIVE TRANSPORTE E RETIRADA DO MATERIAL REMOVIDO NÃO REAPROVEITÁVEL | C98: m2 | D98: 25.85
A99: ED-48484 | B99: REMOÇÃO MANUAL DE PISO DE TACO DE MADEIRA, COM REAPROVEITAMENTO, INCLUSIVE AFASTAMENTO E EMPILHAMENTO, EXCLUSIVE TRANSPORTE E RETIRADA DO MATERIAL REMOVIDO NÃO REAPROVEITÁVEL | C99: m2 | D99: 22.48
A100: ED-48508 | B100: REMOÇÃO MANUAL DE SOLEIRA DE MÁRMORE OU GRANITO, COM REAPROVEITAMENTO, INCLUSIVE AFASTAMENTO E EMPILHAMENTO, EXCLUSIVE TRANSPORTE E RETIRADA DO MATERIAL REMOVIDO NÃO REAPROVEITÁVEL | C100: m | D100: 9.06
...

Sheet SICRO
B1: SICRO OUTUBRO 2025
A2: CÓDIGO | B2: DESCRIÇÃO | C2: UNIDADE | D2: PREÇO
A3: 307731 | B3: Aparelho de apoio de neoprene fretado para estruturas moldadas no local - fornecimento e instalação | C3: dm³ | D3: 151.47
A4: 307732 | B4: Aparelho de apoio de neoprene fretado para estruturas pré-moldadas - fornecimento e instalação | C4: dm³ | D4: 125.45
A5: 308308 | B5: Aparelho de apoio metálico elastomérico fixo com capacidade de 1.500 kN - fornecimento e instalação | C5: un | D5: 4795.02
A6: 308313 | B6: Aparelho de apoio metálico elastomérico fixo com capacidade de 10.000 kN - fornecimento e instalação | C6: un | D6: 29076.7
A7: 308309 | B7: Aparelho de apoio metálico elastomérico fixo com capacidade de 2.500 kN - fornecimento e instalação | C7: un | D7: 8047.84
A8: 308310 | B8: Aparelho de apoio metálico elastomérico fixo com capacidade de 4.000 kN - fornecimento e instalação | C8: un | D8: 10073.09
A9: 308311 | B9: Aparelho de apoio metálico elastomérico fixo com capacidade de 5.500 kN - fornecimento e instalação | C9: un | D9: 14577.63
A10: 308312 | B10: Aparelho de apoio metálico elastomérico fixo com capacidade de 7.500 kN - fornecimento e instalação | C10: un | D10: 20477.04
A11: 308307 | B11: Aparelho de apoio metálico elastomérico fixo com capacidade de 700 kN - fornecimento e instalação | C11: un | D11: 2672.63
A12: 308322 | B12: Aparelho de apoio metálico elastomérico multidirecional com capacidade de 1.500 kN - fornecimento e instalação | C12: un | D12: 5045.56
A13: 308327 | B13: Aparelho de apoio metálico elastomérico multidirecional com capacidade de 10.000 kN - fornecimento e instalação | C13: un | D13: 30436.95
A14: 308323 | B14: Aparelho de apoio metálico elastomérico multidirecional com capacidade de 2.500 kN - fornecimento e instalação | C14: un | D14: 7943.57
... A6519: 7107378 | B6519: Tratamento superficial e pintura do fundo do flutuante | C6519: m² | D6519: 185.88
A6520: M0003 | B6520: Aço CA 25 | C6520: kg | D6520: 6.5765
A6521: M0004 | B6521: Aço CA 50 | C6521: kg | D6521: 6.2323
A6522: M0005 | B6522: Brita 0 | C6522: m³ | D6522: 193.7527
A6523: M0006 | B6523: Fibra de poliamida para concreto | C6523: kg | D6523: 27.3823
A6524: M0007 | B6524: Fibra de aço para concreto | C6524: kg | D6524: 16.524
A6525: M0008 | B6525: Detergente líquido neutro | C6525: l | D6525: 4.0811
A6526: M0009 | B6526: Aço CP 175 RB | C6526: kg | D6526: 9.3975
A6527: M0010 | B6527: Aditivo superplastificante à base de policarboxilato para concreto e argamassa | C6527: kg | D6527: 13.4254
A6528: M0011 | B6528: Aditivo modificador de viscosidade para concreto e argamassa | C6528: kg | D6528: 9.1675
A6529: M0012 | B6529: Silicato de alumínio | C6529: kg | D6529: 1.9229
A6530: M0013 | B6530: Grampo de ancoragem em aço CA 50 - D = 12,5 mm | C6530: kg | D6530: 6.2425
A6531: M0014 | B6531: Aço CA 60 | C6531: kg | D6531: 8.4776
... A6594: M0103 | B6594: Aditivo acelerador de pega para concreto e argamassa projetados | C6594: kg | D6594: 7.5027
A6595: M0104 | B6595: Asfalto diluído de petróleo - CM-30 | C6595: t | D6595: -
A6596: M0105 | B6596: Ancoragem ativa para 4 cordoalhas - D = 15,2 mm | C6596: un | D6596: 546.8193
A6597: M0106 | B6597: Ancoragem ativa para 6 cordoalhas - D = 15,2 mm | C6597: un | D6597: 586.9455
A6598: M0107 | B6598: Geocomposto para drenagem | C6598: m² | D6598: 43.0165
A6599: M0108 | B6599: Ancoragem ativa para 7 cordoalhas - D = 15,2 mm | C6599: un | D6599: 655.1796
A6600: M0109 | B6600: Geodreno vertical - L = 10 cm e E = 5 mm | C6600: m | D6600: 5.18
A6601: M0110 | B6601: Ancoragem ativa para 10 cordoalhas - D = 15,2 mm | C6601: un | D6601: 1086.4855
A6602: M0111 | B6602: Ancoragem ativa para 9 cordoalhas - D = 15,2 mm | C6602: un | D6602: 959.1496
A6603: M0112 | B6603: Disco diamantado segmentado para corte de pavimento - D = 1.000 mm | C6603: un | D6603: 6188.934
A6604: M0113 | B6604: Ancoragem ativa para 12 cordoalhas - D = 15,2 mm | C6604: un | D6604: 1238.5503
A6605: M0114 | B6605: Disco diamantado segmentado para corte de pavimento - D = 1.500 mm | C6605: un | D6605: 26131.865
A6606: M0115 | B6606: Biomanta vegetal de fibras de coco entrelaçadas com fios de polipropileno biodegradáveis - densidade 0,4 kg/m² | C6606: m² | D6606: 6.5
A6607: M0116 | B6607: Mangote flangeado de borracha reforçada com lonas sintéticas - C = 1,80 m e D = 0,30 m | C6607: un | D6607: 10391.488
... A6738: M0450 | B6738: Compensado de virola - E = 6 mm | C6738: m² | D6738: 34.4585
A6739: M0451 | B6739: Concreto usinado - fck = 20 MPa (comercial) | C6739: m³ | D6739: -
A6740: M0452 | B6740: Concreto usinado - fck = 25 MPa (comercial) | C6740: m³ | D6740: -
A6741: M0453 | B6741: Concreto usinado - fck = 30 MPa (comercial) | C6741: m³ | D6741: -
A6742: M0454 | B6742: Concreto usinado - fck = 35 MPa (comercial) | C6742: m³ | D6742: -
A6743: M0459 | B6743: Compensado plastificado - E = 14 mm | C6743: m² | D6743: 46.6881
A6744: M0467 | B6744: Luva em aço para emenda tipo prensada - D = 20,0 mm | C6744: un | D6744: 34.33
A6745: M0468 | B6745: Luva em aço para emenda tipo prensada - D = 25,0 mm | C6745: un | D6745: 59.73
A6746: M0469 | B6746: Luva em aço para emenda tipo prensada - D = 32,0 mm | C6746: un | D6746: 137.85
A6747: M0470 | B6747: Luva em aço para emenda com rosca cônica - D = 12,5 mm | C6747: un | D6747: 11.65
A6748: M0471 | B6748: Luva em aço para emenda com rosca cônica - D = 16,0 mm | C6748: un | D6748: 17.59
A6749: M0472 | B6749: Luva em aço para emenda com rosca cônica - D = 20,0 mm | C6749: un | D6749: 25.05
A6750: M0481 | B6750: Luva em aço para emenda com rosca cônica - D = 25,0 mm | C6750: un | D6750: 34.48
A6751: M0502 | B6751: Luva em aço para emenda com rosca cônica - D = 32,0 mm | C6751: un | D6751: 60.7273
A6752: M0505 | B6752: Broca de widia - D = 6,5 mm e C = 100 mm | C6752: un | D6752: 5.7705
A6753: M0506 | B6753: Broca de widia - D = 8 mm e C = 120 mm | C6753: un | D6753: 9.1213
A6754: M0511 | B6754: Abrasivo tipo granalha de aço | C6754: kg | D6754: 10.4179
... A6793: M0603 | B6793: Ponteiro para rompedor hidráulico de 520 kg | C6793: un | D6793: 6190.7755
A6794: M0614 | B6794: Concreto usinado - fctM,k = 4,5 MPa (comercial) | C6794: m³ | D6794: -
A6795: M0615 | B6795: Aditivo incorporador de ar para concreto e argamassa | C6795: kg | D6795: 7.364
A6796: M0639 | B6796: Bico para corte a plasma CNC - 130A | C6796: un | D6796: 115.1063
A6797: M0640 | B6797: Bocal para corte a plasma CNC - 130A | C6797: un | D6797: 112.3198
A6798: M0641 | B6798: Capa do bico para corte a plasma CNC - 130A | C6798: un | D6798: 1541.611
A6799: M0642 | B6799: Capa do bocal para corte a plasma CNC - 130A | C6799: un | D6799: 776.4022
A6800: M0643 | B6800: Distribuidor de gás para corte a plasma CNC - 130A | C6800: un | D6800: 208.0522
A6801: M0644 | B6801: Eletrodo para corte a plasma CNC - 130A | C6801: un | D6801: 125.4151
A6802: M0645 | B6802: Tubo de água para corte a plasma CNC - 130A | C6802: un | D6802: 197.2098
A6803: M0646 | B6803: Estaca pré-moldada de concreto protendido com compressão admissível de 100 t | C6803: m | D6803: 275
A6804: M0647 | B6804: Estaca pré-moldada de concreto protendido com compressão admissível de 25 t | C6804: m | D6804: 87
A6805: M0648 | B6805: Estaca pré-moldada de concreto protendido com compressão admissível de 35 t | C6805: m | D6805: 116
A6806: M0649 | B6806: Estaca pré-moldada de concreto protendido com compressão admissível de 60 t | C6806: m | D6806: 124
... A6834: M0773 | B6834: Perfil de alumínio tipo L463 para placa de sinalização - seção de 50 x 50 mm | C6834: m | D6834: 53.1879
A6835: M0785 | B6835: Massa asfáltica comercial | C6835: t | D6835: -
A6836: M0786 | B6836: Placa de poliestireno expandido (EPS) | C6836: m³ | D6836: 355
A6837: M0787 | B6837: Suporte em aço-carbono galvanizado tipo perfil C para placa de sinalização | C6837: kg | D6837: 30.2374
A6838: M0789 | B6838: Conjunto para fixação de placas em aço galvanizado composto por barra chata, abraçadeira, parafusos, porcas e arruelas | C6838: kg | D6838: 35.5378
A6839: M0796 | B6839: Semipórtico metálico para vão de 8,3 m e vento de 35 m/s | C6839: un | D6839: 63673.67
A6840: M0798 | B6840: Apoio de neoprene fretado | C6840: dm³ | D6840: 120.5873
A6841: M0804 | B6841: Cabo de aço - D = 12,70 mm (1/2") | C6841: m | D6841: 29.8875
A6842: M0805 | B6842: Semipórtico duplo metálico para vão de 2 x 8,3 m e vento de 35 m/s | C6842: un | D6842: 99034.153
A6843: M0808 | B6843: Brita 4 | C6843: m³ | D6843: 164.1469
A6844: M0809 | B6844: Cabo de aço - D = 6,35 mm (1/4") | C6844: m | D6844: 8.6509
A6845: M0810 | B6845: Cabo de aço - D = 52,00 mm (2") | C6845: m | D6845: 545.5431
A6846: M0812 | B6846: Sapatilha em aço inox - D = 6,35 mm (1/4") | C6846: un | D6846: 3.9
A6847: M0818 | B6847: Semipórtico metálico para vão de 8,3 m e vento de 40 m/s | C6847: un | D6847: 64384.959
... A6901: M1118 | B6901: Cruzeta de madeira para poste - H = 240 cm | C6901: un | D6901: 137.808
A6902: M1129 | B6902: Junta de dilatação em perfil extrudado de borracha vulcanizada | C6902: m | D6902: -
A6903: M1130 | B6903: Selante elástico à base de poliuretano | C6903: kg | D6903: 110.5368
A6904: M1131 | B6904: Cordão de polietileno expandido de baixa densidade - D = 15,0 mm | C6904: m | D6904: 0.7611
A6905: M1132 | B6905: Junta de dilatação em elastômero e perfil VV - L = 20 mm e H = 40 mm | C6905: m | D6905: 186.3644
A6906: M1134 | B6906: Junta de dilatação em elastômero e perfil VV - L = 25 mm e H = 50 mm | C6906: m | D6906: 206.0149
A6907: M1135 | B6907: Pó de pedra | C6907: m³ | D6907: 157.8183
A6908: M1136 | B6908: Cordão de polietileno expandido de baixa densidade - D = 10,0 mm | C6908: m | D6908: 0.2555
A6909: M1142 | B6909: Junta de dilatação em elastômero e perfil VV - L = 35 mm e H = 60 mm | C6909: m | D6909: 301.9524
A6910: M1150 | B6910: Adesivo estrutural à base de resina epóxi bicomponente tipo ADE-52 ou similar | C6910: kg | D6910: 134.8125
A6911: M1151 | B6911: Junta de dilatação em elastômero e perfil VV - L = 40 mm e H = 70 mm | C6911: m | D6911: 409.537
A6912: M1152 | B6912: Junta de dilatação em elastômero e perfil VV - L = 50 mm e H = 80 mm | C6912: m | D6912: 418.3669
A6913: M1176 | B6913: Arame liso em aço galvanizado - D = 1,65 mm (16 BWG) | C6913: kg | D6913: 19
A6914: M1205 | B6914: Prego de ferro | C6914: kg | D6914: 15.2544
...

Sheet SUDECAP
B1: SUDECAP SETEMBRO 2025
A2: CÓDIGO | B2: DESCRIÇÃO | C2: UNIDADE | D2: PREÇO
A3: 54.01.01 | B3: POLIDORA DE PISO, 100KG, D=450MM, MOTOR ELÉTRICO 4HP (LOCAÇÃO) | C3: H | D3: 18.25
A4: 54.01.08 | B4: VIBROACABADORA DE ASFALTO SOBRE ESTEIRAS, LARGURA DE PAVIMENTO 2,13 M A 4,55 M POTÊNCIA. 74 KW/100 HP, CAPACIDADE 400 T/H OU EQUIVALENTE | C4: UN | D4: 1600026.3
A5: 54.01.38 | B5: MINI-CARREGADEIRA DE PNEUS 61HP COM VASSOURA DE 1500MM OU EQUIVALENTE | C5: UN | D5: 337000
A6: 54.01.40 | B6: FRESADORA DE ASFALTO A FRIO SOBRE RODAS, LARGURA DE FRESAGEM 1,00 M, POTÊNCIA 155 KW/208 HP OU EQUIVALENTE | C6: UN | D6: 2332792
A7: 54.01.70 | B7: VASSOURA MECÂNICA REBOCÁVEL COM ESCOVA CILÍNDRICA LARGURA ÚTIL DE VARRIMENTO = 2,44M OU EQUIVALENTE | C7: UN | D7: 68683.67
A8: 54.04.12 | B8: BATE ESTACA DE QUEDA SIMPLES, SOBRE ROLO, MOTOR A DIESEL, COM MARTELO DE 0,6 A 0,8T | C8: UN | D8: 129967.34
A9: 54.05.10 | B9: BETONEIRA CAPACIDADE NOMINAL 400 L, CAPACIDADE DE MISTURA 280 L, MOTOR ELETRICO TRIFASICO 220/380 V POTENCIA 2 CV, SEM CARREGADOR | C9: UN | D9: 5519
A10: 54.06.02 | B10: BOMBA HIDRÁULICA SUBMERSÍVEL 2" 36 M3/H COM 20M DE MANGUEIRA | C10: UN | D10: 6148
A11: 54.06.04 | B11: BOMBA HIDRÁULICA SUBMERSÍVEL 3" 72 M3/H COM 20M DE MANGUEIRA | C11: UN | D11: 7150
A12: 54.10.10 | B12: CAMINHÃO TOCO, PESO BRUTO TOTAL 10.000 KG, CARGA ÚTIL MÁXIMA 7.200 KG, DISTÂNCIA ENTRE EIXOS 4,50 M, POTÊNCIA 190 CV (INCLUI CABINE E CHASSI, NÃO INCLUI CARROCERIA) OU EQUIVALENTE | C12: UN | D12: 477320.16
A13: 54.10.12 | B13: CAMINHÃO TOCO, PESO BRUTO TOTAL 15.000 KG, CARGA ÚTIL MÁXIMA 9.800 KG, DISTÂNCIA ENTRE EIXOS 5,00 M, POTÊNCIA 200 CV (INCLUI CABINE E CHASSI, NÃO INCLUI CARROCERIA) OU EQUIVALENTE | C13: UN | D13: 526704.47
A14: 54.10.80 | B14: GUINDASTE ARTICULADO COM CAPACIDADE MÁXIMA DE 3300KG E ALCANCE MÁXIMO HORIZONTAL DE 9 METROS OU EQUIVALENTE | C14: UN | D14: 129900
... A1544: 97.02.06 | B1544: DETERMINAÇÃO DA MASSA ESPECÍFICA DE AGREGADOS MIUDOS POR MEIO DO FRASCO CHAPMAN (DNER-ME 194/98) | C1544: UN | D1544: 230
A1545: 1 | B1545: INSTALAÇÃO DA OBRA
A1546: 01.01 | B1546: ESCRITÓRIO DE OBRA
A1547: 01.01.13 | B1547: LAVABO | C1547: UN | D1547: 3460.21
A1548: 01.01.20 | B1548: ESCRITÓRIO DA CONTRATADA - ATÉ 15M2 | C1548: M2 | D1548: 546.7
A1549: 01.01.21 | B1549: ESCRITÓRIO DA CONTRATADA - ATÉ 22M2 | C1549: M2 | D1549: 502.84
A1550: 01.01.22 | B1550: ESCRITÓRIO DA FISCALIZAÇÃO - ATÉ 15M2 | C1550: M2 | D1550: 546.7
A1551: 01.01.23 | B1551: ESCRITÓRIO DA FISCALIZAÇÃO - ATÉ 22M2 | C1551: M2 | D1551: 502.84
A1552: 01.02 | B1552: BARRACÃO DE OBRA
A1553: 01.02.10 | B1553: ÁREA COBERTA EM TELHA DE FIBROCIMENTO | C1553: M2 | D1553: 116.59
A1554: 01.02.30 | B1554: VESTIÁRIO PARA ATÉ 20 PESSOAS | C1554: M2 | D1554: 329.04
A1555: 01.02.31 | B1555: VESTIÁRIO PARA ATÉ 30 PESSOAS | C1555: M2 | D1555: 306.48
A1556: 01.02.32 | B1556: VESTIÁRIO PARA ATÉ 40 PESSOAS | C1556: M2 | D1556: 291.4
A1557: 01.02.35 | B1557: DEPÓSITO E FERRAMENTARIA - ATÉ 15 M2 | C1557: M2 | D1557: 482.65
A1558: 01.02.36 | B1558: DEPÓSITO E FERRAMENTARIA - ATÉ 26M2 | C1558: M2 | D1558: 428.1
A1559: 01.02.37 | B1559: DEPÓSITO E FERRAMENTARIA - ATÉ 33M2 | C1559: M2 | D1559: 414.96
A1560: 01.02.38 | B1560: DEPÓSITO DE MATERIAIS ENSACADOS - ATÉ 15 M2 | C1560: M2 | D1560: 391.59
A1561: 01.02.40 | B1561: REFEITÓRIO - ATÉ 19M2 | C1561: M2 | D1561: 452.47
A1562: 01.02.41 | B1562: REFEITÓRIO- ATÉ 26M2 | C1562: M2 | D1562: 436.86
A1563: 01.02.45 | B1563: INSTALAÇÃO SANITÁRIA / VESTIÁRIO PARA ATÉ 4 PESSOAS | C1563: M2 | D1563: 670.75
A1564: 01.02.46 | B1564: INSTALAÇÃO SANITÁRIA - ATÉ 15M2 | C1564: M2 | D1564: 589.54
... A1566: 01.02.48 | B1566: INSTALAÇÃO SANITÁRIA - ATÉ 33M2 | C1566: M2 | D1566: 526.66
A1567: 01.03 | B1567: PLACA DE OBRA AFIXADA COM PEÇAS DE MADEIRA
A1568: 01.03.01 | B1568: PLACA DE OBRA 3,0 X 2,0M EM LONA IMPRESSÃO DIGITAL PADRÃO SUDECAP | C1568: UN | D1568: 1598.41
A1569: 01.03.02 | B1569: PLACA DE OBRA EM LONA IMPRESSÃO DIGITAL PADRÃO SUDECAP | C1569: M2 | D1569: 195.38
A1570: 01.03.03 | B1570: PLACA DE OBRA EM CHAPA GALVANIZADA ADESIVADA, DIMENSÕES 2,40 X 1,20 M, PADRÃO CEF | C1570: M2 | D1570: 508.09
A1571: 01.04 | B1571: TAPUME PADRÃO SUDECAP
A1572: 01.04.01 | B1572: TAPUME PADRÃO SUDECAP, DE COMPENSADO 10MM, COM FIXAÇÃO ENTERRADA | C1572: M | D1572: 104.07
A1573: 01.04.03 | B1573: TAPUME PADRÃO SUDECAP DE COMPENSADO 10MM COM BASE DE CONCRETO | C1573: M | D1573: 110.22
A1574: 01.04.05 | B1574: INFORME PUBLICITÁRIO, LONA IMPRESSÃO DIGITAL APLICADO EM TAPUME | C1574: M2 | D1574: 80.78
A1575: 01.04.06 | B1575: TAPUME PADRÃO SUDECAP DE TELA GALVANIZADA #2" FIO 14 COM FIXAÇAO ENTERRADA | C1575: M | D1575: 68.01
A1576: 01.04.07 | B1576: TAPUME PADRÃO SUDECAP DE TELA GALVANIZADA #2" FIO 14 COM BASE DE CONCRETO | C1576: M | D1576: 71.53
A1577: 01.04.09 | B1577: TELA - TAPUME DE POLIPROPILENO H=1,20 M, INCLUSIVE BASE | C1577: M | D1577: 13.05
A1578: 01.04.10 | B1578: PROTEÇAO COM FITA ZEBRADA AMARELA L=7CM E PEÇA 7X7 | C1578: M | D1578: 9.45
A1579: 01.04.11 | B1579: FITA ZEBRADA AMARELA PARA SINALIZAÇAO L= 7CM | C1579: M | D1579: 3.44
A1580: 01.04.16 | B1580: TAPUME METÁLICO COM BASE DE CONCRETO (M) | C1580: M | D1580: 113.05
A1581: 01.04.17 | B1581: TAPUME METÁLICO COM BASE ENTERRADA (M) | C1581: M | D1581: 99.48
A1582: 01.04.18 | B1582: TAPUME METÁLICO COM TELA E BASE DE CONCRETO (M) | C1582: M | D1582: 130.55
A1583: 01.04.19 | B1583: TAPUME METÁLICO COM TELA E BASE ENTERRADA (M) | C1583: M | D1583: 116.95
... A1585: 01.04.21 | B1585: PLACA DE ACESSO À INFORMAÇÃO, EM CHAPA DE AÇO E=0,60MM, COM ADESIVO VINÍLICO, FIXADA COM REBITES, TAMANHO 1,00X0,70 M | C1585: UN | D1585: 88.6
A1586: 01.06 | B1586: INSTALAÇÃO PROVISÓRIA - CONCESSIONÁRIA
A1587: 01.06.01 | B1587: PADRÃO CEMIG PROVISÓRIO TIPO C3, DEMANDA PROVÁVEL DE 23,1 ATÉ 27,0KW (3F+N) | C1587: UN | D1587: 675.75
A1588: 01.06.05 | B1588: PADRÃO COPASA - KIT CAVALETE METAL E REGISTRO 3/4" | C1588: UN | D1588: 488.54
A1589: 01.07 | B1589: FOSSA E SUMIDOURO
A1590: 01.07.02 | B1590: FOSSA SÉPTICA E SUMIDOURO DN= 1,20M H= 4,00M | C1590: UN | D1590: 6020.98
A1591: 01.08 | B1591: REDE INTERNA E PROVISÓRIA DE ÁGUA E ESGOTO
A1592: 01.08.01 | B1592: REDE INTERNA E PROVISÓRIA DE ÁGUA E ESGOTO TUBO PVC D= 100MM | C1592: M | D1592: 23.13
A1593: 01.08.02 | B1593: REDE INTERNA E PROVISÓRIA DE ÁGUA E ESGOTO TUBO PVC D= 150MM | C1593: M | D1593: 48.86
A1594: 01.08.03 | B1594: REDE INTERNA E PROVISÓRIA DE ÁGUA E ESGOTO TUBO PVC D= 200MM | C1594: M | D1594: 117.79
A1595: 01.08.04 | B1595: REDE INTERNA E PROVISÓRIA DE ÁGUA E ESGOTO TUBO PVC D= 250MM | C1595: M | D1595: 190.5
A1596: 01.08.20 | B1596: REDE INTERNA E PROVISÓRIA DE ÁGUA E ESGOTO TUBO PVC ÁGUA SOLDA E CONEXÕES D= 20MM (1/2") | C1596: M | D1596: 6.73
A1597: 01.08.21 | B1597: REDE INTERNA E PROVISÓRIA DE ÁGUA E ESGOTO TUBO PVC ÁGUA SOLDA E CONEXÕES D= 25MM (3/4") | C1597: M | D1597: 7.15
A1598: 01.09 | B1598: CONTAINER 6,0X2,40X2,82 M COM ISOLAMENTO TÉRMICO
A1599: 01.09.01 | B1599: MOBILIZAÇÃO DE CONTAINER | C1599: UN | D1599: 900
A1600: 01.09.02 | B1600: CONTAINER SIMPLES COM AR CONDICIONADO PARA ESCRITÓRIO | C1600: MES | D1600: 1450
A1601: 01.09.03 | B1601: CONTAINER COM SANITÁRIO E AR CONDICIONADO PARA ESCRITÓRIO | C1601: MES | D1601: 1750
A1602: 01.09.11 | B1602: DESMOBILIZAÇÃO DE CONTAINER | C1602: UN | D1602: 900
A1603: 01.09.12 | B1603: INSTALAÇÕES DE MOBILIÁRIOS PARA CONTAINER TIPO ESCRITÓRIO COM SANITÁRIO | C1603: UN | D1603: 589.25
A1604: 01.09.14 | B1604: INSTALAÇÕES DE MOBILIÁRIOS PARA CONTAINER TIPO REFEITÓRIO | C1604: UN | D1604: 195.3
A1605: 01.09.15 | B1605: INSTALAÇÕES DE MOBILIÁRIOS PARA CONTAINER TIPO DEPÓSITO E FERRAMENTARIA COM LAVATÓRIO | C1605: UN | D1605: 1131.67
A1606: 01.09.17 | B1606: INSTALAÇÕES DE MOBILIÁRIOS PARA CONTAINER TIPO ESCRITÓRIO SEM SANITÁRIO | C1606: UN | D1606: 742.92
A1607: 01.09.18 | B1607: CONTAINER VESTIÁRIO TIPO I | C1607: MES | D1607: 1700
A1608: 01.09.19 | B1608: CONTAINER VESTIÁRIO TIPO II | C1608: MES | D1608: 2600
A1609: 01.09.20 | B1609: CONTAINER VESTIÁRIO TIPO III | C1609: MES | D1609: 3500
A1610: 01.09.21 | B1610: CONTAINER SIMPLES | C1610: MES | D1610: 1200
... A1616: 01.09.27 | B1616: CONTAINER PARA 2 VESTIÁRIOS E SANITÁRIOS | C1616: MES | D1616: 2500
A1617: 01.10 | B1617: BANHEIRO QUÍMICO
A1618: 01.10.01 | B1618: BANHEIRO QUÍMICO 110 X 120 X 230CM COM MANUTENÇÃO | C1618: MES | D1618: 1050
A1619: 01.10.02 | B1619: BANHEIRO QUÍMICO E REBOQUE PARA TRANSPORTE DE BANHEIRO QUÍMICO | C1619: MES | D1619: 1811.81
A1620: 01.11 | B1620: SINALIZAÇÃO
A1621: 01.11.01 | B1621: PLACA 1,0 X 0,60M DUPLA FACE CHAPA GALVANIZADA 26 EM CAVALETE | C1621: UNMES | D1621: 27.11
A1622: 01.11.02 | B1622: PLACA 1,0 X 0,60M CHAPA 26 EM CAVALETE METALON 20 X 20MM | C1622: UNMES | D1622: 23.11
A1623: 01.11.03 | B1623: PLACA 0,50 X 0,50M DUPLA FACE CHAPA GALVANIZADA 22 EM CAVALETE | C1623: UNMES | D1623: 19.51
A1624: 01.11.04 | B1624: PLACA 0,50 X 0,50M CHAPA GALVANIZADA 22 CAVALETE METALON 20 X 20 | C1624: UNMES | D1624: 15.71
A1625: 01.11.05 | B1625: INSTALAÇÃO DE FAIXA MORIM 6,00M X 0,80M EM TECIDO COMUM E EUCALIPTO | C1625: UN | D1625: 156.68
A1626: 01.11.06 | B1626: SINALIZAÇÃO COM CONE MASTER 75CM BASE DE BORRACHA CORPO POLIETILENO | C1626: UN | D1626: 80.98
A1627: 01.11.07 | B1627: SINALIZAÇÃO COM CONE EM PVC H= 75CM | C1627: UN | D1627: 39.66
A1628: 01.11.08 | B1628: SINALIZADOR MONOLIGHT LED 60 A 70 FLASHES/MINUTO | C1628: UN | D1628: 96.38
A1629: 01.12 | B1629: VISTORIA CAUTELAR
A1630: 01.12.01 | B1630: VISTORIA CAUTELAR - ÁREA CONSTRUÍDA <= 100M2 | C1630: UN | D1630: 359.37
A1631: 01.12.02 | B1631: VISTORIA CAUTELAR - 101M2 < ÁREA CONSTRUÍDA <= 200M2 | C1631: UN | D1631: 447.59
A1632: 01.12.03 | B1632: VISTORIA CAUTELAR - 201M2 < ÁREA CONSTRUÍDA <= 500M2 | C1632: UN | D1632: 594.64
A1633: 01.12.04 | B1633: VISTORIA CAUTELAR - 501M2 < ÁREA CONSTRUÍDA <= 2000M2 | C1633: UN | D1633: 862.55
A1634: 01.12.05 | B1634: VISTORIA CAUTELAR - 2001M2 < ÁREA CONSTRUÍDA <= 7000M2 | C1634: UN | D1634: 1437.52
A1635: 01.12.06 | B1635: VISTORIA CAUTELAR - ÁREA CONSTRUÍDA > 7001M2 | C1635: UN | D1635: 2016.19
A1636: 01.13 | B1636: GERENCIAMENTO DE RESÍDUOS DA CONSTRUÇÃO CIVIL
...

Sheet CRO 5 meses
A2: CRONOGRAMA FÍSICO-FINANCEIRO | L2: Revisão: | M2: =DADOS!D6 -> R03
L3: Data: | M3: =DADOS!D2 -> 46170
A4: Projeto: | D4: Responsável: | I4: Cliente: | L4: Bancos:
A5: =DADOS!D8 -> REFORMA DO MURO DE FECHAMENTO DO CEMITÉRIO MUNICIPAL | L5: =DADOS!D14 -> SINAPI: 12/2025 Minas Gerais SETOP: 10/2025 Minas Gerais SICRO : 10/2025 Minas Gerais SUDECAP: 09/2025 Minas Gerais
L8: BDI 1: | M8: =DADOS!D10 -> 0.2652
L9: BDI 2: | M9: =DADOS!D12 -> -
A11: =A2&" DE "&DADOS!D20&" - "&A5 -> CRONOGRAMA FÍSICO-FINANCEIRO DE PROJETO EXECUTIVO - REFORMA DO MURO DE FECHAMENTO DO CEMITÉRIO MUNICIPAL
A13: ITEM | B13: DESCRIÇÃO | F13: Unid. | G13: 30 DIAS | H13: 60 DIAS | I13: 90 DIAS | J13: 120 DIAS | K13: 150 DIAS | L13: Total por Etapa
A15: 1 | B15: =VLOOKUP(A15,ORC!$D:$N,2,0) -> ADMINISTRAÇÃO DE OBRA | F15: % | G15: 0.2 | H15: 0.2 | I15: 0.2 | J15: 0.2 | K15: 0.2 | L15: =SUM(G15:K15) -> 1
A16: =IFERROR(IF(B15<>"",100,B15),"") -> 100 | F16: R$ | G16: =IF(G15="","",IFERROR(G15*$L16,"")) -> 8000.256 | H16: =IF(H15="","",IFERROR(H15*$L16,"")) -> 8000.256 | I16: =IF(I15="","",IFERROR(I15*$L16,"")) -> 8000.256 | J16: =IF(J15="","",IFERROR(J15*$L16,"")) -> 8000.256 | K16: =IF(K15="","",IFERROR(K15*$L16,"")) -> 8000.256 | L16: =VLOOKUP(A15,ORC!$D:$N,11,0) -> 40001.28
A17: 2 | B17: =VLOOKUP(A17,ORC!$D:$N,2,0) -> CANTEIRO DE OBRAS | F17: % | L17: =SUM(G17:K17) -> 0
A18: =IFERROR(IF(B17<>"",100,B17),"") -> 100 | F18: R$ | G18: =IF(G17="","",IFERROR(G17*$L18,"")) | H18: =IF(H17="","",IFERROR(H17*$L18,"")) | I18: =IF(I17="","",IFERROR(I17*$L18,"")) | J18: =IF(J17="","",IFERROR(J17*$L18,"")) | K18: =IF(K17="","",IFERROR(K17*$L18,"")) | L18: =VLOOKUP(A17,ORC!$D:$N,11,0) -> 50923.28
A19: 3 | B19: =VLOOKUP(A19,ORC!$D:$N,2,0) -> SERVIÇOS PRELIMINARES | F19: % | L19: =SUM(G19:K19) -> 0
A20: =IFERROR(IF(B19<>"",100,B19),"") -> 100 | F20: R$ | G20: =IF(G19="","",IFERROR(G19*$L20,"")) | H20: =IF(H19="","",IFERROR(H19*$L20,"")) | I20: =IF(I19="","",IFERROR(I19*$L20,"")) | J20: =IF(J19="","",IFERROR(J19*$L20,"")) | K20: =IF(K19="","",IFERROR(K19*$L20,"")) | L20: =VLOOKUP(A19,ORC!$D:$N,11,0) -> 27642.8
A21: 4 | B21: =VLOOKUP(A21,ORC!$D:$N,2,0) -> LIMPEZAS E DEMOLIÇÕES | F21: % | L21: =SUM(G21:K21) -> 0
A22: =IFERROR(IF(B21<>"",100,B21),"") -> 100 | F22: R$ | G22: =IF(G21="","",IFERROR(G21*$L22,"")) | H22: =IF(H21="","",IFERROR(H21*$L22,"")) | I22: =IF(I21="","",IFERROR(I21*$L22,"")) | J22: =IF(J21="","",IFERROR(J21*$L22,"")) | K22: =IF(K21="","",IFERROR(K21*$L22,"")) | L22: =VLOOKUP(A21,ORC!$D:$N,11,0) -> 57630.33
A23: 5 | B23: =VLOOKUP(A23,ORC!$D:$N,2,0) -> MOVIMENTAÇÃO DE TERRA | F23: % | L23: =SUM(G23:K23) -> 0
A24: =IFERROR(IF(B23<>"",100,B23),"") -> 100 | F24: R$ | G24: =IF(G23="","",IFERROR(G23*$L24,"")) | H24: =IF(H23="","",IFERROR(H23*$L24,"")) | I24: =IF(I23="","",IFERROR(I23*$L24,"")) | J24: =IF(J23="","",IFERROR(J23*$L24,"")) | K24: =IF(K23="","",IFERROR(K23*$L24,"")) | L24: =VLOOKUP(A23,ORC!$D:$N,11,0) -> 13842.54
A25: 6 | B25: =VLOOKUP(A25,ORC!$D:$N,2,0) -> ESTRUTURA | F25: % | L25: =SUM(G25:K25) -> 0
A26: =IFERROR(IF(B25<>"",100,B25),"") -> 100 | F26: R$ | G26: =IF(G25="","",IFERROR(G25*$L26,"")) | H26: =IF(H25="","",IFERROR(H25*$L26,"")) | I26: =IF(I25="","",IFERROR(I25*$L26,"")) | J26: =IF(J25="","",IFERROR(J25*$L26,"")) | K26: =IF(K25="","",IFERROR(K25*$L26,"")) | L26: =VLOOKUP(A25,ORC!$D:$N,11,0) -> 262411.5
A27: 7 | B27: =VLOOKUP(A27,ORC!$D:$N,2,0) -> ALVENARIA E REVESTIMENTO | F27: % | L27: =SUM(G27:K27) -> 0
A28: =IFERROR(IF(B27<>"",100,B27),"") -> 100 | F28: R$ | G28: =IF(G27="","",IFERROR(G27*$L28,"")) | H28: =IF(H27="","",IFERROR(H27*$L28,"")) | I28: =IF(I27="","",IFERROR(I27*$L28,"")) | J28: =IF(J27="","",IFERROR(J27*$L28,"")) | K28: =IF(K27="","",IFERROR(K27*$L28,"")) | L28: =VLOOKUP(A27,ORC!$D:$N,11,0) -> 394647.94
A29: 8 | B29: =VLOOKUP(A29,ORC!$D:$N,2,0) -> OBRAS COMPLEMENTARES | F29: % | L29: =SUM(G29:K29) -> 0
A30: =IFERROR(IF(B29<>"",100,B29),"") -> 100 | F30: R$ | G30: =IF(G29="","",IFERROR(G29*$L30,"")) | H30: =IF(H29="","",IFERROR(H29*$L30,"")) | I30: =IF(I29="","",IFERROR(I29*$L30,"")) | J30: =IF(J29="","",IFERROR(J29*$L30,"")) | K30: =IF(K29="","",IFERROR(K29*$L30,"")) | L30: =VLOOKUP(A29,ORC!$D:$N,11,0) -> 145772.74
A31: 9 | B31: =VLOOKUP(A31,ORC!$D:$N,2,0) -> LIMPEZA DE OBRA | F31: % | L31: =SUM(G31:K31) -> 0
A32: =IFERROR(IF(B31<>"",100,B31),"") -> 100 | F32: R$ | G32: =IF(G31="","",IFERROR(G31*$L32,"")) | H32: =IF(H31="","",IFERROR(H31*$L32,"")) | I32: =IF(I31="","",IFERROR(I31*$L32,"")) | J32: =IF(J31="","",IFERROR(J31*$L32,"")) | K32: =IF(K31="","",IFERROR(K31*$L32,"")) | L32: =VLOOKUP(A31,ORC!$D:$N,11,0) -> 20520.3
A33: 10 | B33: =VLOOKUP(A33,ORC!$D:$N,2,0) -> #N/A | F33: % | L33: =SUM(G33:K33) -> 0
A34: =IFERROR(IF(B33<>"",100,B33),"") | F34: R$ | G34: =IF(G33="","",IFERROR(G33*$L34,"")) | H34: =IF(H33="","",IFERROR(H33*$L34,"")) | I34: =IF(I33="","",IFERROR(I33*$L34,"")) | J34: =IF(J33="","",IFERROR(J33*$L34,"")) | K34: =IF(K33="","",IFERROR(K33*$L34,"")) | L34: =VLOOKUP(A33,ORC!$D:$N,11,0) -> #N/A
A35: 11 | B35: =VLOOKUP(A35,ORC!$D:$N,2,0) -> #N/A | F35: % | L35: =SUM(G35:K35) -> 0
A36: =IFERROR(IF(B35<>"",100,B35),"") | F36: R$ | G36: =IF(G35="","",IFERROR(G35*$L36,"")) | H36: =IF(H35="","",IFERROR(H35*$L36,"")) | I36: =IF(I35="","",IFERROR(I35*$L36,"")) | J36: =IF(J35="","",IFERROR(J35*$L36,"")) | K36: =IF(K35="","",IFERROR(K35*$L36,"")) | L36: =VLOOKUP(A35,ORC!$D:$N,11,0) -> #N/A
A37: 12 | B37: =VLOOKUP(A37,ORC!$D:$N,2,0) -> #N/A | F37: % | L37: =SUM(G37:K37) -> 0
A38: =IFERROR(IF(B37<>"",100,B37),"") | F38: R$ | G38: =IF(G37="","",IFERROR(G37*$L38,"")) | H38: =IF(H37="","",IFERROR(H37*$L38,"")) | I38: =IF(I37="","",IFERROR(I37*$L38,"")) | J38: =IF(J37="","",IFERROR(J37*$L38,"")) | K38: =IF(K37="","",IFERROR(K37*$L38,"")) | L38: =VLOOKUP(A37,ORC!$D:$N,11,0) -> #N/A
A39: 13 | B39: =VLOOKUP(A39,ORC!$D:$N,2,0) -> #N/A | F39: % | L39: =SUM(G39:K39) -> 0
A40: =IFERROR(IF(B39<>"",100,B39),"") | F40: R$ | G40: =IF(G39="","",IFERROR(G39*$L40,"")) | H40: =IF(H39="","",IFERROR(H39*$L40,"")) | I40: =IF(I39="","",IFERROR(I39*$L40,"")) | J40: =IF(J39="","",IFERROR(J39*$L40,"")) | K40: =IF(K39="","",IFERROR(K39*$L40,"")) | L40: =VLOOKUP(A39,ORC!$D:$N,11,0) -> #N/A
A41: 14 | B41: =VLOOKUP(A41,ORC!$D:$N,2,0) -> #N/A | F41: % | L41: =SUM(G41:K41) -> 0
A42: =IFERROR(IF(B41<>"",100,B41),"") | F42: R$ | G42: =IF(G41="","",IFERROR(G41*$L42,"")) | H42: =IF(H41="","",IFERROR(H41*$L42,"")) | I42: =IF(I41="","",IFERROR(I41*$L42,"")) | J42: =IF(J41="","",IFERROR(J41*$L42,"")) | K42: =IF(K41="","",IFERROR(K41*$L42,"")) | L42: =VLOOKUP(A41,ORC!$D:$N,11,0) -> #N/A
A43: 15 | B43: =VLOOKUP(A43,ORC!$D:$N,2,0) -> #N/A | F43: % | L43: =SUM(G43:K43) -> 0
A44: =IFERROR(IF(B43<>"",100,B43),"") | F44: R$ | G44: =IF(G43="","",IFERROR(G43*$L44,"")) | H44: =IF(H43="","",IFERROR(H43*$L44,"")) | I44: =IF(I43="","",IFERROR(I43*$L44,"")) | J44: =IF(J43="","",IFERROR(J43*$L44,"")) | K44: =IF(K43="","",IFERROR(K43*$L44,"")) | L44: =VLOOKUP(A43,ORC!$D:$N,11,0) -> #N/A
A45: 16 | B45: =VLOOKUP(A45,ORC!$D:$N,2,0) -> #N/A | F45: % | L45: =SUM(G45:K45) -> 0
A46: =IFERROR(IF(B45<>"",100,B45),"") | F46: R$ | G46: =IF(G45="","",IFERROR(G45*$L46,"")) | H46: =IF(H45="","",IFERROR(H45*$L46,"")) | I46: =IF(I45="","",IFERROR(I45*$L46,"")) | J46: =IF(J45="","",IFERROR(J45*$L46,"")) | K46: =IF(K45="","",IFERROR(K45*$L46,"")) | L46: =VLOOKUP(A45,ORC!$D:$N,11,0) -> #N/A
A47: 17 | B47: =VLOOKUP(A47,ORC!$D:$N,2,0) -> #N/A | F47: % | L47: =SUM(G47:K47) -> 0
A48: =IFERROR(IF(B47<>"",100,B47),"") | F48: R$ | G48: =IF(G47="","",IFERROR(G47*$L48,"")) | H48: =IF(H47="","",IFERROR(H47*$L48,"")) | I48: =IF(I47="","",IFERROR(I47*$L48,"")) | J48: =IF(J47="","",IFERROR(J47*$L48,"")) | K48: =IF(K47="","",IFERROR(K47*$L48,"")) | L48: =VLOOKUP(A47,ORC!$D:$N,11,0) -> #N/A
A49: 18 | B49: =VLOOKUP(A49,ORC!$D:$N,2,0) -> #N/A | F49: % | L49: =SUM(G49:K49) -> 0
A50: =IFERROR(IF(B49<>"",100,B49),"") | F50: R$ | G50: =IF(G49="","",IFERROR(G49*$L50,"")) | H50: =IF(H49="","",IFERROR(H49*$L50,"")) | I50: =IF(I49="","",IFERROR(I49*$L50,"")) | J50: =IF(J49="","",IFERROR(J49*$L50,"")) | K50: =IF(K49="","",IFERROR(K49*$L50,"")) | L50: =VLOOKUP(A49,ORC!$D:$N,11,0) -> #N/A
A51: 19 | B51: =VLOOKUP(A51,ORC!$D:$N,2,0) -> #N/A | F51: % | L51: =SUM(G51:K51) -> 0
A52: =IFERROR(IF(B51<>"",100,B51),"") | F52: R$ | G52: =IF(G51="","",IFERROR(G51*$L52,"")) | H52: =IF(H51="","",IFERROR(H51*$L52,"")) | I52: =IF(I51="","",IFERROR(I51*$L52,"")) | J52: =IF(J51="","",IFERROR(J51*$L52,"")) | K52: =IF(K51="","",IFERROR(K51*$L52,"")) | L52: =VLOOKUP(A51,ORC!$D:$N,11,0) -> #N/A
A53: 20 | B53: =VLOOKUP(A53,ORC!$D:$N,2,0) -> #N/A | F53: % | L53: =SUM(G53:K53) -> 0
A54: =IFERROR(IF(B53<>"",100,B53),"") | F54: R$ | G54: =IF(G53="","",IFERROR(G53*$L54,"")) | H54: =IF(H53="","",IFERROR(H53*$L54,"")) | I54: =IF(I53="","",IFERROR(I53*$L54,"")) | J54: =IF(J53="","",IFERROR(J53*$L54,"")) | K54: =IF(K53="","",IFERROR(K53*$L54,"")) | L54: =VLOOKUP(A53,ORC!$D:$N,11,0) -> #N/A
A55: 21 | B55: =VLOOKUP(A55,ORC!$D:$N,2,0) -> #N/A | F55: % | L55: =SUM(G55:K55) -> 0
A56: =IFERROR(IF(B55<>"",100,B55),"") | F56: R$ | G56: =IF(G55="","",IFERROR(G55*$L56,"")) | H56: =IF(H55="","",IFERROR(H55*$L56,"")) | I56: =IF(I55="","",IFERROR(I55*$L56,"")) | J56: =IF(J55="","",IFERROR(J55*$L56,"")) | K56: =IF(K55="","",IFERROR(K55*$L56,"")) | L56: =VLOOKUP(A55,ORC!$D:$N,11,0) -> #N/A
A57: 22 | B57: =VLOOKUP(A57,ORC!$D:$N,2,0) -> #N/A | F57: % | L57: =SUM(G57:K57) -> 0
A58: =IFERROR(IF(B57<>"",100,B57),"") | F58: R$ | G58: =IF(G57="","",IFERROR(G57*$L58,"")) | H58: =IF(H57="","",IFERROR(H57*$L58,"")) | I58: =IF(I57="","",IFERROR(I57*$L58,"")) | J58: =IF(J57="","",IFERROR(J57*$L58,"")) | K58: =IF(K57="","",IFERROR(K57*$L58,"")) | L58: =VLOOKUP(A57,ORC!$D:$N,11,0) -> #N/A
A59: 23 | B59: =VLOOKUP(A59,ORC!$D:$N,2,0) -> #N/A | F59: % | L59: =SUM(G59:K59) -> 0
A60: =IFERROR(IF(B59<>"",100,B59),"") | F60: R$ | G60: =IF(G59="","",IFERROR(G59*$L60,"")) | H60: =IF(H59="","",IFERROR(H59*$L60,"")) | I60: =IF(I59="","",IFERROR(I59*$L60,"")) | J60: =IF(J59="","",IFERROR(J59*$L60,"")) | K60: =IF(K59="","",IFERROR(K59*$L60,"")) | L60: =VLOOKUP(A59,ORC!$D:$N,11,0) -> #N/A
A61: 24 | B61: =VLOOKUP(A61,ORC!$D:$N,2,0) -> #N/A | F61: % | L61: =SUM(G61:K61) -> 0
A62: =IFERROR(IF(B61<>"",100,B61),"") | F62: R$ | G62: =IF(G61="","",IFERROR(G61*$L62,"")) | H62: =IF(H61="","",IFERROR(H61*$L62,"")) | I62: =IF(I61="","",IFERROR(I61*$L62,"")) | J62: =IF(J61="","",IFERROR(J61*$L62,"")) | K62: =IF(K61="","",IFERROR(K61*$L62,"")) | L62: =VLOOKUP(A61,ORC!$D:$N,11,0) -> #N/A
A63: 25 | B63: =VLOOKUP(A63,ORC!$D:$N,2,0) -> #N/A | F63: % | L63: =SUM(G63:K63) -> 0
A64: =IFERROR(IF(B63<>"",100,B63),"") | F64: R$ | G64: =IF(G63="","",IFERROR(G63*$L64,"")) | H64: =IF(H63="","",IFERROR(H63*$L64,"")) | I64: =IF(I63="","",IFERROR(I63*$L64,"")) | J64: =IF(J63="","",IFERROR(J63*$L64,"")) | K64: =IF(K63="","",IFERROR(K63*$L64,"")) | L64: =VLOOKUP(A63,ORC!$D:$N,11,0) -> #N/A
A65: 26 | B65: =VLOOKUP(A65,ORC!$D:$N,2,0) -> #N/A | F65: % | L65: =SUM(G65:K65) -> 0
A66: =IFERROR(IF(B65<>"",100,B65),"") | F66: R$ | G66: =IF(G65="","",IFERROR(G65*$L66,"")) | H66: =IF(H65="","",IFERROR(H65*$L66,"")) | I66: =IF(I65="","",IFERROR(I65*$L66,"")) | J66: =IF(J65="","",IFERROR(J65*$L66,"")) | K66: =IF(K65="","",IFERROR(K65*$L66,"")) | L66: =VLOOKUP(A65,ORC!$D:$N,11,0) -> #N/A
A67: 27 | B67: =VLOOKUP(A67,ORC!$D:$N,2,0) -> #N/A | F67: % | L67: =SUM(G67:K67) -> 0
A68: =IFERROR(IF(B67<>"",100,B67),"") | F68: R$ | G68: =IF(G67="","",IFERROR(G67*$L68,"")) | H68: =IF(H67="","",IFERROR(H67*$L68,"")) | I68: =IF(I67="","",IFERROR(I67*$L68,"")) | J68: =IF(J67="","",IFERROR(J67*$L68,"")) | K68: =IF(K67="","",IFERROR(K67*$L68,"")) | L68: =VLOOKUP(A67,ORC!$D:$N,11,0) -> #N/A
A69: 28 | B69: =VLOOKUP(A69,ORC!$D:$N,2,0) -> #N/A | F69: % | L69: =SUM(G69:K69) -> 0
A70: =IFERROR(IF(B69<>"",100,B69),"") | F70: R$ | G70: =IF(G69="","",IFERROR(G69*$L70,"")) | H70: =IF(H69="","",IFERROR(H69*$L70,"")) | I70: =IF(I69="","",IFERROR(I69*$L70,"")) | J70: =IF(J69="","",IFERROR(J69*$L70,"")) | K70: =IF(K69="","",IFERROR(K69*$L70,"")) | L70: =VLOOKUP(A69,ORC!$D:$N,11,0) -> #N/A
A71: 29 | B71: =VLOOKUP(A71,ORC!$D:$N,2,0) -> #N/A | F71: % | L71: =SUM(G71:K71) -> 0
A72: =IFERROR(IF(B71<>"",100,B71),"") | F72: R$ | G72: =IF(G71="","",IFERROR(G71*$L72,"")) | H72: =IF(H71="","",IFERROR(H71*$L72,"")) | I72: =IF(I71="","",IFERROR(I71*$L72,"")) | J72: =IF(J71="","",IFERROR(J71*$L72,"")) | K72: =IF(K71="","",IFERROR(K71*$L72,"")) | L72: =VLOOKUP(A71,ORC!$D:$N,11,0) -> #N/A
A73: 30 | B73: =VLOOKUP(A73,ORC!$D:$N,2,0) -> #N/A | F73: % | L73: =SUM(G73:K73) -> 0
A74: =IFERROR(IF(B73<>"",100,B73),"") | F74: R$ | G74: =IF(G73="","",IFERROR(G73*$L74,"")) | H74: =IF(H73="","",IFERROR(H73*$L74,"")) | I74: =IF(I73="","",IFERROR(I73*$L74,"")) | J74: =IF(J73="","",IFERROR(J73*$L74,"")) | K74: =IF(K73="","",IFERROR(K73*$L74,"")) | L74: =VLOOKUP(A73,ORC!$D:$N,11,0) -> #N/A
F76: Porcentagem | G76: =G77/$K$79 -> #VALUE! | H76: =H77/$K$79 -> #VALUE! | I76: =I77/$K$79 -> #VALUE! | J76: =J77/$K$79 -> #VALUE! | K76: =K77/$K$79 -> #VALUE!
F77: Custo | G77: =SUMIF($A:$A,100,G:G) -> 8000.256 | H77: =SUMIF($A:$A,100,H:H) -> 8000.256 | I77: =SUMIF($A:$A,100,I:I) -> 8000.256 | J77: =SUMIF($A:$A,100,J:J) -> 8000.256 | K77: =SUMIF($A:$A,100,K:K) -> 8000.256
F78: Porcentagem Acumulada | G78: =G76 -> #VALUE! | H78: =G78+H76 -> #VALUE! | I78: =H78+I76 -> #VALUE! | J78: =I78+J76 -> #VALUE! | K78: =J78+K76 -> #VALUE!
F79: Custo Acumulado | G79: =G77 -> 8000.256 | H79: =H77+G79 -> 16000.512 | I79: =I77+H79 -> 24000.768 | J79: =J77+I79 -> 32001.024 | K79: =IF(K77+J79=ORC!M410,K77+J79,"ERRO") -> ERRO
F83: RESPONSÁVEL TÉCNICO | G83: =DADOS!D16 -> ALOISIO CAETANO FERREIRA
G84: =DADOS!D18 -> CREA - MG 97.132/D

Sheet CRO 6 meses
A2: CRONOGRAMA FÍSICO-FINANCEIRO | M2: Revisão: | N2: =DADOS!D6 -> R03
M3: Data: | N3: =DADOS!D2 -> 46170
A4: Projeto: | D4: Responsável: | I4: Cliente: | M4: Bancos:
A5: =DADOS!D8 -> REFORMA DO MURO DE FECHAMENTO DO CEMITÉRIO MUNICIPAL | M5: =DADOS!D14 -> SINAPI: 12/2025 Minas Gerais SETOP: 10/2025 Minas Gerais SICRO : 10/2025 Minas Gerais SUDECAP: 09/2025 Minas Gerais
M8: BDI 1: | N8: =DADOS!D10 -> 0.2652
M9: BDI 2: | N9: =DADOS!D12 -> -
A11: =A2&" DE "&DADOS!D20&" - "&A5 -> CRONOGRAMA FÍSICO-FINANCEIRO DE PROJETO EXECUTIVO - REFORMA DO MURO DE FECHAMENTO DO CEMITÉRIO MUNICIPAL
A13: ITEM | B13: DESCRIÇÃO | F13: Unid. | G13: 30 DIAS | H13: 60 DIAS | I13: 90 DIAS | J13: 120 DIAS | K13: 150 DIAS | L13: 180 DIAS | M13: Total por Etapa
A15: 1 | B15: =VLOOKUP(A15,ORC!$D:$N,2,0) -> ADMINISTRAÇÃO DE OBRA | F15: % | G15: 0.096000912 | H15: 0.082180726 | I15: 0.082403409 | J15: 0.21607698 | K15: 0.29508744 | L15: 0.22825053 | M15: =SUM(G15:L15) -> 1
A16: =IFERROR(IF(B15<>"",100,B15),"") -> 100 | F16: R$ | G16: =IF(G15="","",IFERROR(G15*$M16,"")) -> 3840.1594 | H16: =IF(H15="","",IFERROR(H15*$M16,"")) -> 3287.3342 | I16: =IF(I15="","",IFERROR(I15*$M16,"")) -> 3296.2418 | J16: =IF(J15="","",IFERROR(J15*$M16,"")) -> 8643.3559 | K16: =IF(K15="","",IFERROR(K15*$M16,"")) -> 11803.875 | L16: =IF(L15="","",IFERROR(L15*$M16,"")) -> 9130.3132 | M16: =VLOOKUP(A15,ORC!$D:$N,11,0) -> 40001.28
A17: 2 | B17: =VLOOKUP(A17,ORC!$D:$N,2,0) -> CANTEIRO DE OBRAS | F17: % | G17: 0.095999975 | H17: 0.082179587 | I17: 0.082402126 | J17: 0.21607766 | K17: 0.29508928 | L17: 0.22825138 | M17: =SUM(G17:L17) -> 1
A18: =IFERROR(IF(B17<>"",100,B17),"") -> 100 | F18: R$ | G18: =IF(G17="","",IFERROR(G17*$M18,"")) -> 4888.6336 | H18: =IF(H17="","",IFERROR(H17*$M18,"")) -> 4184.8541 | I18: =IF(I17="","",IFERROR(I17*$M18,"")) -> 4196.1866 | J18: =IF(J17="","",IFERROR(J17*$M18,"")) -> 11003.383 | K18: =IF(K17="","",IFERROR(K17*$M18,"")) -> 15026.914 | L18: =IF(L17="","",IFERROR(L17*$M18,"")) -> 11623.309 | M18: =VLOOKUP(A17,ORC!$D:$N,11,0) -> 50923.28
A19: 3 | B19: =VLOOKUP(A19,ORC!$D:$N,2,0) -> SERVIÇOS PRELIMINARES | F19: % | G19: 1 | M19: =SUM(G19:L19) -> 1
A20: =IFERROR(IF(B19<>"",100,B19),"") -> 100 | F20: R$ | G20: =IF(G19="","",IFERROR(G19*$M20,"")) -> 27642.8 | H20: =IF(H19="","",IFERROR(H19*$M20,"")) | I20: =IF(I19="","",IFERROR(I19*$M20,"")) | J20: =IF(J19="","",IFERROR(J19*$M20,"")) | K20: =IF(K19="","",IFERROR(K19*$M20,"")) | L20: =IF(L19="","",IFERROR(L19*$M20,"")) | M20: =VLOOKUP(A19,ORC!$D:$N,11,0) -> 27642.8
A21: 4 | B21: =VLOOKUP(A21,ORC!$D:$N,2,0) -> LIMPEZAS E DEMOLIÇÕES | F21: % | G21: 1 | M21: =SUM(G21:L21) -> 1
A22: =IFERROR(IF(B21<>"",100,B21),"") -> 100 | F22: R$ | G22: =IF(G21="","",IFERROR(G21*$M22,"")) -> 57630.33 | H22: =IF(H21="","",IFERROR(H21*$M22,"")) | I22: =IF(I21="","",IFERROR(I21*$M22,"")) | J22: =IF(J21="","",IFERROR(J21*$M22,"")) | K22: =IF(K21="","",IFERROR(K21*$M22,"")) | L22: =IF(L21="","",IFERROR(L21*$M22,"")) | M22: =VLOOKUP(A21,ORC!$D:$N,11,0) -> 57630.33
A23: 5 | B23: =VLOOKUP(A23,ORC!$D:$N,2,0) -> MOVIMENTAÇÃO DE TERRA | F23: % | H23: 0.5 | I23: 0.5 | M23: =SUM(G23:L23) -> 1
A24: =IFERROR(IF(B23<>"",100,B23),"") -> 100 | F24: R$ | G24: =IF(G23="","",IFERROR(G23*$M24,"")) | H24: =IF(H23="","",IFERROR(H23*$M24,"")) -> 6921.27 | I24: =IF(I23="","",IFERROR(I23*$M24,"")) -> 6921.27 | J24: =IF(J23="","",IFERROR(J23*$M24,"")) | K24: =IF(K23="","",IFERROR(K23*$M24,"")) | L24: =IF(L23="","",IFERROR(L23*$M24,"")) | M24: =VLOOKUP(A23,ORC!$D:$N,11,0) -> 13842.54
A25: 6 | B25: =VLOOKUP(A25,ORC!$D:$N,2,0) -> ESTRUTURA | F25: % | H25: 0.25 | I25: 0.25 | J25: 0.25 | K25: 0.25 | M25: =SUM(G25:L25) -> 1
A26: =IFERROR(IF(B25<>"",100,B25),"") -> 100 | F26: R$ | G26: =IF(G25="","",IFERROR(G25*$M26,"")) | H26: =IF(H25="","",IFERROR(H25*$M26,"")) -> 65602.875 | I26: =IF(I25="","",IFERROR(I25*$M26,"")) -> 65602.875 | J26: =IF(J25="","",IFERROR(J25*$M26,"")) -> 65602.875 | K26: =IF(K25="","",IFERROR(K25*$M26,"")) -> 65602.875 | L26: =IF(L25="","",IFERROR(L25*$M26,"")) | M26: =VLOOKUP(A25,ORC!$D:$N,11,0) -> 262411.5
A27: 7 | B27: =VLOOKUP(A27,ORC!$D:$N,2,0) -> ALVENARIA E REVESTIMENTO | F27: % | J27: 0.33 | K27: 0.33 | L27: 0.34 | M27: =SUM(G27:L27) -> 1
A28: =IFERROR(IF(B27<>"",100,B27),"") -> 100 | F28: R$ | G28: =IF(G27="","",IFERROR(G27*$M28,"")) | H28: =IF(H27="","",IFERROR(H27*$M28,"")) | I28: =IF(I27="","",IFERROR(I27*$M28,"")) | J28: =IF(J27="","",IFERROR(J27*$M28,"")) -> 130233.82 | K28: =IF(K27="","",IFERROR(K27*$M28,"")) -> 130233.82 | L28: =IF(L27="","",IFERROR(L27*$M28,"")) -> 134180.3 | M28: =VLOOKUP(A27,ORC!$D:$N,11,0) -> 394647.94
A29: 8 | B29: =VLOOKUP(A29,ORC!$D:$N,2,0) -> OBRAS COMPLEMENTARES | F29: % | K29: 0.5 | L29: 0.5 | M29: =SUM(G29:L29) -> 1
A30: =IFERROR(IF(B29<>"",100,B29),"") -> 100 | F30: R$ | G30: =IF(G29="","",IFERROR(G29*$M30,"")) | H30: =IF(H29="","",IFERROR(H29*$M30,"")) | I30: =IF(I29="","",IFERROR(I29*$M30,"")) | J30: =IF(J29="","",IFERROR(J29*$M30,"")) | K30: =IF(K29="","",IFERROR(K29*$M30,"")) -> 72886.37 | L30: =IF(L29="","",IFERROR(L29*$M30,"")) -> 72886.37 | M30: =VLOOKUP(A29,ORC!$D:$N,11,0) -> 145772.74
A31: 9 | B31: =VLOOKUP(A31,ORC!$D:$N,2,0) -> LIMPEZA DE OBRA | F31: % | G31: 0.16 | H31: 0.16 | I31: 0.17 | J31: 0.17 | K31: 0.17 | L31: 0.17 | M31: =SUM(G31:L31) -> 1
A32: =IFERROR(IF(B31<>"",100,B31),"") -> 100 | F32: R$ | G32: =IF(G31="","",IFERROR(G31*$M32,"")) -> 3283.248 | H32: =IF(H31="","",IFERROR(H31*$M32,"")) -> 3283.248 | I32: =IF(I31="","",IFERROR(I31*$M32,"")) -> 3488.451 | J32: =IF(J31="","",IFERROR(J31*$M32,"")) -> 3488.451 | K32: =IF(K31="","",IFERROR(K31*$M32,"")) -> 3488.451 | L32: =IF(L31="","",IFERROR(L31*$M32,"")) -> 3488.451 | M32: =VLOOKUP(A31,ORC!$D:$N,11,0) -> 20520.3
A33: 10 | B33: =VLOOKUP(A33,ORC!$D:$N,2,0) -> #N/A | F33: % | M33: =SUM(G33:L33) -> 0
A34: =IFERROR(IF(B33<>"",100,B33),"") | F34: R$ | G34: =IF(G33="","",IFERROR(G33*$M34,"")) | H34: =IF(H33="","",IFERROR(H33*$M34,"")) | I34: =IF(I33="","",IFERROR(I33*$M34,"")) | J34: =IF(J33="","",IFERROR(J33*$M34,"")) | K34: =IF(K33="","",IFERROR(K33*$M34,"")) | L34: =IF(L33="","",IFERROR(L33*$M34,"")) | M34: =VLOOKUP(A33,ORC!$D:$N,11,0) -> #N/A
A35: 11 | B35: =VLOOKUP(A35,ORC!$D:$N,2,0) -> #N/A | F35: % | M35: =SUM(G35:L35) -> 0
A36: =IFERROR(IF(B35<>"",100,B35),"") | F36: R$ | G36: =IF(G35="","",IFERROR(G35*$M36,"")) | H36: =IF(H35="","",IFERROR(H35*$M36,"")) | I36: =IF(I35="","",IFERROR(I35*$M36,"")) | J36: =IF(J35="","",IFERROR(J35*$M36,"")) | K36: =IF(K35="","",IFERROR(K35*$M36,"")) | L36: =IF(L35="","",IFERROR(L35*$M36,"")) | M36: =VLOOKUP(A35,ORC!$D:$N,11,0) -> #N/A
A37: 12 | B37: =VLOOKUP(A37,ORC!$D:$N,2,0) -> #N/A | F37: % | M37: =SUM(G37:L37) -> 0
A38: =IFERROR(IF(B37<>"",100,B37),"") | F38: R$ | G38: =IF(G37="","",IFERROR(G37*$M38,"")) | H38: =IF(H37="","",IFERROR(H37*$M38,"")) | I38: =IF(I37="","",IFERROR(I37*$M38,"")) | J38: =IF(J37="","",IFERROR(J37*$M38,"")) | K38: =IF(K37="","",IFERROR(K37*$M38,"")) | L38: =IF(L37="","",IFERROR(L37*$M38,"")) | M38: =VLOOKUP(A37,ORC!$D:$N,11,0) -> #N/A
A39: 13 | B39: =VLOOKUP(A39,ORC!$D:$N,2,0) -> #N/A | F39: % | M39: =SUM(G39:L39) -> 0
A40: =IFERROR(IF(B39<>"",100,B39),"") | F40: R$ | G40: =IF(G39="","",IFERROR(G39*$M40,"")) | H40: =IF(H39="","",IFERROR(H39*$M40,"")) | I40: =IF(I39="","",IFERROR(I39*$M40,"")) | J40: =IF(J39="","",IFERROR(J39*$M40,"")) | K40: =IF(K39="","",IFERROR(K39*$M40,"")) | L40: =IF(L39="","",IFERROR(L39*$M40,"")) | M40: =VLOOKUP(A39,ORC!$D:$N,11,0) -> #N/A
A41: 14 | B41: =VLOOKUP(A41,ORC!$D:$N,2,0) -> #N/A | F41: % | M41: =SUM(G41:L41) -> 0
A42: =IFERROR(IF(B41<>"",100,B41),"") | F42: R$ | G42: =IF(G41="","",IFERROR(G41*$M42,"")) | H42: =IF(H41="","",IFERROR(H41*$M42,"")) | I42: =IF(I41="","",IFERROR(I41*$M42,"")) | J42: =IF(J41="","",IFERROR(J41*$M42,"")) | K42: =IF(K41="","",IFERROR(K41*$M42,"")) | L42: =IF(L41="","",IFERROR(L41*$M42,"")) | M42: =VLOOKUP(A41,ORC!$D:$N,11,0) -> #N/A
A43: 15 | B43: =VLOOKUP(A43,ORC!$D:$N,2,0) -> #N/A | F43: % | M43: =SUM(G43:L43) -> 0
A44: =IFERROR(IF(B43<>"",100,B43),"") | F44: R$ | G44: =IF(G43="","",IFERROR(G43*$M44,"")) | H44: =IF(H43="","",IFERROR(H43*$M44,"")) | I44: =IF(I43="","",IFERROR(I43*$M44,"")) | J44: =IF(J43="","",IFERROR(J43*$M44,"")) | K44: =IF(K43="","",IFERROR(K43*$M44,"")) | L44: =IF(L43="","",IFERROR(L43*$M44,"")) | M44: =VLOOKUP(A43,ORC!$D:$N,11,0) -> #N/A
A45: 16 | B45: =VLOOKUP(A45,ORC!$D:$N,2,0) -> #N/A | F45: % | M45: =SUM(G45:L45) -> 0
A46: =IFERROR(IF(B45<>"",100,B45),"") | F46: R$ | G46: =IF(G45="","",IFERROR(G45*$M46,"")) | H46: =IF(H45="","",IFERROR(H45*$M46,"")) | I46: =IF(I45="","",IFERROR(I45*$M46,"")) | J46: =IF(J45="","",IFERROR(J45*$M46,"")) | K46: =IF(K45="","",IFERROR(K45*$M46,"")) | L46: =IF(L45="","",IFERROR(L45*$M46,"")) | M46: =VLOOKUP(A45,ORC!$D:$N,11,0) -> #N/A
A47: 17 | B47: =VLOOKUP(A47,ORC!$D:$N,2,0) -> #N/A | F47: % | M47: =SUM(G47:L47) -> 0
A48: =IFERROR(IF(B47<>"",100,B47),"") | F48: R$ | G48: =IF(G47="","",IFERROR(G47*$M48,"")) | H48: =IF(H47="","",IFERROR(H47*$M48,"")) | I48: =IF(I47="","",IFERROR(I47*$M48,"")) | J48: =IF(J47="","",IFERROR(J47*$M48,"")) | K48: =IF(K47="","",IFERROR(K47*$M48,"")) | L48: =IF(L47="","",IFERROR(L47*$M48,"")) | M48: =VLOOKUP(A47,ORC!$D:$N,11,0) -> #N/A
A49: 18 | B49: =VLOOKUP(A49,ORC!$D:$N,2,0) -> #N/A | F49: % | M49: =SUM(G49:L49) -> 0
A50: =IFERROR(IF(B49<>"",100,B49),"") | F50: R$ | G50: =IF(G49="","",IFERROR(G49*$M50,"")) | H50: =IF(H49="","",IFERROR(H49*$M50,"")) | I50: =IF(I49="","",IFERROR(I49*$M50,"")) | J50: =IF(J49="","",IFERROR(J49*$M50,"")) | K50: =IF(K49="","",IFERROR(K49*$M50,"")) | L50: =IF(L49="","",IFERROR(L49*$M50,"")) | M50: =VLOOKUP(A49,ORC!$D:$N,11,0) -> #N/A
A51: 19 | B51: =VLOOKUP(A51,ORC!$D:$N,2,0) -> #N/A | F51: % | M51: =SUM(G51:L51) -> 0
A52: =IFERROR(IF(B51<>"",100,B51),"") | F52: R$ | G52: =IF(G51="","",IFERROR(G51*$M52,"")) | H52: =IF(H51="","",IFERROR(H51*$M52,"")) | I52: =IF(I51="","",IFERROR(I51*$M52,"")) | J52: =IF(J51="","",IFERROR(J51*$M52,"")) | K52: =IF(K51="","",IFERROR(K51*$M52,"")) | L52: =IF(L51="","",IFERROR(L51*$M52,"")) | M52: =VLOOKUP(A51,ORC!$D:$N,11,0) -> #N/A
A53: 20 | B53: =VLOOKUP(A53,ORC!$D:$N,2,0) -> #N/A | F53: % | M53: =SUM(G53:L53) -> 0
A54: =IFERROR(IF(B53<>"",100,B53),"") | F54: R$ | G54: =IF(G53="","",IFERROR(G53*$M54,"")) | H54: =IF(H53="","",IFERROR(H53*$M54,"")) | I54: =IF(I53="","",IFERROR(I53*$M54,"")) | J54: =IF(J53="","",IFERROR(J53*$M54,"")) | K54: =IF(K53="","",IFERROR(K53*$M54,"")) | L54: =IF(L53="","",IFERROR(L53*$M54,"")) | M54: =VLOOKUP(A53,ORC!$D:$N,11,0) -> #N/A
A55: 21 | B55: =VLOOKUP(A55,ORC!$D:$N,2,0) -> #N/A | F55: % | M55: =SUM(G55:L55) -> 0
A56: =IFERROR(IF(B55<>"",100,B55),"") | F56: R$ | G56: =IF(G55="","",IFERROR(G55*$M56,"")) | H56: =IF(H55="","",IFERROR(H55*$M56,"")) | I56: =IF(I55="","",IFERROR(I55*$M56,"")) | J56: =IF(J55="","",IFERROR(J55*$M56,"")) | K56: =IF(K55="","",IFERROR(K55*$M56,"")) | L56: =IF(L55="","",IFERROR(L55*$M56,"")) | M56: =VLOOKUP(A55,ORC!$D:$N,11,0) -> #N/A
A57: 22 | B57: =VLOOKUP(A57,ORC!$D:$N,2,0) -> #N/A | F57: % | M57: =SUM(G57:L57) -> 0
A58: =IFERROR(IF(B57<>"",100,B57),"") | F58: R$ | G58: =IF(G57="","",IFERROR(G57*$M58,"")) | H58: =IF(H57="","",IFERROR(H57*$M58,"")) | I58: =IF(I57="","",IFERROR(I57*$M58,"")) | J58: =IF(J57="","",IFERROR(J57*$M58,"")) | K58: =IF(K57="","",IFERROR(K57*$M58,"")) | L58: =IF(L57="","",IFERROR(L57*$M58,"")) | M58: =VLOOKUP(A57,ORC!$D:$N,11,0) -> #N/A
A59: 23 | B59: =VLOOKUP(A59,ORC!$D:$N,2,0) -> #N/A | F59: % | M59: =SUM(G59:L59) -> 0
A60: =IFERROR(IF(B59<>"",100,B59),"") | F60: R$ | G60: =IF(G59="","",IFERROR(G59*$M60,"")) | H60: =IF(H59="","",IFERROR(H59*$M60,"")) | I60: =IF(I59="","",IFERROR(I59*$M60,"")) | J60: =IF(J59="","",IFERROR(J59*$M60,"")) | K60: =IF(K59="","",IFERROR(K59*$M60,"")) | L60: =IF(L59="","",IFERROR(L59*$M60,"")) | M60: =VLOOKUP(A59,ORC!$D:$N,11,0) -> #N/A
A61: 24 | B61: =VLOOKUP(A61,ORC!$D:$N,2,0) -> #N/A | F61: % | M61: =SUM(G61:L61) -> 0
A62: =IFERROR(IF(B61<>"",100,B61),"") | F62: R$ | G62: =IF(G61="","",IFERROR(G61*$M62,"")) | H62: =IF(H61="","",IFERROR(H61*$M62,"")) | I62: =IF(I61="","",IFERROR(I61*$M62,"")) | J62: =IF(J61="","",IFERROR(J61*$M62,"")) | K62: =IF(K61="","",IFERROR(K61*$M62,"")) | L62: =IF(L61="","",IFERROR(L61*$M62,"")) | M62: =VLOOKUP(A61,ORC!$D:$N,11,0) -> #N/A
A63: 25 | B63: =VLOOKUP(A63,ORC!$D:$N,2,0) -> #N/A | F63: % | M63: =SUM(G63:L63) -> 0
A64: =IFERROR(IF(B63<>"",100,B63),"") | F64: R$ | G64: =IF(G63="","",IFERROR(G63*$M64,"")) | H64: =IF(H63="","",IFERROR(H63*$M64,"")) | I64: =IF(I63="","",IFERROR(I63*$M64,"")) | J64: =IF(J63="","",IFERROR(J63*$M64,"")) | K64: =IF(K63="","",IFERROR(K63*$M64,"")) | L64: =IF(L63="","",IFERROR(L63*$M64,"")) | M64: =VLOOKUP(A63,ORC!$D:$N,11,0) -> #N/A
A65: 26 | B65: =VLOOKUP(A65,ORC!$D:$N,2,0) -> #N/A | F65: % | M65: =SUM(G65:L65) -> 0
A66: =IFERROR(IF(B65<>"",100,B65),"") | F66: R$ | G66: =IF(G65="","",IFERROR(G65*$M66,"")) | H66: =IF(H65="","",IFERROR(H65*$M66,"")) | I66: =IF(I65="","",IFERROR(I65*$M66,"")) | J66: =IF(J65="","",IFERROR(J65*$M66,"")) | K66: =IF(K65="","",IFERROR(K65*$M66,"")) | L66: =IF(L65="","",IFERROR(L65*$M66,"")) | M66: =VLOOKUP(A65,ORC!$D:$N,11,0) -> #N/A
A67: 27 | B67: =VLOOKUP(A67,ORC!$D:$N,2,0) -> #N/A | F67: % | M67: =SUM(G67:L67) -> 0
A68: =IFERROR(IF(B67<>"",100,B67),"") | F68: R$ | G68: =IF(G67="","",IFERROR(G67*$M68,"")) | H68: =IF(H67="","",IFERROR(H67*$M68,"")) | I68: =IF(I67="","",IFERROR(I67*$M68,"")) | J68: =IF(J67="","",IFERROR(J67*$M68,"")) | K68: =IF(K67="","",IFERROR(K67*$M68,"")) | L68: =IF(L67="","",IFERROR(L67*$M68,"")) | M68: =VLOOKUP(A67,ORC!$D:$N,11,0) -> #N/A
A69: 28 | B69: =VLOOKUP(A69,ORC!$D:$N,2,0) -> #N/A | F69: % | M69: =SUM(G69:L69) -> 0
A70: =IFERROR(IF(B69<>"",100,B69),"") | F70: R$ | G70: =IF(G69="","",IFERROR(G69*$M70,"")) | H70: =IF(H69="","",IFERROR(H69*$M70,"")) | I70: =IF(I69="","",IFERROR(I69*$M70,"")) | J70: =IF(J69="","",IFERROR(J69*$M70,"")) | K70: =IF(K69="","",IFERROR(K69*$M70,"")) | L70: =IF(L69="","",IFERROR(L69*$M70,"")) | M70: =VLOOKUP(A69,ORC!$D:$N,11,0) -> #N/A
A71: 29 | B71: =VLOOKUP(A71,ORC!$D:$N,2,0) -> #N/A | F71: % | M71: =SUM(G71:L71) -> 0
A72: =IFERROR(IF(B71<>"",100,B71),"") | F72: R$ | G72: =IF(G71="","",IFERROR(G71*$M72,"")) | H72: =IF(H71="","",IFERROR(H71*$M72,"")) | I72: =IF(I71="","",IFERROR(I71*$M72,"")) | J72: =IF(J71="","",IFERROR(J71*$M72,"")) | K72: =IF(K71="","",IFERROR(K71*$M72,"")) | L72: =IF(L71="","",IFERROR(L71*$M72,"")) | M72: =VLOOKUP(A71,ORC!$D:$N,11,0) -> #N/A
A73: 30 | B73: =VLOOKUP(A73,ORC!$D:$N,2,0) -> #N/A | F73: % | M73: =SUM(G73:L73) -> 0
A74: =IFERROR(IF(B73<>"",100,B73),"") | F74: R$ | G74: =IF(G73="","",IFERROR(G73*$M74,"")) | H74: =IF(H73="","",IFERROR(H73*$M74,"")) | I74: =IF(I73="","",IFERROR(I73*$M74,"")) | J74: =IF(J73="","",IFERROR(J73*$M74,"")) | K74: =IF(K73="","",IFERROR(K73*$M74,"")) | L74: =IF(L73="","",IFERROR(L73*$M74,"")) | M74: =VLOOKUP(A73,ORC!$D:$N,11,0) -> #N/A
F77: Porcentagem | G77: =G78/$L$80 -> 0.095999478 | H77: =H78/$L$80 -> 0.082178982 | I77: =I78/$L$80 -> 0.082401446 | J77: =J78/$L$80 -> 0.21607801 | K77: =K78/$L$80 -> 0.29509025 | L77: =L78/$L$80 -> 0.22825183
F78: Custo | G78: =SUMIF($A:$A,100,G:G) -> 97285.171 | H78: =SUMIF($A:$A,100,H:H) -> 83279.581 | I78: =SUMIF($A:$A,100,I:I) -> 83505.024 | J78: =SUMIF($A:$A,100,J:J) -> 218971.89 | K78: =SUMIF($A:$A,100,K:K) -> 299042.31 | L78: =SUMIF($A:$A,100,L:L) -> 231308.74
F79: Porcentagem Acumulada | G79: =G77 -> 0.095999478 | H79: =G79+H77 -> 0.17817846 | I79: =H79+I77 -> 0.26057991 | J79: =I79+J77 -> 0.47665792 | K79: =J79+K77 -> 0.77174817 | L79: =K79+L77 -> 1
F80: Custo Acumulado | G80: =G78 -> 97285.171 | H80: =H78+G80 -> 180564.75 | I80: =I78+H80 -> 264069.78 | J80: =J78+I80 -> 483041.66 | K80: =K78+J80 -> 782083.97 | L80: =IF(L78+K80=ORC!M410,L78+K80,"ERRO") -> 1013392.7
F84: RESPONSÁVEL TÉCNICO | G84: =DADOS!D16 -> ALOISIO CAETANO FERREIRA
G85: =DADOS!D18 -> CREA - MG 97.132/D

Sheet CRO 7 meses
A2: CRONOGRAMA FÍSICO-FINANCEIRO | K2: Revisão: | L2: =DADOS!D6 -> R03 | M2: CRONOGRAMA FÍSICO-FINANCEIRO | Y2: Revisão: | Z2: =DADOS!$D$6 -> R03
K3: Data: | L3: =DADOS!D2 -> 46170 | Y3: Data: | Z3: =DADOS!$D$2 -> 46170
A4: Projeto: | D4: Responsável: | H4: Cliente: | K4: Bancos: | M4: Projeto: | P4: Responsável: | U4: Cliente: | Y4: Bancos:
A5: =DADOS!D8 -> REFORMA DO MURO DE FECHAMENTO DO CEMITÉRIO MUNICIPAL | K5: =DADOS!D14 -> SINAPI: 12/2025 Minas Gerais SETOP: 10/2025 Minas Gerais SICRO : 10/2025 Minas Gerais SUDECAP: 09/2025 Minas Gerais | M5: =DADOS!$D$8 -> REFORMA DO MURO DE FECHAMENTO DO CEMITÉRIO MUNICIPAL | Y5: =DADOS!$D$14 -> SINAPI: 12/2025 Minas Gerais SETOP: 10/2025 Minas Gerais SICRO : 10/2025 Minas Gerais SUDECAP: 09/2025 Minas Gerais
K8: BDI 1: | L8: =DADOS!D10 -> 0.2652 | Y8: BDI 1: | Z8: =DADOS!$D$10 -> 0.2652
K9: BDI 2: | L9: =DADOS!D12 -> - | Y9: BDI 2: | Z9: =DADOS!$D$12 -> -
A11: =A2&" DE "&DADOS!D20&" - "&A5 -> CRONOGRAMA FÍSICO-FINANCEIRO DE PROJETO EXECUTIVO - REFORMA DO MURO DE FECHAMENTO DO CEMITÉRIO MUNICIPAL | M11: =M2&" DE "&DADOS!$D$20&" - "&M5 -> CRONOGRAMA FÍSICO-FINANCEIRO DE PROJETO EXECUTIVO - REFORMA DO MURO DE FECHAMENTO DO CEMITÉRIO MUNICIPAL
A13: ITEM | B13: DESCRIÇÃO | F13: Unid. | G13: 30 DIAS | H13: 60 DIAS | I13: 90 DIAS | J13: 120 DIAS | K13: Total por Etapa | M13: ITEM | N13: DESCRIÇÃO | R13: Unid. | S13: 150 DIAS | U13: 180 DIAS | W13: 210 DIAS | Y13: Total por Etapa
A15: 1 | B15: =VLOOKUP(A15,ORC!$D:$N,2,0) -> ADMINISTRAÇÃO DE OBRA | F15: % | G15: 0.14 | H15: 0.14 | I15: 0.14 | J15: 0.14 | K15: =SUM(G15:J15)+SUM(S15:X15) -> 1 | M15: 1 | N15: =VLOOKUP(M15,ORC!$D:$N,2,0) -> ADMINISTRAÇÃO DE OBRA | R15: % | S15: 0.14 | U15: 0.15 | W15: 0.15 | Y15: =K15 -> 1
A16: =IFERROR(IF(B15<>"",100,B15),"") -> 100 | F16: R$ | G16: =IF(G15="","",IFERROR(G15*$K16,"")) -> 5600.1792 | H16: =IF(H15="","",IFERROR(H15*$K16,"")) -> 5600.1792 | I16: =IF(I15="","",IFERROR(I15*$K16,"")) -> 5600.1792 | J16: =IF(J15="","",IFERROR(J15*$K16,"")) -> 5600.1792 | K16: =VLOOKUP(A15,ORC!$D:$N,11,0) -> 40001.28 | M16: =IFERROR(IF(N15<>"",100,N15),"") -> 100 | R16: R$ | S16: =IF(S15="","",IFERROR(S15*$K16,"")) -> 5600.1792 | U16: =IF(U15="","",IFERROR(U15*$K16,"")) -> 6000.192 | W16: =IF(W15="","",IFERROR(W15*$K16,"")) -> 6000.192 | Y16: =K16 -> 40001.28
A17: 2 | B17: =VLOOKUP(A17,ORC!$D:$N,2,0) -> CANTEIRO DE OBRAS | F17: % | K17: =SUM(G17:J17)+SUM(S17:X17) -> 0 | M17: 2 | N17: =VLOOKUP(M17,ORC!$D:$N,2,0) -> CANTEIRO DE OBRAS | R17: % | Y17: =K17 -> 0
A18: =IFERROR(IF(B17<>"",100,B17),"") -> 100 | F18: R$ | G18: =IF(G17="","",IFERROR(G17*$K18,"")) | H18: =IF(H17="","",IFERROR(H17*$K18,"")) | I18: =IF(I17="","",IFERROR(I17*$K18,"")) | J18: =IF(J17="","",IFERROR(J17*$K18,"")) | K18: =VLOOKUP(A17,ORC!$D:$N,11,0) -> 50923.28 | M18: =IFERROR(IF(N17<>"",100,N17),"") -> 100 | R18: R$ | S18: =IF(S17="","",IFERROR(S17*$K18,"")) | U18: =IF(U17="","",IFERROR(U17*$K18,"")) | W18: =IF(W17="","",IFERROR(W17*$K18,"")) | Y18: =K18 -> 50923.28
A19: 3 | B19: =VLOOKUP(A19,ORC!$D:$N,2,0) -> SERVIÇOS PRELIMINARES | F19: % | K19: =SUM(G19:J19)+SUM(S19:X19) -> 0 | M19: 3 | N19: =VLOOKUP(M19,ORC!$D:$N,2,0) -> SERVIÇOS PRELIMINARES | R19: % | Y19: =K19 -> 0
A20: =IFERROR(IF(B19<>"",100,B19),"") -> 100 | F20: R$ | G20: =IF(G19="","",IFERROR(G19*$K20,"")) | H20: =IF(H19="","",IFERROR(H19*$K20,"")) | I20: =IF(I19="","",IFERROR(I19*$K20,"")) | J20: =IF(J19="","",IFERROR(J19*$K20,"")) | K20: =VLOOKUP(A19,ORC!$D:$N,11,0) -> 27642.8 | M20: =IFERROR(IF(N19<>"",100,N19),"") -> 100 | R20: R$ | S20: =IF(S19="","",IFERROR(S19*$K20,"")) | U20: =IF(U19="","",IFERROR(U19*$K20,"")) | W20: =IF(W19="","",IFERROR(W19*$K20,"")) | Y20: =K20 -> 27642.8
A21: 4 | B21: =VLOOKUP(A21,ORC!$D:$N,2,0) -> LIMPEZAS E DEMOLIÇÕES | F21: % | K21: =SUM(G21:J21)+SUM(S21:X21) -> 0 | M21: 4 | N21: =VLOOKUP(M21,ORC!$D:$N,2,0) -> LIMPEZAS E DEMOLIÇÕES | R21: % | Y21: =K21 -> 0
A22: =IFERROR(IF(B21<>"",100,B21),"") -> 100 | F22: R$ | G22: =IF(G21="","",IFERROR(G21*$K22,"")) | H22: =IF(H21="","",IFERROR(H21*$K22,"")) | I22: =IF(I21="","",IFERROR(I21*$K22,"")) | J22: =IF(J21="","",IFERROR(J21*$K22,"")) | K22: =VLOOKUP(A21,ORC!$D:$N,11,0) -> 57630.33 | M22: =IFERROR(IF(N21<>"",100,N21),"") -> 100 | R22: R$ | S22: =IF(S21="","",IFERROR(S21*$K22,"")) | U22: =IF(U21="","",IFERROR(U21*$K22,"")) | W22: =IF(W21="","",IFERROR(W21*$K22,"")) | Y22: =K22 -> 57630.33
A23: 5 | B23: =VLOOKUP(A23,ORC!$D:$N,2,0) -> MOVIMENTAÇÃO DE TERRA | F23: % | K23: =SUM(G23:J23)+SUM(S23:X23) -> 0 | M23: 5 | N23: =VLOOKUP(M23,ORC!$D:$N,2,0) -> MOVIMENTAÇÃO DE TERRA | R23: % | Y23: =K23 -> 0
A24: =IFERROR(IF(B23<>"",100,B23),"") -> 100 | F24: R$ | G24: =IF(G23="","",IFERROR(G23*$K24,"")) | H24: =IF(H23="","",IFERROR(H23*$K24,"")) | I24: =IF(I23="","",IFERROR(I23*$K24,"")) | J24: =IF(J23="","",IFERROR(J23*$K24,"")) | K24: =VLOOKUP(A23,ORC!$D:$N,11,0) -> 13842.54 | M24: =IFERROR(IF(N23<>"",100,N23),"") -> 100 | R24: R$ | S24: =IF(S23="","",IFERROR(S23*$K24,"")) | U24: =IF(U23="","",IFERROR(U23*$K24,"")) | W24: =IF(W23="","",IFERROR(W23*$K24,"")) | Y24: =K24 -> 13842.54
A25: 6 | B25: =VLOOKUP(A25,ORC!$D:$N,2,0) -> ESTRUTURA | F25: % | K25: =SUM(G25:J25)+SUM(S25:X25) -> 0 | M25: 6 | N25: =VLOOKUP(M25,ORC!$D:$N,2,0) -> ESTRUTURA | R25: % | Y25: =K25 -> 0
A26: =IFERROR(IF(B25<>"",100,B25),"") -> 100 | F26: R$ | G26: =IF(G25="","",IFERROR(G25*$K26,"")) | H26: =IF(H25="","",IFERROR(H25*$K26,"")) | I26: =IF(I25="","",IFERROR(I25*$K26,"")) | J26: =IF(J25="","",IFERROR(J25*$K26,"")) | K26: =VLOOKUP(A25,ORC!$D:$N,11,0) -> 262411.5 | M26: =IFERROR(IF(N25<>"",100,N25),"") -> 100 | R26: R$ | S26: =IF(S25="","",IFERROR(S25*$K26,"")) | U26: =IF(U25="","",IFERROR(U25*$K26,"")) | W26: =IF(W25="","",IFERROR(W25*$K26,"")) | Y26: =K26 -> 262411.5
A27: 7 | B27: =VLOOKUP(A27,ORC!$D:$N,2,0) -> ALVENARIA E REVESTIMENTO | F27: % | K27: =SUM(G27:J27)+SUM(S27:X27) -> 0 | M27: 7 | N27: =VLOOKUP(M27,ORC!$D:$N,2,0) -> ALVENARIA E REVESTIMENTO | R27: % | Y27: =K27 -> 0
A28: =IFERROR(IF(B27<>"",100,B27),"") -> 100 | F28: R$ | G28: =IF(G27="","",IFERROR(G27*$K28,"")) | H28: =IF(H27="","",IFERROR(H27*$K28,"")) | I28: =IF(I27="","",IFERROR(I27*$K28,"")) | J28: =IF(J27="","",IFERROR(J27*$K28,"")) | K28: =VLOOKUP(A27,ORC!$D:$N,11,0) -> 394647.94 | M28: =IFERROR(IF(N27<>"",100,N27),"") -> 100 | R28: R$ | S28: =IF(S27="","",IFERROR(S27*$K28,"")) | U28: =IF(U27="","",IFERROR(U27*$K28,"")) | W28: =IF(W27="","",IFERROR(W27*$K28,"")) | Y28: =K28 -> 394647.94
A29: 8 | B29: =VLOOKUP(A29,ORC!$D:$N,2,0) -> OBRAS COMPLEMENTARES | F29: % | K29: =SUM(G29:J29)+SUM(S29:X29) -> 0 | M29: 8 | N29: =VLOOKUP(M29,ORC!$D:$N,2,0) -> OBRAS COMPLEMENTARES | R29: % | Y29: =K29 -> 0
A30: =IFERROR(IF(B29<>"",100,B29),"") -> 100 | F30: R$ | G30: =IF(G29="","",IFERROR(G29*$K30,"")) | H30: =IF(H29="","",IFERROR(H29*$K30,"")) | I30: =IF(I29="","",IFERROR(I29*$K30,"")) | J30: =IF(J29="","",IFERROR(J29*$K30,"")) | K30: =VLOOKUP(A29,ORC!$D:$N,11,0) -> 145772.74 | M30: =IFERROR(IF(N29<>"",100,N29),"") -> 100 | R30: R$ | S30: =IF(S29="","",IFERROR(S29*$K30,"")) | U30: =IF(U29="","",IFERROR(U29*$K30,"")) | W30: =IF(W29="","",IFERROR(W29*$K30,"")) | Y30: =K30 -> 145772.74
A31: 9 | B31: =VLOOKUP(A31,ORC!$D:$N,2,0) -> LIMPEZA DE OBRA | F31: % | K31: =SUM(G31:J31)+SUM(S31:X31) -> 0 | M31: 9 | N31: =VLOOKUP(M31,ORC!$D:$N,2,0) -> LIMPEZA DE OBRA | R31: % | Y31: =K31 -> 0
A32: =IFERROR(IF(B31<>"",100,B31),"") -> 100 | F32: R$ | G32: =IF(G31="","",IFERROR(G31*$K32,"")) | H32: =IF(H31="","",IFERROR(H31*$K32,"")) | I32: =IF(I31="","",IFERROR(I31*$K32,"")) | J32: =IF(J31="","",IFERROR(J31*$K32,"")) | K32: =VLOOKUP(A31,ORC!$D:$N,11,0) -> 20520.3 | M32: =IFERROR(IF(N31<>"",100,N31),"") -> 100 | R32: R$ | S32: =IF(S31="","",IFERROR(S31*$K32,"")) | U32: =IF(U31="","",IFERROR(U31*$K32,"")) | W32: =IF(W31="","",IFERROR(W31*$K32,"")) | Y32: =K32 -> 20520.3
A33: 10 | B33: =VLOOKUP(A33,ORC!$D:$N,2,0) -> #N/A | F33: % | K33: =SUM(G33:J33)+SUM(S33:X33) -> 0 | M33: 10 | N33: =VLOOKUP(M33,ORC!$D:$N,2,0) -> #N/A | R33: % | Y33: =K33 -> 0
A34: =IFERROR(IF(B33<>"",100,B33),"") | F34: R$ | G34: =IF(G33="","",IFERROR(G33*$K34,"")) | H34: =IF(H33="","",IFERROR(H33*$K34,"")) | I34: =IF(I33="","",IFERROR(I33*$K34,"")) | J34: =IF(J33="","",IFERROR(J33*$K34,"")) | K34: =VLOOKUP(A33,ORC!$D:$N,11,0) -> #N/A | M34: =IFERROR(IF(N33<>"",100,N33),"") | R34: R$ | S34: =IF(S33="","",IFERROR(S33*$K34,"")) | U34: =IF(U33="","",IFERROR(U33*$K34,"")) | W34: =IF(W33="","",IFERROR(W33*$K34,"")) | Y34: =K34 -> #N/A
A35: 11 | B35: =VLOOKUP(A35,ORC!$D:$N,2,0) -> #N/A | F35: % | K35: =SUM(G35:J35)+SUM(S35:X35) -> 0 | M35: 11 | N35: =VLOOKUP(M35,ORC!$D:$N,2,0) -> #N/A | R35: % | Y35: =K35 -> 0
A36: =IFERROR(IF(B35<>"",100,B35),"") | F36: R$ | G36: =IF(G35="","",IFERROR(G35*$K36,"")) | H36: =IF(H35="","",IFERROR(H35*$K36,"")) | I36: =IF(I35="","",IFERROR(I35*$K36,"")) | J36: =IF(J35="","",IFERROR(J35*$K36,"")) | K36: =VLOOKUP(A35,ORC!$D:$N,11,0) -> #N/A | M36: =IFERROR(IF(N35<>"",100,N35),"") | R36: R$ | S36: =IF(S35="","",IFERROR(S35*$K36,"")) | U36: =IF(U35="","",IFERROR(U35*$K36,"")) | W36: =IF(W35="","",IFERROR(W35*$K36,"")) | Y36: =K36 -> #N/A
A37: 12 | B37: =VLOOKUP(A37,ORC!$D:$N,2,0) -> #N/A | F37: % | K37: =SUM(G37:J37)+SUM(S37:X37) -> 0 | M37: 12 | N37: =VLOOKUP(M37,ORC!$D:$N,2,0) -> #N/A | R37: % | Y37: =K37 -> 0
A38: =IFERROR(IF(B37<>"",100,B37),"") | F38: R$ | G38: =IF(G37="","",IFERROR(G37*$K38,"")) | H38: =IF(H37="","",IFERROR(H37*$K38,"")) | I38: =IF(I37="","",IFERROR(I37*$K38,"")) | J38: =IF(J37="","",IFERROR(J37*$K38,"")) | K38: =VLOOKUP(A37,ORC!$D:$N,11,0) -> #N/A | M38: =IFERROR(IF(N37<>"",100,N37),"") | R38: R$ | S38: =IF(S37="","",IFERROR(S37*$K38,"")) | U38: =IF(U37="","",IFERROR(U37*$K38,"")) | W38: =IF(W37="","",IFERROR(W37*$K38,"")) | Y38: =K38 -> #N/A
A39: 13 | B39: =VLOOKUP(A39,ORC!$D:$N,2,0) -> #N/A | F39: % | K39: =SUM(G39:J39)+SUM(S39:X39) -> 0 | M39: 13 | N39: =VLOOKUP(M39,ORC!$D:$N,2,0) -> #N/A | R39: % | Y39: =K39 -> 0
A40: =IFERROR(IF(B39<>"",100,B39),"") | F40: R$ | G40: =IF(G39="","",IFERROR(G39*$K40,"")) | H40: =IF(H39="","",IFERROR(H39*$K40,"")) | I40: =IF(I39="","",IFERROR(I39*$K40,"")) | J40: =IF(J39="","",IFERROR(J39*$K40,"")) | K40: =VLOOKUP(A39,ORC!$D:$N,11,0) -> #N/A | M40: =IFERROR(IF(N39<>"",100,N39),"") | R40: R$ | S40: =IF(S39="","",IFERROR(S39*$M40,"")) | U40: =IF(U39="","",IFERROR(U39*$M40,"")) | W40: =IF(W39="","",IFERROR(W39*$M40,"")) | Y40: =K40 -> #N/A
A41: 14 | B41: =VLOOKUP(A41,ORC!$D:$N,2,0) -> #N/A | F41: % | K41: =SUM(G41:J41)+SUM(S41:X41) -> 0 | M41: 14 | N41: =VLOOKUP(M41,ORC!$D:$N,2,0) -> #N/A | R41: % | Y41: =K41 -> 0
A42: =IFERROR(IF(B41<>"",100,B41),"") | F42: R$ | G42: =IF(G41="","",IFERROR(G41*$K42,"")) | H42: =IF(H41="","",IFERROR(H41*$K42,"")) | I42: =IF(I41="","",IFERROR(I41*$K42,"")) | J42: =IF(J41="","",IFERROR(J41*$K42,"")) | K42: =VLOOKUP(A41,ORC!$D:$N,11,0) -> #N/A | M42: =IFERROR(IF(N41<>"",100,N41),"") | R42: R$ | S42: =IF(S41="","",IFERROR(S41*$M42,"")) | U42: =IF(U41="","",IFERROR(U41*$M42,"")) | W42: =IF(W41="","",IFERROR(W41*$M42,"")) | Y42: =K42 -> #N/A
A43: 15 | B43: =VLOOKUP(A43,ORC!$D:$N,2,0) -> #N/A | F43: % | K43: =SUM(G43:J43)+SUM(S43:X43) -> 0 | M43: 15 | N43: =VLOOKUP(M43,ORC!$D:$N,2,0) -> #N/A | R43: % | Y43: =K43 -> 0
A44: =IFERROR(IF(B43<>"",100,B43),"") | F44: R$ | G44: =IF(G43="","",IFERROR(G43*$K44,"")) | H44: =IF(H43="","",IFERROR(H43*$K44,"")) | I44: =IF(I43="","",IFERROR(I43*$K44,"")) | J44: =IF(J43="","",IFERROR(J43*$K44,"")) | K44: =VLOOKUP(A43,ORC!$D:$N,11,0) -> #N/A | M44: =IFERROR(IF(N43<>"",100,N43),"") | R44: R$ | S44: =IF(S43="","",IFERROR(S43*$M44,"")) | U44: =IF(U43="","",IFERROR(U43*$M44,"")) | W44: =IF(W43="","",IFERROR(W43*$M44,"")) | Y44: =K44 -> #N/A
A45: 16 | B45: =VLOOKUP(A45,ORC!$D:$N,2,0) -> #N/A | F45: % | K45: =SUM(G45:J45)+SUM(S45:X45) -> 0 | M45: 16 | N45: =VLOOKUP(M45,ORC!$D:$N,2,0) -> #N/A | R45: % | Y45: =K45 -> 0
A46: =IFERROR(IF(B45<>"",100,B45),"") | F46: R$ | G46: =IF(G45="","",IFERROR(G45*$K46,"")) | H46: =IF(H45="","",IFERROR(H45*$K46,"")) | I46: =IF(I45="","",IFERROR(I45*$K46,"")) | J46: =IF(J45="","",IFERROR(J45*$K46,"")) | K46: =VLOOKUP(A45,ORC!$D:$N,11,0) -> #N/A | M46: =IFERROR(IF(N45<>"",100,N45),"") | R46: R$ | S46: =IF(S45="","",IFERROR(S45*$M46,"")) | U46: =IF(U45="","",IFERROR(U45*$M46,"")) | W46: =IF(W45="","",IFERROR(W45*$M46,"")) | Y46: =K46 -> #N/A
A47: 17 | B47: =VLOOKUP(A47,ORC!$D:$N,2,0) -> #N/A | F47: % | K47: =SUM(G47:J47)+SUM(S47:X47) -> 0 | M47: 17 | N47: =VLOOKUP(M47,ORC!$D:$N,2,0) -> #N/A | R47: % | Y47: =K47 -> 0
A48: =IFERROR(IF(B47<>"",100,B47),"") | F48: R$ | G48: =IF(G47="","",IFERROR(G47*$K48,"")) | H48: =IF(H47="","",IFERROR(H47*$K48,"")) | I48: =IF(I47="","",IFERROR(I47*$K48,"")) | J48: =IF(J47="","",IFERROR(J47*$K48,"")) | K48: =VLOOKUP(A47,ORC!$D:$N,11,0) -> #N/A | M48: =IFERROR(IF(N47<>"",100,N47),"") | R48: R$ | S48: =IF(S47="","",IFERROR(S47*$M48,"")) | U48: =IF(U47="","",IFERROR(U47*$M48,"")) | W48: =IF(W47="","",IFERROR(W47*$M48,"")) | Y48: =K48 -> #N/A
A49: 18 | B49: =VLOOKUP(A49,ORC!$D:$N,2,0) -> #N/A | F49: % | K49: =SUM(G49:J49)+SUM(S49:X49) -> 0 | M49: 18 | N49: =VLOOKUP(M49,ORC!$D:$N,2,0) -> #N/A | R49: % | Y49: =K49 -> 0
A50: =IFERROR(IF(B49<>"",100,B49),"") | F50: R$ | G50: =IF(G49="","",IFERROR(G49*$K50,"")) | H50: =IF(H49="","",IFERROR(H49*$K50,"")) | I50: =IF(I49="","",IFERROR(I49*$K50,"")) | J50: =IF(J49="","",IFERROR(J49*$K50,"")) | K50: =VLOOKUP(A49,ORC!$D:$N,11,0) -> #N/A | M50: =IFERROR(IF(N49<>"",100,N49),"") | R50: R$ | S50: =IF(S49="","",IFERROR(S49*$M50,"")) | U50: =IF(U49="","",IFERROR(U49*$M50,"")) | W50: =IF(W49="","",IFERROR(W49*$M50,"")) | Y50: =K50 -> #N/A
A51: 19 | B51: =VLOOKUP(A51,ORC!$D:$N,2,0) -> #N/A | F51: % | K51: =SUM(G51:J51)+SUM(S51:X51) -> 0 | M51: 19 | N51: =VLOOKUP(M51,ORC!$D:$N,2,0) -> #N/A | R51: % | Y51: =K51 -> 0
A52: =IFERROR(IF(B51<>"",100,B51),"") | F52: R$ | G52: =IF(G51="","",IFERROR(G51*$K52,"")) | H52: =IF(H51="","",IFERROR(H51*$K52,"")) | I52: =IF(I51="","",IFERROR(I51*$K52,"")) | J52: =IF(J51="","",IFERROR(J51*$K52,"")) | K52: =VLOOKUP(A51,ORC!$D:$N,11,0) -> #N/A | M52: =IFERROR(IF(N51<>"",100,N51),"") | R52: R$ | S52: =IF(S51="","",IFERROR(S51*$M52,"")) | U52: =IF(U51="","",IFERROR(U51*$M52,"")) | W52: =IF(W51="","",IFERROR(W51*$M52,"")) | Y52: =K52 -> #N/A
A53: 20 | B53: =VLOOKUP(A53,ORC!$D:$N,2,0) -> #N/A | F53: % | K53: =SUM(G53:J53)+SUM(S53:X53) -> 0 | M53: 20 | N53: =VLOOKUP(M53,ORC!$D:$N,2,0) -> #N/A | R53: % | Y53: =K53 -> 0
A54: =IFERROR(IF(B53<>"",100,B53),"") | F54: R$ | G54: =IF(G53="","",IFERROR(G53*$K54,"")) | H54: =IF(H53="","",IFERROR(H53*$K54,"")) | I54: =IF(I53="","",IFERROR(I53*$K54,"")) | J54: =IF(J53="","",IFERROR(J53*$K54,"")) | K54: =VLOOKUP(A53,ORC!$D:$N,11,0) -> #N/A | M54: =IFERROR(IF(N53<>"",100,N53),"") | R54: R$ | S54: =IF(S53="","",IFERROR(S53*$M54,"")) | U54: =IF(U53="","",IFERROR(U53*$M54,"")) | W54: =IF(W53="","",IFERROR(W53*$M54,"")) | Y54: =K54 -> #N/A
A55: 21 | B55: =VLOOKUP(A55,ORC!$D:$N,2,0) -> #N/A | F55: % | K55: =SUM(G55:J55)+SUM(S55:X55) -> 0 | M55: 21 | N55: =VLOOKUP(M55,ORC!$D:$N,2,0) -> #N/A | R55: % | Y55: =K55 -> 0
A56: =IFERROR(IF(B55<>"",100,B55),"") | F56: R$ | G56: =IF(G55="","",IFERROR(G55*$K56,"")) | H56: =IF(H55="","",IFERROR(H55*$K56,"")) | I56: =IF(I55="","",IFERROR(I55*$K56,"")) | J56: =IF(J55="","",IFERROR(J55*$K56,"")) | K56: =VLOOKUP(A55,ORC!$D:$N,11,0) -> #N/A | M56: =IFERROR(IF(N55<>"",100,N55),"") | R56: R$ | S56: =IF(S55="","",IFERROR(S55*$M56,"")) | U56: =IF(U55="","",IFERROR(U55*$M56,"")) | W56: =IF(W55="","",IFERROR(W55*$M56,"")) | Y56: =K56 -> #N/A
A57: 22 | B57: =VLOOKUP(A57,ORC!$D:$N,2,0) -> #N/A | F57: % | K57: =SUM(G57:J57)+SUM(S57:X57) -> 0 | M57: 22 | N57: =VLOOKUP(M57,ORC!$D:$N,2,0) -> #N/A | R57: % | Y57: =K57 -> 0
A58: =IFERROR(IF(B57<>"",100,B57),"") | F58: R$ | G58: =IF(G57="","",IFERROR(G57*$K58,"")) | H58: =IF(H57="","",IFERROR(H57*$K58,"")) | I58: =IF(I57="","",IFERROR(I57*$K58,"")) | J58: =IF(J57="","",IFERROR(J57*$K58,"")) | K58: =VLOOKUP(A57,ORC!$D:$N,11,0) -> #N/A | M58: =IFERROR(IF(N57<>"",100,N57),"") | R58: R$ | S58: =IF(S57="","",IFERROR(S57*$M58,"")) | U58: =IF(U57="","",IFERROR(U57*$M58,"")) | W58: =IF(W57="","",IFERROR(W57*$M58,"")) | Y58: =K58 -> #N/A
A59: 23 | B59: =VLOOKUP(A59,ORC!$D:$N,2,0) -> #N/A | F59: % | K59: =SUM(G59:J59)+SUM(S59:X59) -> 0 | M59: 23 | N59: =VLOOKUP(M59,ORC!$D:$N,2,0) -> #N/A | R59: % | Y59: =K59 -> 0
A60: =IFERROR(IF(B59<>"",100,B59),"") | F60: R$ | G60: =IF(G59="","",IFERROR(G59*$K60,"")) | H60: =IF(H59="","",IFERROR(H59*$K60,"")) | I60: =IF(I59="","",IFERROR(I59*$K60,"")) | J60: =IF(J59="","",IFERROR(J59*$K60,"")) | K60: =VLOOKUP(A59,ORC!$D:$N,11,0) -> #N/A | M60: =IFERROR(IF(N59<>"",100,N59),"") | R60: R$ | S60: =IF(S59="","",IFERROR(S59*$M60,"")) | U60: =IF(U59="","",IFERROR(U59*$M60,"")) | W60: =IF(W59="","",IFERROR(W59*$M60,"")) | Y60: =K60 -> #N/A
A61: 24 | B61: =VLOOKUP(A61,ORC!$D:$N,2,0) -> #N/A | F61: % | K61: =SUM(G61:J61)+SUM(S61:X61) -> 0 | M61: 24 | N61: =VLOOKUP(M61,ORC!$D:$N,2,0) -> #N/A | R61: % | Y61: =K61 -> 0
A62: =IFERROR(IF(B61<>"",100,B61),"") | F62: R$ | G62: =IF(G61="","",IFERROR(G61*$K62,"")) | H62: =IF(H61="","",IFERROR(H61*$K62,"")) | I62: =IF(I61="","",IFERROR(I61*$K62,"")) | J62: =IF(J61="","",IFERROR(J61*$K62,"")) | K62: =VLOOKUP(A61,ORC!$D:$N,11,0) -> #N/A | M62: =IFERROR(IF(N61<>"",100,N61),"") | R62: R$ | S62: =IF(S61="","",IFERROR(S61*$M62,"")) | U62: =IF(U61="","",IFERROR(U61*$M62,"")) | W62: =IF(W61="","",IFERROR(W61*$M62,"")) | Y62: =K62 -> #N/A
A63: 25 | B63: =VLOOKUP(A63,ORC!$D:$N,2,0) -> #N/A | F63: % | K63: =SUM(G63:J63)+SUM(S63:X63) -> 0 | M63: 25 | N63: =VLOOKUP(M63,ORC!$D:$N,2,0) -> #N/A | R63: % | Y63: =K63 -> 0
A64: =IFERROR(IF(B63<>"",100,B63),"") | F64: R$ | G64: =IF(G63="","",IFERROR(G63*$K64,"")) | H64: =IF(H63="","",IFERROR(H63*$K64,"")) | I64: =IF(I63="","",IFERROR(I63*$K64,"")) | J64: =IF(J63="","",IFERROR(J63*$K64,"")) | K64: =VLOOKUP(A63,ORC!$D:$N,11,0) -> #N/A | M64: =IFERROR(IF(N63<>"",100,N63),"") | R64: R$ | S64: =IF(S63="","",IFERROR(S63*$M64,"")) | U64: =IF(U63="","",IFERROR(U63*$M64,"")) | W64: =IF(W63="","",IFERROR(W63*$M64,"")) | Y64: =K64 -> #N/A
A65: 26 | B65: =VLOOKUP(A65,ORC!$D:$N,2,0) -> #N/A | F65: % | K65: =SUM(G65:J65)+SUM(S65:X65) -> 0 | M65: 26 | N65: =VLOOKUP(M65,ORC!$D:$N,2,0) -> #N/A | R65: % | Y65: =K65 -> 0
A66: =IFERROR(IF(B65<>"",100,B65),"") | F66: R$ | G66: =IF(G65="","",IFERROR(G65*$K66,"")) | H66: =IF(H65="","",IFERROR(H65*$K66,"")) | I66: =IF(I65="","",IFERROR(I65*$K66,"")) | J66: =IF(J65="","",IFERROR(J65*$K66,"")) | K66: =VLOOKUP(A65,ORC!$D:$N,11,0) -> #N/A | M66: =IFERROR(IF(N65<>"",100,N65),"") | R66: R$ | S66: =IF(S65="","",IFERROR(S65*$M66,"")) | U66: =IF(U65="","",IFERROR(U65*$M66,"")) | W66: =IF(W65="","",IFERROR(W65*$M66,"")) | Y66: =K66 -> #N/A
A67: 27 | B67: =VLOOKUP(A67,ORC!$D:$N,2,0) -> #N/A | F67: % | K67: =SUM(G67:J67)+SUM(S67:X67) -> 0 | M67: 27 | N67: =VLOOKUP(M67,ORC!$D:$N,2,0) -> #N/A | R67: % | Y67: =K67 -> 0
A68: =IFERROR(IF(B67<>"",100,B67),"") | F68: R$ | G68: =IF(G67="","",IFERROR(G67*$K68,"")) | H68: =IF(H67="","",IFERROR(H67*$K68,"")) | I68: =IF(I67="","",IFERROR(I67*$K68,"")) | J68: =IF(J67="","",IFERROR(J67*$K68,"")) | K68: =VLOOKUP(A67,ORC!$D:$N,11,0) -> #N/A | M68: =IFERROR(IF(N67<>"",100,N67),"") | R68: R$ | S68: =IF(S67="","",IFERROR(S67*$M68,"")) | U68: =IF(U67="","",IFERROR(U67*$M68,"")) | W68: =IF(W67="","",IFERROR(W67*$M68,"")) | Y68: =K68 -> #N/A
A69: 28 | B69: =VLOOKUP(A69,ORC!$D:$N,2,0) -> #N/A | F69: % | K69: =SUM(G69:J69)+SUM(S69:X69) -> 0 | M69: 28 | N69: =VLOOKUP(M69,ORC!$D:$N,2,0) -> #N/A | R69: % | Y69: =K69 -> 0
A70: =IFERROR(IF(B69<>"",100,B69),"") | F70: R$ | G70: =IF(G69="","",IFERROR(G69*$K70,"")) | H70: =IF(H69="","",IFERROR(H69*$K70,"")) | I70: =IF(I69="","",IFERROR(I69*$K70,"")) | J70: =IF(J69="","",IFERROR(J69*$K70,"")) | K70: =VLOOKUP(A69,ORC!$D:$N,11,0) -> #N/A | M70: =IFERROR(IF(N69<>"",100,N69),"") | R70: R$ | S70: =IF(S69="","",IFERROR(S69*$M70,"")) | U70: =IF(U69="","",IFERROR(U69*$M70,"")) | W70: =IF(W69="","",IFERROR(W69*$M70,"")) | Y70: =K70 -> #N/A
A71: 29 | B71: =VLOOKUP(A71,ORC!$D:$N,2,0) -> #N/A | F71: % | K71: =SUM(G71:J71)+SUM(S71:X71) -> 0 | M71: 29 | N71: =VLOOKUP(M71,ORC!$D:$N,2,0) -> #N/A | R71: % | Y71: =K71 -> 0
A72: =IFERROR(IF(B71<>"",100,B71),"") | F72: R$ | G72: =IF(G71="","",IFERROR(G71*$K72,"")) | H72: =IF(H71="","",IFERROR(H71*$K72,"")) | I72: =IF(I71="","",IFERROR(I71*$K72,"")) | J72: =IF(J71="","",IFERROR(J71*$K72,"")) | K72: =VLOOKUP(A71,ORC!$D:$N,11,0) -> #N/A | M72: =IFERROR(IF(N71<>"",100,N71),"") | R72: R$ | S72: =IF(S71="","",IFERROR(S71*$M72,"")) | U72: =IF(U71="","",IFERROR(U71*$M72,"")) | W72: =IF(W71="","",IFERROR(W71*$M72,"")) | Y72: =K72 -> #N/A
A73: 30 | B73: =VLOOKUP(A73,ORC!$D:$N,2,0) -> #N/A | F73: % | K73: =SUM(G73:J73)+SUM(S73:X73) -> 0 | M73: 30 | N73: =VLOOKUP(M73,ORC!$D:$N,2,0) -> #N/A | R73: % | Y73: =K73 -> 0
A74: =IFERROR(IF(B73<>"",100,B73),"") | F74: R$ | G74: =IF(G73="","",IFERROR(G73*$K74,"")) | H74: =IF(H73="","",IFERROR(H73*$K74,"")) | I74: =IF(I73="","",IFERROR(I73*$K74,"")) | J74: =IF(J73="","",IFERROR(J73*$K74,"")) | K74: =VLOOKUP(A73,ORC!$D:$N,11,0) -> #N/A | M74: =IFERROR(IF(N73<>"",100,N73),"") | R74: R$ | S74: =IF(S73="","",IFERROR(S73*$M74,"")) | U74: =IF(U73="","",IFERROR(U73*$M74,"")) | W74: =IF(W73="","",IFERROR(W73*$M74,"")) | Y74: =K74 -> #N/A
F76: Porcentagem | G76: =G77/$W$79 -> #VALUE! | H76: =H77/$W$79 -> #VALUE! | I76: =I77/$W$79 -> #VALUE! | J76: =J77/$W$79 -> #VALUE! | R76: Porcentagem | S76: =S77/$W$79 -> #VALUE! | U76: =U77/$W$79 -> #VALUE! | W76: =W77/$W$79 -> #VALUE!
F77: Custo | G77: =SUMIF($A:$A,100,G:G) -> 5600.1792 | H77: =SUMIF($A:$A,100,H:H) -> 5600.1792 | I77: =SUMIF($A:$A,100,I:I) -> 5600.1792 | J77: =SUMIF($A:$A,100,J:J) -> 5600.1792 | R77: Custo | S77: =SUMIF($A:$A,100,S:S) -> 5600.1792 | U77: =SUMIF($A:$A,100,U:U) -> 6000.192 | W77: =SUMIF($A:$A,100,W:W) -> 6000.192
F78: Porcentagem Acumulada | G78: =G76 -> #VALUE! | H78: =G78+H76 -> #VALUE! | I78: =H78+I76 -> #VALUE! | J78: =I78+J76 -> #VALUE! | R78: Porcentagem Acumulada | S78: =S76+J78 -> #VALUE! | U78: =U76+S78 -> #VALUE! | W78: =W76+U78 -> #VALUE!
F79: Custo Acumulado | G79: =G77 -> 5600.1792 | H79: =H77+G79 -> 11200.358 | I79: =I77+H79 -> 16800.538 | J79: =J77+I79 -> 22400.717 | R79: Custo Acumulado | S79: =S77+J79 -> 28000.896 | U79: =U77+S79 -> 34001.088 | W79: =IF(W77+U79=ORC!M410,W77+U79,"ERRO") -> ERRO
F83: RESPONSÁVEL TÉCNICO | G83: =DADOS!D16 -> ALOISIO CAETANO FERREIRA | R83: RESPONSÁVEL TÉCNICO | S83: =DADOS!$D$16 -> ALOISIO CAETANO FERREIRA
G84: =DADOS!D18 -> CREA - MG 97.132/D | S84: =DADOS!$D$18 -> CREA - MG 97.132/D

Sheet CRO 12 meses
A2: CRONOGRAMA FÍSICO-FINANCEIRO | M2: Revisão: | N2: =DADOS!$D$6 -> R03 | O2: CRONOGRAMA FÍSICO-FINANCEIRO | AA2: Revisão: | AB2: =DADOS!$D$6 -> R03
M3: Data: | N3: =DADOS!$D$2 -> 46170 | AA3: Data: | AB3: =DADOS!$D$2 -> 46170
A4: Projeto: | D4: Responsável: | I4: Cliente: | M4: Bancos: | O4: Projeto: | R4: Responsável: | W4: Cliente: | AA4: Bancos:
A5: =DADOS!$D$8 -> REFORMA DO MURO DE FECHAMENTO DO CEMITÉRIO MUNICIPAL | M5: =DADOS!$D$14 -> SINAPI: 12/2025 Minas Gerais SETOP: 10/2025 Minas Gerais SICRO : 10/2025 Minas Gerais SUDECAP: 09/2025 Minas Gerais | O5: =DADOS!$D$8 -> REFORMA DO MURO DE FECHAMENTO DO CEMITÉRIO MUNICIPAL | AA5: =DADOS!$D$14 -> SINAPI: 12/2025 Minas Gerais SETOP: 10/2025 Minas Gerais SICRO : 10/2025 Minas Gerais SUDECAP: 09/2025 Minas Gerais
M8: BDI 1: | N8: =DADOS!$D$10 -> 0.2652 | AA8: BDI 1: | AB8: =DADOS!$D$10 -> 0.2652
M9: BDI 2: | N9: =DADOS!$D$12 -> - | AA9: BDI 2: | AB9: =DADOS!$D$12 -> -
A11: =A2&" DE "&DADOS!D20&" - "&A5 -> CRONOGRAMA FÍSICO-FINANCEIRO DE PROJETO EXECUTIVO - REFORMA DO MURO DE FECHAMENTO DO CEMITÉRIO MUNICIPAL | O11: =O2&" DE "&DADOS!D20&" - "&O5 -> CRONOGRAMA FÍSICO-FINANCEIRO DE PROJETO EXECUTIVO - REFORMA DO MURO DE FECHAMENTO DO CEMITÉRIO MUNICIPAL
A13: ITEM | B13: DESCRIÇÃO | F13: Unid. | G13: 30 DIAS | H13: 60 DIAS | I13: 90 DIAS | J13: 120 DIAS | K13: 150 DIAS | L13: 180 DIAS | M13: Total por Etapa | O13: ITEM | P13: DESCRIÇÃO | T13: Unid. | U13: 210 DIAS | V13: 240 DIAS | W13: 270 DIAS | X13: 300 DIAS | Y13: 330 DIAS | Z13: 360 DIAS | AA13: Total por Etapa
A15: 1 | B15: =VLOOKUP(A15,ORC!$D:$N,2,0) -> ADMINISTRAÇÃO DE OBRA | F15: % | G15: 0.09 | H15: 0.09 | I15: 0.09 | J15: 0.09 | K15: 0.08 | L15: 0.08 | M15: =SUM(G15:L15)+SUM(U15:Z15) -> 1 | O15: 1 | P15: =VLOOKUP(O15,ORC!$D:$N,2,0) -> ADMINISTRAÇÃO DE OBRA | T15: % | U15: 0.08 | V15: 0.08 | W15: 0.08 | X15: 0.08 | Y15: 0.08 | Z15: 0.08 | AA15: =M15 -> 1
A16: =IFERROR(IF(B15<>"",100,B15),"") -> 100 | F16: R$ | G16: =IF(G15="","",IFERROR(G15*$M16,"")) -> 3600.1152 | H16: =IF(H15="","",IFERROR(H15*$M16,"")) -> 3600.1152 | I16: =IF(I15="","",IFERROR(I15*$M16,"")) -> 3600.1152 | J16: =IF(J15="","",IFERROR(J15*$M16,"")) -> 3600.1152 | K16: =IF(K15="","",IFERROR(K15*$M16,"")) -> 3200.1024 | L16: =IF(L15="","",IFERROR(L15*$M16,"")) -> 3200.1024 | M16: =VLOOKUP(A15,ORC!$D:$N,11,0) -> 40001.28 | O16: =IFERROR(IF(P15<>"",100,P15),"") -> 100 | T16: R$ | U16: =IF(U15="","",IFERROR(U15*$M16,"")) -> 3200.1024 | V16: =IF(V15="","",IFERROR(V15*$M16,"")) -> 3200.1024 | W16: =IF(W15="","",IFERROR(W15*$M16,"")) -> 3200.1024 | X16: =IF(X15="","",IFERROR(X15*$M16,"")) -> 3200.1024 | Y16: =IF(Y15="","",IFERROR(Y15*$M16,"")) -> 3200.1024 | Z16: =IF(Z15="","",IFERROR(Z15*$M16,"")) -> 3200.1024 | AA16: =M16 -> 40001.28
A17: 2 | B17: =VLOOKUP(A17,ORC!$D:$N,2,0) -> CANTEIRO DE OBRAS | F17: % | G17: 1 | M17: =SUM(G17:L17)+SUM(U17:Z17) -> 1 | O17: 2 | P17: =VLOOKUP(O17,ORC!$D:$N,2,0) -> CANTEIRO DE OBRAS | T17: % | AA17: =M17 -> 1
